Workbook
Name COMBINED: '[1]Table 1'!$A$3:$K$3

Sheet S1-Study QC
A1: Supplementary Table 1. Study design, number of individuals and sample quality control for genome-wide association studies and metabochip studies
A2: Study | B2: Full name | C2: Study design | D2: Ethnicity | E2: Total sample size (N) | F2: Sample QC | H2: Samples in analyses (N) (Trait - Cases/Controls) | I2: Anthropometric assessment method | J2: References
F3: Call rate* | G3: Other exclusions
A4: Previous genome-wide association studies (Speliotes et al., 2010)
A5: AGES | B5: Age, Gene/Environment Susceptibility-Reykjavik Study | C5: Population-based | D5: white European | E5: 3219 | F5: ≥ 97% | G5: 1) Mismatch with previous genotypes 2) Remove A/T & G/C SNPs 3) Remove SNPs not in HapMap | H5: 3207 | I5: measured | J5: [PMID: 17351290] Harris et al. Age, Gene/Environment Susceptibility-Reykjavik Study: multidisciplinary applied phenomics. American Journal of Epidemiology (2007) vol. 165 (9) pp. 1076-87
A6: Amish HAPI Heart Study | B6: Amish Heredity and Phenotype Intervention Heart Study | C6: Founder population | D6: white European | E6: 915 | F6: ≥ 93% | G6: 1) Misidentified pedigree relationships 2) Misidentified sex | H6: 905 | I6: measured | J6: [PMCID: PMC2443415] Mitchell BD, McArdle PF, Shen H, et al. The genetic response to short-term interventions affecting cardiovascular function: Rationale and design of the Heredity and Phenotype Intervention (HAPI) Heart Study. Am Heart J 823:828, 2008 [PMID: 18779467] Rampersaud E, Mitchell BD, Pollin TI, et al. Physical Activity and the Association of common FTO Gene Variants with Body Mass Index and Obesity.Arch Intern Med 168:1791-1797,2008
A7: ARIC | B7: Atherosclerosis Risk in Communities Study | C7: Population-based | D7: white European | E7: 15792 | F7: ≥ 90% | G7: 1) Sex/gender mismatch 2) Discordant genotype with earlier TaqMan genotyping. If >10/47 genotypes discordant -> exclude 3) First-degree relative 4) PC>8SD in Eigenstrat run (10 iterations with 10 PCs) 5) Outlier based on average IBS 6) Missing body weight or height | H7: 8108 | I7: measured | J7: [PMID: 2646917] Atherosclerosis Risk in Communities (ARIC) Study: design and objectives. 1989. ARIC Investigators. Am. J. Epidemiol. 129: 687-702. [PMID: 19557197] Heard-Costa, NL et al. NRXN3 is a novel locus for waist circumference: a genome-wide association study from the CHARGE Consortium. 2009. Plos Genet. 5(6): e1000539.
A8: B58C (T1DGC) | B8: British 1958 birth cohort (Type 1 Diabetes Genetic Consortium controls) | C8: Population-based | D8: white European | E8: 2592 | F8: ≥ 98% | G8: 1) Contamination 2) Non-European identity 3) Missing body weight and height | H8: 2587 | I8: measured | J8: [PMID: 17255346] Strachan DP, et al. Lifecourse influences on health among British adults: effects of region of residence in childhood and adulthood. Int J Epidemiol 2007;36:522-531. [PMID: 19430480] Barrett JC, The Type 1 Diabetes Genetics Consortium, et al. Genome-wide association study and meta-analysis find that over 40 loci affect risk of type 1 diabetes. Nat Genet 2009 May 10. [Epub ahead of print]
A9: B58C (WTCCC) | B9: British 1958 birth cohort (Wellcome Trust Case Control Consortium controls) | C9: Population-based | D9: white European | E9: 1502 | F9: ≥ 97% | G9: 1) Contamination 2) Non-European identity 3) Missing body weight and height | H9: 1479 | I9: measured | J9: [PMID: 17554300] The Wellcome Trust Case Control Consortium Genome-wide association study of 14,000 cases of seven common diseases and 3,000 shared controls. Nature 2007;447: 661-678. [PMID: 16155052] Power,C. & Elliott,J. Cohort profile: 1958 British birth cohort (National Child Development Study). Int J Epidemiol 2006;35:34-41.
A10: BRIGHT | B10: The British Genetics of Hypertension (BRIGHT) Study | C10: Hypertension case series | D10: white European | E10: 2000 | F10: ≥ 97% | G10: 1) Heterozygosity <23% or >30% 2) External discordance 3) Non-European ancestry 4) Duplicate/first/second degree relatives | H10: 1,960 (HTN - 1,960 cases) | I10: measured | J10: [PMID: 17554300] The Wellcome Trust Case Control Consortium Genome-wide association study of 14,000 cases of seven common diseases and 3,000 shared controls. Nature 447, 661-678 (2007). [PMID: 12826435] Caulfield,M. et al. Genome-wide mapping of human loci for essential hypertension. Lancet 361, 2118-2123 (2003).
A11: CAD_WTCCC | B11: WTCCC Coronary Heart Disease cases | C11: Case series | D11: white European | E11: 2000 | F11: ≥ 97% | G11: 1) Heterozygosity <23% or >30% 2) Discrepancy with external identifying information 3) Ethnic outliers 4) Related individuals and duplicates | H11: 1876 | I11: self reported | J11: [PMID: 17554300] The Wellcome Trust Case Control Consortium Genome‐wide association study of 14,000 cases of seven common diseases and 3,000 shared controls. Nature 447, 661-678 (2007)
A12: CAPS1 Cases | B12: Cancer Prostate in Sweden 1 | C12: Case/control study of prostate cancer | D12: white European | E12: 505 | F12: > 95% | G12: 1) Related individuals and duplicates 2) Ethnic outliers 3) Missing body weight and height | H12: 505 | I12: self-reported | J12: [PMID: 18073375] Duggan D, et al. Two genome-wide association studies of aggressive prostate cancer implicate putative prostate tumor suppressor gene DAB2IP. J Natl Cancer Inst 2007 Dec 19;99(24):1836-44 (2007).
A13: CAPS1 Controls | B13: Cancer Prostate in Sweden 1 | C13: Case/control study of prostate cancer | D13: white European | E13: 506 | F13: > 95% | G13: 1) Related individuals and duplicates 2) Ethnic outliers 3) Missing body weight and height | H13: 506 | I13: self-reported | J13: [PMID: 18073375] Duggan D, et al. Two genome-wide association studies of aggressive prostate cancer implicate putative prostate tumor suppressor gene DAB2IP. J Natl Cancer Inst 2007 Dec 19;99(24):1836-44 (2007).
A14: CAPS2 Cases | B14: Cancer Prostate in Sweden 2 | C14: Case/control study of prostate cancer | D14: white European | E14: 1483 | F14: > 95% | G14: 1) Related individuals and duplicates 2) Ethnic outliers 3) Missing body weight and height | H14: 1483 | I14: self-reported | J14: [PMID: 18073375] Duggan D, et al. Two genome-wide association studies of aggressive prostate cancer implicate putative prostate tumor suppressor gene DAB2IP. J Natl Cancer Inst 2007 Dec 19;99(24):1836-44 (2007).
A15: CAPS2 Controls | B15: Cancer Prostate in Sweden 2 | C15: Case/control study of prostate cancer | D15: white European | E15: 519 | F15: > 95% | G15: 1) Related individuals and duplicates 2) Ethnic outliers 3) Missing body weight and height | H15: 519 | I15: self-reported | J15: [PMID: 18073375] Duggan D, et al. Two genome-wide association studies of aggressive prostate cancer implicate putative prostate tumor suppressor gene DAB2IP. J Natl Cancer Inst 2007 Dec 19;99(24):1836-44 (2007).
A16: CHS | B16: Cardiovascular Health Study | C16: Population-based cohort study | D16: white European | E16: 3228 | F16: >95% | G16: 1) Prevalent clinical CVD 2) African-americans 3) Sex discordant 4) Missing body weight and height | H16: 3228 | I16: measured | J16: [PMID: 1669507] Fried LP, Borhani NO, Enright P, Furberg CD, Gardin JM, Kronmal RA, Kuller LH, Manolio TA, Mittelmark MB, Newman A. The Cardiovascular Health Study: design and rationale. Ann Epidemiol. 1991; 1: 263-276.
A17: CoLaus | B17: Cohorte Lausannoise | C17: Population-based | D17: white European | E17: 6188 | F17: >90% | G17: 1) Ethnic outliers 2) Related individuals and duplicates 3) Missing body weight and height | H17: 5408 | I17: measured | J17: [PMID 18366642] Firmann et al. The CoLaus study: a population-based study to investigate the epidemiology and genetic determinants of cardiovascular risk factors and metabolic syndrome BMC Cardiovascular Disorders 2008, 8:6
A18: CROATIA | B18: VIS (EUROSPAN) and KORCULA | C18: Population-based | D18: white European | E18: 795 | F18: ≥ 97% | G18: 1) Ethnic outliers 2) Duplicates 3) Missing body weight and height | H18: 770 | I18: measured | J18: [PMID: 18952825 Johansson A. et al. Common variants in the JAZF1 gene associated with height identified by linkage and genome-wide association analysis. Hum Mol Genet. 18(2), 373-80 (2009). [PMID: 19798445] Hicks, AA. et al. Genetic determinants of circulating sphingolipid concentrations in European populations. PLoS Genet. 5(10):e1000672 (2009)
A19: deCODE | B19: deCODE genetics sample set | C19: Population-based | D19: white European | E19: 38446 | F19: ≥ 96% | G19: Missing body weight and height | H19: 26799 | I19: measured | J19: [PMID: 19079260] Thorleifsson, G. et al. Genome-wide association yields new sequence variants at seven loci that associate with measures of obesity. Nat Genet. 41, 18-24 (2009).
A20: DGI (cases) | B20: Diabetes Genetics Initiative of Broad Institute of Harvard and MIT, Lund University, and Novartis Institutes of BioMedical Research | C20: Case/control study of diabetes | D20: white European | E20: 1658 | F20: ≥ 95% | G20: 1) Related individuals 2) Sample contamination 3) Missing body weight and height | H20: 1,317 (T2D - 1,317 cases) | I20: measured | J20: [PMID: 17463246] Saxena et al. Genome-wide association analysis identifies loci for type 2 diabetes and triglyceride levels. Science 316, 1331-6 (2007).
A21: DGI (controls) | B21: Diabetes Genetics Initiative of Broad Institute of Harvard and MIT, Lund University, and Novartis Institutes of BioMedical Research | C21: Case/control study of diabetes | D21: white European | E21: 1595 | F21: ≥ 95% | G21: 1) Related individuals 2) Sample contamination 3) Missing body weight and height | H21: 1,088 (T2D - 1,088 controls) | I21: measured | J21: [PMID: 17463246] Saxena et al. Genome-wide association analysis identifies loci for type 2 diabetes and triglyceride levels. Science 316, 1331-6 (2007).
A22: EGCUT | B22: Estonian Genome Center, University of Tartu | C22: Population-based | D22: white European | E22: 1412 | F22: ≥ 95% | G22: 1) Related individuals and duplicates 2) Sex mismatch 3) Phenotype missing | H22: 1412 | I22: measured | J22: [PMID: 19424496] Nelis M, Esko T, Magi R, Zimprich F, Zimprich A, et al. (2009) Genetic Structure of Europeans: A View from the North–East. PLoS ONE 4(5): e5472. [PMID: 15133739] Metspalu,A. The Estonian Genome Project. Drug Development Research 62, 97-101 (2004).
A23: EPIC-Obesity Study | B23: European Prospective Investigation into Cancer and Nutrition - Obesity Study | C23: Population-based | D23: white European | E23: 2566 | F23: ≥ 94% | G23: 1) Heterozygosity <23% or >30% 2) >5.0% discordance in SNP pairs with r2= 1 in HapMap 3) Ethnic outliers 4) related individuals and duplicates 5) Missing body weight and height | H23: 2415 | I23: measured | J23: [PMID: 10466767] Day,N.E. et al. EPIC-Norfolk: study design and characteristics of the cohort. European Prospective Investigation of Cancer. British Journal of Cancer 80, 95-103 (1999). [PMID: 18454148] Loos,R.J. et al. Common variants near MC4R are associated with fat mass, weight and risk of obesity. Nat Genet 40, 768-775 (2008).
A24: Fenland | B24: Fenland Study | C24: Population-based | D24: white European | E24: 1500 | F24: ≥ 95% | G24: 1) Heterozygosity <27.3% or >28.8% 2) Duplicate check 3) Relatedness check | H24: 1402 | I24: measured | J24: [PMID: 19079261] Willer CJ, Speliotes EK, Loos RJ et al. (2009) Six new loci associated with body mass index highlight a neuronal influence on body weight regulation. Nat Genet, 41(1): 25-34.
A25: FRAM | B25: Framingham Heart Study | C25: Population-based, multi-generational | D25: white European | E25: 9274 | F25: ≥ 97% | G25: 1) HWE P<1E-6 2) Call rate<97% 3) Mishap P<1E-9 4) MAF<0.01 5) Mendelian errors>100 6) SNPs not in Hapmap or strandedness issues merging with Hapmap | H25: 8094 | I25: measured | J25: [PMID 14025561] DAWBER TR, KANNEL WB, LYELL LP. An approach to longitudinal studies in a community: the Framingham Study. Ann N Y Acad Sci. 1963;107:539-556. [PMID 1208363] Feinleib M, KANNEL WB, Garrison RJ, McNamara PM, Castelli WP. The Framingham Offspring Study. Design and preliminary data. Prev Med. 1975;4:518-525. [PMID 17372189] Splansky GL, Corey D, Yang Q et al. The Third Generation Cohort of the National Heart, Lung, and Blood Institute's Framingham Heart Study: design, recruitment, and initial examination. Am J Epidemiol. 2007;165:1328-1335.
A26: FTC | B26: Finnish Twin Cohort | C26: Monozygotic twins | D26: white European | E26: 152 pairs | F26: ≥ 95% | G26: 1) Ethnic outliers 2) Related individuals and duplicates 3) Missing body weight and height for both individuals of the pair | H26: 138 pairs | I26: measured | J26: [PMID: 19060911] Aulchenko YS, Ripatti S, Lindqvist I et al. Loci influencing lipid levels and coronary heart disease risk in 16 European population cohorts, Nat Genet (2009) 41(1): 47-55.
A27: FUSION cases | B27: Finland-United States Investigation of NIDDM Genetics | C27: Case/control study of diabetes | D27: white European | E27: 1161 | F27: > 97.5% | G27: 1) Related individuals 2) Missing BMI | H27: 1,092 (T2D - 1,092 cases) | I27: measured | J27: [PMID: 17463248] Scott,LJ et al. A genome-wide association study of type 2 diabetes in Finns detects multiple susceptibility variants. Science 316(5829):1341-5 (2007).
A28: FUSION controls | B28: Finland-United States Investigation of NIDDM Genetics | C28: Case/control study of diabetes | D28: white European | E28: 1174 | F28: > 97.5% | G28: 1) Related individuals 2) Missing BMI | H28: 1,171 (T2D - 1,171 controls) | I28: measured | J28: [PMID: 17463248] Scott,LJ et al. A genome-wide association study of type 2 diabetes in Finns detects multiple susceptibility variants. Science 316(5829):1341-5 (2007).
A29: GENMETS cases | B29: Health 2000 / GENMETS substudy | C29: Case/control study of Metabolic syndrome | D29: white European | E29: 932 | F29: ≥ 95% | G29: 1) Ethnic outliers 2) Related individuals and duplicates 3) Missing BMI | H29: 857 (Metabolic syndrome - 857 cases) | I29: measured | J29: http://www.terveys2000.fi/indexe.html
A30: GENMETS controls | B30: Health 2000 / GENMETS substudy | C30: Case/control study of Metabolic syndrome | D30: white European | E30: 948 | F30: ≥ 95% | G30: 1) Ethnic outliers 2) Related individuals and duplicates 3) Missing BMI | H30: 892 (Metabolic syndrome - 892 controls) | I30: measured | J30: http://www.terveys2000.fi/indexe.html
A31: GerMiFSI | B31: German Myocard Infarct Family Study I | C31: Case/control study of MI (only Cases) | D31: white European | E31: 875 | F31: > 97% | G31: 1) Related individuals and duplicates 2) Missing phenotypes 3) Heterozygosity mean +- 3*sd outlier | H31: 600 (MI - 600 cases) | I31: measured | J31: [PMID: 17634449 ] Samani NJ, Erdmann J, Hall AS et al. Genomewide association study of coronary artery disease. NEJM 2007; 357(5): 436-9.
A32: GerMiFSII | B32: German Myocard Infarct Family Study II | C32: Case/control study of MI (only Cases) | D32: white European | E32: 1222 | F32: > 97% | G32: 1) Related individuals and duplicates 2) Missing phenotypes 3) Heterozygosity mean +- 3*sd outlier | H32: 1,124 (MI - 1,124 cases) | I32: measured | J32: [PMID: 19198612] Erdmann J, Grosshennig A, Braund PS et al. New susceptibility locus for coronary artery disease on chromosome 3q22.3. Nat Genet 2009; 41(3): 280-2.
A33: KORA3 | B33: Cooperative Health Research in the Region of Augsburg, KOoperative Gesundheitsforschung in der Region Augsburg | C33: Population-based | D33: white European | E33: 1644 | F33: >=93% | G33: 1) All with German passport | H33: 1644 | I33: measured | J33: [PMID 20031538] Heid IM, Boes E, Müller M, Kollerits B, et al. Genome-wide association analysis of high-density lipoprotein cholesterol in the population-based KORA study sheds new light on intergenic regions. Circ Cardiovasc Genet, 2008; 1(10): 10-20.
A34: KORA4 | B34: Cooperative Health Research in the Region of Augsburg, KOoperative Gesundheitsforschung in der Region Augsburg | C34: Population-based | D34: white European | E34: 1814 | F34: >=93% | G34: 1) All with German passport | H34: 1814 | I34: measured | J34: [PMID 16032514] Wichmann HE, Gieger C, Illig T; MONICA/KORA Study Group. KORA-gen--resource for population genetics, controls and a broad spectrum of disease phenotypes. Gesundheitswesen 2005; 67 Suppl 1: S26-30.
A35: MICROS | B35: MICROS (EUROSPAN) | C35: Population-based | D35: white European | E35: 1098 | F35: ≥ 97% | G35: 1) Ethnic outliers 2) Duplicates 3) Missing body weight and height | H35: 1079 | I35: measured | J35: [PMID: 17550581 ] Pattaro C, Marroni F, Riegler A, et al. The genetic study of three population microisolates in South Tyrol (MICROS): study design and epidemiological perspectives. BMC Med Genet. 2007 Jun 5;8-29. [PMID: 18952825] Johansson A. et al. Common variants in the JAZF1 gene associated with height identified by linkage and genome-wide association analysis. Hum Mol Genet. 18(2), 373-80 (2009). [PMID: 19798445] Hicks, AA. et al. Genetic determinants of circulating sphingolipid concentrations in European populations. PLoS Genet. 5(10):e1000672 (2009)
A36: Migen (cases) | B36: Myocardial Infarction Genetics Consortium | C36: Case/control of early onset MI | D36: white European | E36: 1420 | F36: ≥ 95% | G36: 1) Cohort deficient or excess heterozygosity 2) Population stratification outliers 3) Close relatives and sample duplicates 4) Sample contamination (excess close low-level genome sharing) 5) Missing body weight or height | H36: 1,245 (MI - 1,245 cases) | I36: measured | J36: [PMID: 19198609] Kathiresan et al. Genome-wide association of early-onset myocardial infarction with single nucleotide polymorphisms and copy number variants. Nature Genetics 41, 334-41 (2009).
A37: Migen (controls) | B37: Myocardial Infarction Genetics Consortium | C37: Case/control of early onset MI | D37: white European | E37: 1558 | F37: ≥ 95% | G37: 1) Cohort deficient or excess heterozygosity 2) Population stratification outliers 3) Close relatives and sample duplicates 4) Sample contamination (excess close low-level genome sharing) 5) Missing body weight or height | H37: 1,402 (MI - 1,402 controls) | I37: measured | J37: [PMID: 19198609] Kathiresan et al. Genome-wide association of early-onset myocardial infarction with single nucleotide polymorphisms and copy number variants. Nature Genetics 41, 334-41 (2009).
A38: NBS_WTCCC | B38: WTCCC National Blood Service donors | C38: Population-based | D38: white European | E38: 1500 | F38: ≥ 97% | G38: 1) Heterozygosity <23% or >30% 2) Discrepancy with external identifying information 3) Ethnic outliers 4) Related individuals and duplicates | H38: 1437 | I38: self reported | J38: [PMID: 17554300] The Wellcome Trust Case Control Consortium Genome‐wide association study of 14,000 cases of seven common diseases and 3,000 shared controls. Nature 447, 661-678 (2007)
A39: NFBC-1966 | B39: Northern Finland Birth Cohorts 1966 | C39: Population-based | D39: white European | E39: 5654 | F39: ≥ 95% | G39: 1) Gender discrepancy with genetic data from X-linked markers 2) Withdrawn consent 3) Duplicates and first and second degree relatives 4) Contaminated samples | H39: 4773 | I39: measured | J39: [PMID: 19060910 ] Sabatti, C. et al. Genome-wide association analysis of metabolic traits in a birth cohort from a founder population. Nat Genet (2008).
A40: NHS | B40: The Nurses' Health Study | C40: Nested case/control | D40: white European | E40: 2368 | F40: >90% | G40: 1) Low genotying completion (<90%) 2) Unclear identity and admixed origin 3) Missing body weight and height | H40: 2265 | I40: self-reported | J40: [PMID: 17529973] Hunter D, et al. A genome-wide association study identifies alleles in FGFR2 associated with risk of sporadic postmenopausal breast cancer. Nat Genet. 2007 Jul;39(7):870-4.
A41: NSPHS | B41: Northern Sweden Population Health Study (EUROSPAN) | C41: Population-based | D41: white European | E41: 720 | F41: ≥ 97% | G41: 1) Ethnic outliers 2) Duplicates 3) Missing body weight and height | H41: 647 | I41: measured | J41: [PMID: 18952825] Johansson A. et al. Common variants in the JAZF1 gene associated with height identified by linkage and genome-wide association analysis. Hum Mol Genet. 18(2), 373-80 (2009). [PMID: 19798445] Hicks, AA. et al. Genetic determinants of circulating sphingolipid concentrations in European populations. PLoS Genet. 5(10):e1000672 (2009)
A42: NTRNESDA cases | B42: Netherlands Twin Register & the Netherlands Study of Depression and Anxiety | C42: Case/control study of depression and anxiety | D42: white European | E42: 1860 | F42: ≥ 95% | G42: 1) Evidence of sample contamination (heterozygosity) 2) Ethnic outliers 3) Related individuals and duplicates 4) Missing body weight and height | H42: 1,727 (Depression - 1,727 cases) | I42: measured | J42: Boomsma DI, de Geus EJ, Vink JM, Stubbe JH, Distel MA, Hottenga JJ et al. Netherlands Twin Register: from twins to twin families. Twin Res Hum Genet 2006; 9: 849–857. [PMID: 18763692] Penninx B, Beekman A, Smit J. The Netherlands Study of Depression and Anxiety (NESDA): rationales, objectives and methods. Int J Methods Psychiatr Res 2008; 17: 121–140. [PMID: 18197199] Boomsma DI, Willemsen G, Sullivan PF, Heutnik P, Meijer P, Sondervan D et al. Genome-wide association of major depression: Description of samples for the GAIN major depressive disorder study: NTR and NESDA Biobank Projects. Eur J Hum Genet 2008; 16: 335–342.
A43: NTRNESDA controls | B43: Netherlands Twin Register & the Netherlands Study of Depression and Anxiety | C43: Case/control study of depression and anxiety | D43: white European | E43: 1860 | F43: ≥ 95% | G43: 1) Evidence of sample contamination (heterozygosity) 2) Ethnic outliers 3) Related individuals and duplicates 4) Missing body weight and height | H43: 1,789 (Depression - 1,789 controls) | I43: measured | J43: Boomsma DI, de Geus EJ, Vink JM, Stubbe JH, Distel MA, Hottenga JJ et al. Netherlands Twin Register: from twins to twin families. Twin Res Hum Genet 2006; 9: 849–857. [PMID: 18763692] Penninx B, Beekman A, Smit J. The Netherlands Study of Depression and Anxiety (NESDA): rationales, objectives and methods. Int J Methods Psychiatr Res 2008; 17: 121–140. [PMID: 18197199] Boomsma DI, Willemsen G, Sullivan PF, Heutnik P, Meijer P, Sondervan D et al. Genome-wide association of major depression: Description of samples for the GAIN major depressive disorder study: NTR and NESDA Biobank Projects. Eur J Hum Genet 2008; 16: 335–342.
A44: ORCADES | B44: Orkney Complex Disease Study (EUROSPAN) | C44: Population-based | D44: white European | E44: 719 | F44: ≥ 97% | G44: 1) Ethnic outliers 2) Duplicates 3) Missing body weight and height | H44: 697 | I44: measured | J44: [PMID: 18952825] Johansson A. et al. Common variants in the JAZF1 gene associated with height identified by linkage and genome-wide association analysis. Hum Mol Genet. 18(2), 373-80 (2009). [PMID: 19798445] Hicks, AA. et al. Genetic determinants of circulating sphingolipid concentrations in European populations. PLoS Genet. 5(10):e1000672 (2009)
A45: PLCO | B45: Prostate, Lung, Colorectal, and Ovarian Cancer Screening Trial | C45: Population-based | D45: white European | E45: 2298 | F45: ≥ 94% | G45: 1) Gender discordance 2) Non-European ancestry 3) Related individuals and duplicates 4) Missing height | H45: 2238 | I45: self-report | J45: [PMID: 17401363] Yeager M, et al. Genome-wide association study of prostate cancer identifies a second risk locus at 8q24. Nat Genet 39, 645-9 (2007).
A46: RS-I | B46: Rotterdam Study I | C46: Population-based | D46: white European | E46: 7983 | F46: ≥ 97.5% | G46: 1) Missing DNA 2) Gender mismatch with typed X-linked markers 3) Excess autosomal heterozygosity > 0.336~FDR>0.1% 4) Duplicates and/or 1st or 2nd degree relatives using IBS probabilities >97% from PLINK 5) Ethnic outliers using IBS distances > 3SD | H46: 5744 | I46: measured | J46: [PMID: 11753597] Visscher, 2001 A comparison of body mass index, waist-hip ratio and waist circumference as predictors of all-cause mortality among the elderly: the Rotterdam study [PMID:19700477] Estrada, 2009 GRIMP: a web- and grid-based tool for high-speed analysis of large-scale genome-wide association using imputed data [PMID:19728115] Hofman, 2009 The Rotterdam Study: 2010 objectives and design update [PMID:1833235] Hofman, 1991 Determinants of disease and disability in the elderly: the Rotterdam Elderly Study
A47: RUNMC | B47: Nijmegen Bladder Cancer Study and Nijmegen Biomedical Study | C47: Case-study and Population-based study | D47: white European | E47: 3081 | F47: ≥ 96% | G47: Missing body weight and height | H47: 2873 | I47: measured | J47: [PMID: 17568781] Wetzels, J.F. et al. Age- and gender-specific reference values of estimated GFR in Caucasians: the Nijmegen Biomedical Study. Kidney Int 72, 632-637 (2007). [PMID: 18794855] Kiemeney, L.A. et al. Sequence variant on 8q24 confers susceptibility to urinary bladder cancer. Nat Genet 40, 1307-1312 (2008).
A48: SASBAC Cases | B48: Swedish And Singapore Breast Association Consortium | C48: Case/control study of breast cancer | D48: white European | E48: 803 | F48: ≥ 96% | G48: 1) Related individuals and duplicates 2) Ethnic outliers 3) Missing body weight and height | H48: 795 (Breast cancer - 803 cases) | I48: self-reported | J48: [PMID: 10209946] Magnusson, C. et al. Breast-cancer risk following long-term oestrogen- and oestrogen-progestin-replacement therapy. Int J Cancer 81, 339-44 (1999). [PMID: 17132159] Einarsdóttir, K. et al. Comprehensive analysis of the ATM, CHEK2 and ERBB2 genes in relation to breast tumour characteristics and survival: a population-based case-control and follow-up study. Breast Cancer Res 8, R67 (2006).
A49: SASBAC Controls | B49: Swedish And Singapore Breast Association Consortium | C49: Case/control study of breast cancer | D49: white European | E49: 764 | F49: ≥ 96% | G49: 1) Related individuals and duplicates 2) Ethnic outliers 3) Missing body weight and height | H49: 764 (Breast cancer - 764 controls) | I49: self-reported | J49: [PMID: 10209946] Magnusson, C. et al. Breast-cancer risk following long-term oestrogen- and oestrogen-progestin-replacement therapy. Int J Cancer 81, 339-44 (1999). [PMID: 17132159] Einarsdóttir, K. et al. Comprehensive analysis of the ATM, CHEK2 and ERBB2 genes in relation to breast tumour characteristics and survival: a population-based case-control and follow-up study. Breast Cancer Res 8, R67 (2006).
A50: SEARCH/UKOPS | B50: Studies of Epidemiology and Risk factors in Cancer Heredity / UK Ovarian Cancer Population Study | C50: Population-based | D50: white European | E50: 1710 | F50: ≥ 80% | G50: 1) Ethnic outliers 2) Duplicates 3) Missing body weight and height | H50: 1556 | I50: self-reported | J50: [PMID: 19648919] H. Song, S. J. Ramus, J. Tyrer et al. A genome-wide association study identifies a new ovarian cancer susceptibility locus on 9p22.2. Nature Genetics, 41, p996-1000, (2009).
A51: SHIP | B51: Study of Health in Pomerania | C51: Population-based | D51: white European | E51: 4310 | F51: ≥ 92% | G51: 1) Missing genotype or phenotype data | H51: 4092 | I51: measured | J51: [PMID: 20167617] Völzke H, et al. Cohort Profile: The Study of Health in Pomerania. Int J Epidemiol. Online (2010).
A52: T2D_WTCCC | B52: WTCCC Type 2 Diabetes cases | C52: Case series | D52: white European | E52: 1999 | F52: ≥ 97% | G52: 1) heterozygosity <23% or >30% 2) Discrepancy with external identifying information 3) Ethnic outliers 4) related individuals and duplicates | H52: 1,903 (T2D - 1,903 cases) | I52: measured | J52: The Wellcome Trust Case Control Consortium Genome‐wide association study of 14,000 cases of seven common diseases and 3,000 shared controls. Nature 447, 661-678 (2007)
A53: New or updated genome-wide association studies
A54: AE | B54: Athero-Express Biobank Study | C54: Case series of atherosclerotic patients | D54: white European | E54: 2512 | F54: ≥ 97% | G54: 1) Heterozygosity (Ĥ) ± 3 standard deviations of the mean 2) Ethnic outliers through Principal Component Analysis compared to HapMap 2 (r22) 3) Related individuals and duplicates, π>0.20 4) Missing body weight and height | H54: 622 (Atherosclerosis - 622 cases) | I54: measured | J54: [PMID: 15678794] Verhoeven, B.A. et al. Athero-express: differential atherosclerotic plaque expression of mRNA and protein in relation to cardiovascular events and patient characteristics. Rationale and design. European Journal of Epidemiology 19(12), 1127-33 (2004). [PMID: 20720431] Hurks,R. et al. Aneurysm-express: human abdominal aortic aneurysm wall expression in relation to heterogeneity and vascular events - rationale and design. European Surgical Researcg. 45(1), 34-40 (2010).
A55: ASCOT | B55: Anglo-Scandinavian Cardiac Outcome Trial | C55: Randomised control clinical trial | D55: white European | E55: 3868 | F55: ≥ 95% | G55: 1) Sample cryptic duplicates 2) Sample outliers in ancestry Principal Components Analysis 3) First and second degree relatives 4) Missing body weight and height | H55: 3802 | I55: measured | J55: [PMID: 11685901] Sever P.S.,et al, Rationale, design, methods and baseline demography of participants of the anglo-scandinavian cardiac outcomes trial. Ascot investigators. Journal of hypertension. 19:1139-1147 (2001)
A56: BLSA | B56: Baltimore Longitudinal Study on Aging | C56: Population-based | D56: white European descent | E56: 848 | F56: ≥ 98.5% | G56: 1) Sex mismatch 2) Ethnic outliers | H56: 844 | I56: measured | J56: Shock, N.W., et al., Normal Human Aging: The Baltimore Study of Aging. 1984.: NIH Publication No. 84-2450
A57: BSN (BHS) | B57: Busselton Health Study | C57: Population-based | D57: white European | E57: 1366 | F57: ≥ 75% | G57: 1) Ethnic outliers 2) Related individuals and duplicates 3) Missing body waist and hip | H57: 1327 | I57: measured | J57: James AL, Palmer LJ, Kicic E, et al. Decline in lung function in the Busselton Health Study: the effects of asthma and cigarette smoking. Am J Respir Crit Care Med 2005;171:109-14. Hui J, Oka A, James A, et al. A genome-wide association scan for asthma in a general Australian population. Hum Genet 2008;123:297-306
A58: COROGENE | B58: Genetic Predisposition of Coronary Heart Disease in Patients Verified with Coronary Angiogram | C58: Population-based | D58: white European | E58: 4130 | F58: ≥ 95% | G58: 1) Missing gender 2) Related individuals and duplicates 3) Missing body or weight | H58: 3756 | I58: measured | J58: [PMID: 19820697] Soranzo, N. et al. A genome-wide meta-analysis identifies 22 loci associated with eight hematological parameters in the HaemGen consortium. Nat Genet. 2009 Nov;41(11):1182-90. Epub 2009 Oct 11.
A59: DESIR | B59: Data from an Epidemiological Study on the Insulin Resistance syndrome | C59: Population-based | D59: white European | E59: 731 | F59: ≥ 90% | G59: 1) Missing data 2) Ethnicity outliers (N=15) | H59: 716 | I59: measured | J59: [PMID: 8927780] Balkau B (1996) An epidemiologic survey from a network of French Health Examination Centres, (D.E.S.I.R.): epidemiologic data on the insulin resistance syndrome, Rev Epidemiol Sante Publique 44(4):373-5.
A60: DNBC | B60: Danish National Birth Cohort - Preterm Delivery Study | C60: Case/control study of preterm delivery | D60: white European | E60: 1937 | F60: ≥ 95% | G60: 1) Persons born outside of Scandinavia or with parents born outside of Scandinavia 2) Missing body weight and height | H60: 1802 | I60: self-reported | J60: [PMID: 11775787] Olsen, J., et al. "The Danish National Birth Cohort--its background, structure and aim." Scandinavian journal of public health 29.4 (2001): 300. [PMID: 21885063] Ryckman,K.K. et al. Replication of a genome-wide association study of birth weight in preterm neonates. The Journal of pediatrics 160.1 (2012): 19-24.
A61: EGCUT-370 | B61: Estonian Genome Center, University of Tartu | C61: Population-based | D61: white European | E61: 866 | F61: ≥ 97% | G61: 1) Ethnic outliers 2) Related individuals and duplicates 3) Missing body weight and height | H61: 866 | I61: measured | J61: Nelis M, Esko T, Magi R, Zimprich F, Zimprich A, et al. (2009) Genetic Structure of Europeans: A View from the North–East. PLoS ONE 4(5): e5472. Metspalu,A. The Estonian Genome Project. Drug Development Research 62, 97-101 (2004).
A62: EGCUT-OMNI | B62: Estonian Genome Center, University of Tartu | C62: Population-based | D62: white European | E62: 1356 | F62: ≥ 97% | G62: 1) Ethnic outliers 2) Related individuals and duplicates 3) Missing body weight and height | H62: 1356 | I62: measured | J62: Nelis M, Esko T, Magi R, Zimprich F, Zimprich A, et al. (2009) Genetic Structure of Europeans: A View from the North–East. PLoS ONE 4(5): e5472. Metspalu,A. The Estonian Genome Project. Drug Development Research 62, 97-101 (2004).
A63: Erasmus Ruchphen Family Study (ERF) | B63: Erasmus Rucphen Family Study | C63: Family-based | D63: Dutch isolate (white European) | E63: 2726 | F63: ≥98% | G63: Mendelian inconsistencies | H63: 2726 | I63: measured | J63: [PMID:15054401] Aulchenko YS, Heutink P, Mackay I, Bertoli-Avella AM, Pullen J, et al. (2004) Linkage disequilibrium in young genetically isolated Dutch population. Eur J Hum Genet 12: 527-534.
A64: FamHS | B64: Family Heart Study | C64: Population-based | D64: white European | E64: 1486 | F64: ≥ 98% | G64: 1) Ethnic outliers 2) Related individuals and duplicates 3) Missing body weight and height 4) Sex inconsistencies | H64: 1463 | I64: measured | J64: [PMID:8651220] Higgins, M. et al. NHLBI Family Heart Study: objectives and design. Am J Epidemiol 143, 1219–1228 (1996). [PMID: 22144573] O'Donnell, C.J. et al. Genome-wide association study for coronary artery calcification with follow-up in myocardial infarction. Circulation. 124(25):2855-64 (2011).
A65: FinGesture cases | B65: Finnish Genetic Study of Arrhythmic Events | C65: Disease cohort (MI cases only) | D65: white European | E65: 1103 | F65: ≥ 97% | G65: 1) PLINK heterozygosity F-value <-0.05 or >0.05; 2) ethnic outliers; 3) related individuals and duplicates; 4) Missing body weight and height. | H65: 943 (MI - 943 cases) | I65: measured | J65: Kari S. Kaikkonen, Marja-Leena Kortelainen, Eeva Linna, Heikki V. Huikuri. Family History and the Risk of Sudden Cardiac Death as a Manifestation of an Acute Coronary EventCirculation 114, 1462-7 (2006).
A66: GOOD | B66: Gothenburg Osteoporosis and Obesity Determinants Study | C66: Population-based | D66: white European | E66: 1056 | F66: ≥ 97.5% | G66: 1) Heterozygosity > 33% 2) Ethnic outliers 3) Related individuals and duplicates | H66: 938 | I66: measured | J66: [PMID: 16007330] Lorentzon, M. et al Free testosterone is a positive whereas free estradiol is a negative predictor of cortical bone size in young Swedish men-The GOOD Study. J Bone Miner Res 20, 1334-1341 (2005).
A67: Health ABC | B67: Health, Aging, and Body Composition Study | C67: Longitudinal cohort study | D67: white European descent | E67: 1655 | F67: ≥ 97% | G67: 1) Related individuals and duplicates 2) Missing body weight and height | H67: 1655 | I67: measured | J67: PMID: 10865790 Harris, T.B. et al. Waist circumference and sagittal diameter reflect total body fat better than visceral fat in older men and women. The Health, Aging and Body Composition Study. Ann N Y Acad Sci. 2000 May;904:462-73.
A68: HBCS | B68: Helsinki Birth Cohort Study | C68: Population-based birth cohort | D68: white European | E68: 1872 | F68: ≥ 95% | G68: 1) Related individuals and duplicates 2) Missing height or weight | H68: 1726 | I68: measured | J68: [PMID: 18541567] Ylihärsilä H, Kajantie E, Osmond C, Forsén T, Barker DJ, Eriksson JG. Body mass index during childhood and adult body composition in men and women aged 56-70 y. Am J Clin Nutr. 2008 Jun;87(6):1769-75. [PMID: 15764690] Kajantie E, Osmond C, Barker DJ, Forsén T, Phillips DI, Eriksson JG: Size at birth as a predictor of mortality in adulthood: a follow-up of 350 000 person-years. Int J Epidemiol 2005;34:655-663.
A69: HERITAGE Family Study | B69: Health, Risk Factors, Training and Genetics (HERITAGE) Family Study | C69: Family Study, baseline data of an exercise training intervention | D69: white European | E69: 500 | F69: >99% | H69: 500 | I69: measured | J69: Bouchard C, Leon AS, Rao DC, Skinner JS, Wilmore JH and Gagnon J. The HERITAGE Family Study: Aims, design, and measurement protocol. Medicine and Science in Sports and Exercise 27:721-729, 1995 Bouchard C, Sarzynski MA, Rice T, Kraus W, Church T, Sung YJ, Rao DC, Rankinen T. Genomic predictors of maximal oxygen uptake response to standardized exercise training programs. Journal of Applied Physiology 110:1160-1170, 2011
A70: InCHIANTI | B70: Invecchiare in Chianti | C70: Population-based | D70: white European | E70: 1210 | F70: ≥ 98% | G70: 1) Gender discrepancy with genetic data from X-linked markers 2) Heterozygosity <30% 3) Missing body weight or height | H70: 1139 | I70: measured | J70: [PMID: 11129752] Ferrucci, L., et al., Subsystems contributing to the decline in ability to walk: bridging the gap between epidemiology and geriatric practice in the InCHIANTI study. J Am Geriatr Soc, 2000. 48(12): p. 1618-25.
A71: IPM (Mount Sinai BioMe) | B71: The Charles Bronfman Institute for Personalized Medicine BioMe Biobank Program | C71: Hospital-based | D71: Europeans, African-Americans, Hispanics | E71: 3069 | F71: ≥ 95% | G71: 1) Heterozygosity (Z-value > |6|) 2) Gender mismatch errors 3) Ethnic outliers 4) First degree relatives and duplicates 5) Missing body weight, height, or BMI (then excluded only from that group) | H71: 2867 | I71: measured | J71: 1. Tayo BO, Teil M, Tong L, Qin H, Khitrov G, Zhang W, Song Q, Gottesman O, Zhu X, Pereira AC, Cooper RS, Bottinger EP. Genetic background of patients from a university medical center in Manhattan: implications for personalized medicine. (PMID:21573225)
A72: LifeLines | B72: LifeLines Cohort study | C72: Population-based | D72: white European | E72: 9480 | F72: ≥ 95% | G72: 1) Heterozygosity >4SD from mean 2) Ethnic outliers 3) Related individuals and duplicates 4) Sex mismatch with database 5) Missing age, sex, BMI | H72: 8118 | I72: measured | J72: [PMID:18075776] Stolk, R.P. Universal risk factors for multifactorial diseases: LifeLines: a three-generation population-based study. Eur J Epidemiol. 23(1):67-74 (2008)
A73: LLS | B73: Leiden Longevity Study | C73: Family based | D73: white European | E73: 2415 | F73: ≥ 95% | G73: 1) Ethnic outliers 2) Missing body weight and height | H73: 1903 | I73: self-reported | J73: [PMID: 16251894] Schoenmaker,M. et al. Evidence of genetic enrichment for exceptional survival using a family approach: the Leiden Longevity Study. Eur J Hum Genet. 14(1):79-84 (2006). [PMID:19682117] Westendorp,RGJ. et al. Nonagenarian siblings and their offspring display lower risk of mortality and morbidity than sporadic nonagenarians: The Leiden Longevity Study. J Am Geriatr Soc. 57(9):1634-7 (2009).
A74: LOLIPOP_EW610 | B74: London Life Sciences Prospective Population Study | C74: Population-based | D74: white European | E74: 945 | F74: ≥ 95% | G74: 1) Duplicates 2) Gender discrepancy 3) Contaminated samples 4) Relatedness | H74: 927 | I74: measured | J74: [PMID:21909110] Wain LV,Verwoert GC, O'Reilly PF, et al. Genome-wide association study identifies six new loci influencing pulse pressure and mean arterial pressure. Nat Genet 2001, 43:1005-1011. 2. International Consortium for Blood Pressure Genome-Wide Association Studies, et al. Genetic Variants in novel pathways influence blood pressure and cardiovascular disease risk. Nature 2011, 478:103-109.
A75: LOLIPOP_EWA | B75: London Life Sciences Prospective Population Study | C75: Population-based with some enrichment | D75: white European | E75: 878 | F75: ≥ 95% | G75: 1) Duplicates 2) Gender discrepancy 3) Contaminated samples 4) Relatednesss 5) Samples already in EW610 | H75: 513 | I75: measured | J75: [PMID:18940312] Yuan X, Waterworth D, Perry JR, et al. Population-based genome-wide association studies reveal six loci influencing plasma levels of liver enzymes. Am J Hum Genet 2008, 83:520-528
A76: LOLIPOP_EWP | B76: London Life Sciences Prospective Population Study | C76: Population-based with some enrichment | D76: white European | E76: 1006 | F76: ≥ 95% | G76: 1) Duplicates 2) Gender discrepancy 3) Contaminated samples 4) Relatednesss 5) Samples already in EW610 | H76: 651 | I76: measured | J76: [PMID:18193046] Kooner JS, Chambers JC, Aguilar-Salinas CA, et al. Genome-wide scan identifies variation in MLXIPL associated with plasma triglycerides. Nat Genet 2008, 40:149-151.
A77: MGS | B77: Molecular Genetics of Schizophrenia/NIMH Repository Control Sample | C77: Population-based (survey research method) | D77: white European descent | E77: 2681 | F77: 0.997 | G77: 1) Call rate < 97% for samples,95% for SNPs 2) Heterozygosity <26% or >28.5% 3) Excess duplicate discordancies or mendelian errors (SNPs) 4) Ethnic outliers (principal component scores) 5) Related individuals and duplicates 6) Missing body weight or height | H77: 2597 | I77: self-report | J77: [PMID: 19571809] Shi, J, et al. Common variants on chromosome 6p22.1 are associated with schizophrenia. Nature. 2009 Aug 6;460(7256):753-7. [PMID: 18198266] Sanders, A.R. No significant association of 14 candidate genes with schizophrenia in a large European ancestry sample: implications for psychiatric genetics. Am J Psychiatry. 2008 Apr;165(4):497-506.
A78: NELSON | B78: Dutch and Belgian Lung Cancer Screening Trial | C78: Current and former heavy smokers | D78: white European | E78: 3082 | F78: ≥ 98% | G78: 1) Heterozygosity > 2d from mean 2) Ethnic outliers 4) Related individuals (r2>0.2) and duplicates 5) Missing body weight and height | H78: 1135 | I78: measured | J78: 1) PMID: 17131307 van Iersel CA et al. Risk-based selection from the general population in a screening trial: selection criteria, recruitment and power for the Dutch-Belgian randomised lung cancer multi-slice CT screening trial (NELSON). Int J Cancer 2007;120:868e74. 2) van Setten J, et al., Genome-wide association study of coronary and aortic calcification implicates risk loci for coronary artery disease and myocardial infarction, Atherosclerosis (2013), http://dx.doi.org/10.1016/j.atherosclerosis.2013.02.039
A79: PLCO2 | B79: Prostate, Lung, Colorectal, and Ovarian Cancer Screening Trial | C79: Population-based case/control study of cancer | D79: white European | E79: 4219 | F79: >98% | G79: 1) Sex discordance with genetic data 2) Heterozygosity 3) Ancestry outliers 4) Related individuals and duplicates 5) Missing phenotype data | H79: 4,175 (Cancer - 2,975/1,200) | I79: self-report | J79: [PMID: 21490707] Cornelis MC, et al. Genome-wide meta-analysis identifies regions on 7p21 (AHR) and 15q24 (CYP1A2) as determinants of habitual caffeine consumption. PLoS Genet. 2011 Apr;7(4):e1002033.
A80: PROCARDIS | B80: Precocious Coronary Artery Disease | C80: Case/control study of CAD | D80: white European | E80: 13000 | F80: ≥ 95% | G80: 1) Ethnic outliers 2) Missing body weight and height | H80: 7,279 (CAD - 5,621/1,658) | I80: measured | J80: [PMID: 21378988], [PMID: 18048406]
A81: PROSPER/PHASE | B81: The PROspective study of Pravastatin in the Elderly at Risk for vascular disease | C81: Randomized controlled trial | D81: white European | E81: 5784 | F81: ≥ 97.5% | G81: 1) Heterozygosity 2) Ethnic outliers 3) Related individuals and duplicates | H81: 5244 | I81: measured | J81: 1) Shepherd J, Blauw GJ, Murphy MB, Cobbe SM, Bollen EL, Buckley BM, et al. The design of a prospective study of Pravastatin in the Elderly at Risk (PROSPER). PROSPER Study Group. PROspective Study of Pravastatin in the Elderly at Risk. Am J Cardiol 1999 Nov 15;84(10):1192-7. 2) Shepherd J, Blauw GJ, Murphy MB, Bollen EL, Buckley BM, Cobbe SM, et al. Pravastatin in elderly individuals at risk of vascular disease (PROSPER): a randomised controlled trial. Lancet 2002 Nov 23;360(9346):1623-30. (3) Trompet S, Craen de AJM, Postmus I, Ford I, Sattar N, Stott DJ, et al. Replication of LDL GWAs hits in PROSPER/PHASE as validation for future (pharmaco)genetic analyses. BMC Med Genet. 2011 Oct 6;12:131.
A82: QFS | B82: Quebec Family Study | C82: Population-based | D82: white, French-Canadian | E82: 951 | F82: ≥ 95% | G82: N/A | H82: 860 | I82: measured | J82: [PMID: 3391737] Bouchard et al., Inheritance of the amount and distribution of human body fat. International Journal of Obesity 12, 205-215 (1988).
A83: QIMR | B83: Twin study at Queensland Instutite of Medical Rearch | C83: Population-based | D83: white European | E83: 11930 | F83: ≥ 95% | G83: 1) Age < 18 2) Ethnic outliers 3) Related individuals and duplicates 4) Missing body weight and height | H83: 3627 | I83: measured or self-reported | J83: [PMID: 19896111] Medland, 2009 Common Variants in the Trichohyalin Gene Are Associated with Straight Hair in Europeans.
A84: RISC | B84: Relationship between Insulin Sensitivity and Cardiovascular disease Study | C84: Population-based | D84: white European | E84: 1566 | F84: >95% | G84: 1) Non-European descent 2) Sex mismatches | H84: 1031 | I84: measured | J84: [PMID:14968294] Hills, S.A. et. al, The EGIR-RISC STUDY (The European group for the study of insulin resistance: relationship between insulin sensitivity and cardiovascular disease risk): I. Methodology and objectives, Diabetologia, 47, 556-570 (2004)
A85: RSIII | B85: Rotterdam Study III | C85: Population-based | D85: white European | E85: 3932 | F85: ≥ 97.5% | G85: 1) Gender mismatch with typed X-linked markers 2) Excess autosomal heterozygosity (F<-0.055) 3) Duplicates and/or 1st degree relatives using IBD PiHAT >40% from PLINK 4) Ethnic outliers IBS distances > 4SD mean HapMap CEU cluster from PLINK 5) Missing body weight and height | H85: 2006 | I85: measured | J85: [PMID: 11753597] {Visscher, 2001 A comparison of body mass index, waist-hip ratio and waist circumference as predictors of all-cause mortality among the elderly: the Rotterdam study}; [PMID:19700477] {Estrada, 2009 GRIMP: a web- and grid-based tool for high-speed analysis of large-scale genome-wide association using imputed data}; [PMID:21877163] {Hofman, 2011 The Rotterdam Study: 2012 objectives and design update}; [PMID:1833235] {Hofman, 1991 Determinants of disease and disability in the elderly: the Rotterdam Elderly Study};
A86: SHIP-TREND | B86: Study of Health in Pomerania - TREND | C86: Population-based | D86: white European | E86: 997 | F86: ≥ 94% | G86: 1) Duplicate samples (by estimated IBD) 2) Reported/genotyped gender mismatch | H86: 986 | I86: measured | J86: [PMID: 20167617] Völzke, H. et al. Cohort profile: the study of health in Pomerania.
A87: Sorbs | B87: Sorbs are self-contained population from Eastern Germany, European Descent | C87: Population-based | D87: white European | E87: 1097 | F87: ≥ 94% | G87: 1) Gender mismatch 2) ethnic outliers 3) duplicates | H87: 907 | I87: measured | J87: [PMID: 19584900] Tönjes, A. et al. Association of FTO variants with BMI and fat mass in the self-contained population of Sorbs in Germany. Eur J Hum Genet. 2010 Jan;18(1):104-10.
A88: TRAILS | B88: Tracking Adolescents' Individual Lives Survey | C88: Population-based (measured at 18yrs of age) | D88: white European | E88: 1491 | F88: ≥ 95% | G88: 1) Heterozygosity >4SD from mean 2) Ethnic outliers 3) Related individuals and duplicates 4) Sex mismatch with database 5) Missing BMI, sex, or age | H88: 1141 | I88: measured | J88: [PMID: 18263649] Huisman et al. 2008. Cohort profile: the Dutch 'TRacking Adolescents' Individual Lives Survey'; TRAILS.
A89: TWINGENE | B89: TWINGENE | C89: Population-based | D89: white European | E89: 9836 | F89: ≥ 97% | G89: 1) Heterozygosity, (F-mean(F))/sd(Z) ≥ 5 2) Sex-check based on the heterozygosity rates on the X-chromosome 3) Missing phenotypes used in analysis | H89: 9176 | I89: measured | J89: [PMID: 8981957] Hong Y, Pedersen NL, Brismar K, de Faire U. Genetic and environmental architecture of the features of the insulin-resistance syndrome. The American Journal of Human Genetics 1997 Jan;60(1):143-52.
A90: TwinsUK | B90: TwinsUK | C90: Twins cohort | D90: white European | E90: 5654 | F90: 0.98 | G90: 1) Heterozygosity <2 SD 2) Ethnic outliers 3) Related individuals and duplicates 4) Missing body weight and height | H90: 3003 | I90: measured | J90: [PMID: 22589082] Moayyeri A, Hammond CJ, Valdes AM, Spector TD. Cohort Profile: TwinsUK and Healthy Ageing Twin Study. Int J Epidemiol. (2012) doi:10.1093/ije/dyr207
A91: WGHS | B91: Women's Genome Health Study | C91: Population-based | D91: white European descent | E91: 23294 | F91: >98% | G91: 1) Includes only WGHS participants with confirmed, self-reported European ancestry 2) All SNPs have HWE p>10E-6 3) All SNPs have genotype for >90% samples 4) Only samples with biometric measures included in analysis | H91: 22888 | I91: self-report | J91: [PMID: 18070814] Ridker PM, Chasman DI, Zee RY, Parker A, Rose L, Cook NR, Buring JE; Women's Genome Health Study Working Group. Rationale, design, and methodology of the Women's Genome Health Study: a genome-wide association study of more than 25,000 initially healthy american women. Clin Chem. 2008 Feb;54(2):249-55. Epub 2007 Dec 10.
A92: YFS | B92: The Cardiovascular Risk in Young Finns Study | C92: Population-based cohort | D92: white European | E92: 2443 | F92: ≥ 95% | G92: 1) Missing gender 2) Related individuals and duplicates 3) Missing height or weight | H92: 1989 | I92: measured | J92: Raitakari OT et al. Cohort profile: The cardiovascular risk in Young Finns Study. Int J Epidemiol. 2008;37:1220-6
A93: Metabochip studies
A94: ADVANCE-CAD | B94: Atherosclerotic Disease, VAscular FuNction, & GenetiC Epidemiology study | C94: Population-based case/control study of CAD | D94: white European | E94: 1679 | F94: ≥ 95% | G94: 1) Missing body weight or height 2) Sex discrepancies | H94: 1,568 (CAD - 900/668) | I94: measured | J94: 1) PMID 16490908 Go AS, Iribarren C, Chandra M, et al. Statin and beta-blocker therapy and the initial presentation of coronary heart disease. Ann Intern Med 2006;144:229-38. 2) PMID 16840522 Taylor-Piliae RE, Norton LC, Haskell WL, et al. Validation of a New Brief Physical Activity Survey among Men and Women Aged 60-69 Years. Am J Epidemiol 2006 3)PMID 17084253 Iribarren C, Go AS, Husson G, et al. Metabolic syndrome and early-onset coronary artery disease: is the whole greater than its parts? J Am Coll Cardiol 2006;48:1800-7 4) PMID 18443000 Assimes TL, Knowles JW, Basu A, et al. Susceptibility locus for clinical and subclinical coronary artery disease at chromosome 9p21 in the multi-ethnic ADVANCE study. Hum Mol Genet 2008;17:2320-8
A95: AMC-PAS | B95: Academic Medical Centre Amsterdam Premature Atherosclerosis Study | C95: CAD cases | D95: white European | E95: 706 | F95: 0.97 | G95: 1) Heterozygosity 2) Ethnic outliers 3) Duplicates 4) Missing phenotypes 5) Call rate < 0.95 | H95: 490 (CAD - 490 cases) | I95: measured | J95: [PMID:19164808]
A96: ARIC Metabochip | B96: Atherosclerosis Risk in Communities | C96: Population-based | D96: African American | E96: 3330 | F96: ≥ 95% | G96: 1) Mendelian errors in YRI > 1 (out of 30 trios) 2) Discordant calls on YRI > 3 (out of 90 samples) 3) Discordant calls from GenoSNP > 3.3% 4) ARIC Metabochip consensus vs HapMap database > 3 (out of 90 samples) | H96: 3297 | I96: measured | J96: PMID: 2646917 (1989) The Atherosclerosis Risk in Communities (ARIC) Study: design and objectives. The ARIC investigators. Am J Epidemiol, 129, 687-702.
A97: B1958C | B97: 1958 British Birth Cohort | C97: Population-based | D97: white European | E97: 2359 | F97: For SNPs with MAF >=5% : >=95% For SNPs with >=1% MAF<5%: >=99% | G97: 1) MAF<=1% 2) Genotype clustering 3) Call rate 4) HWE 5) MI of alleles 6) Concordance rate 7) Correct SNP mapping | H97: 2211 | I97: measured
A98: BHS | B98: Busselton Health Study | C98: Case/control study of CAD | D98: white European | E98: 270 | F98: ≥ 99% | G98: 1) Relatedness 2) Missing BMI | H98: 262 (CAD - 124/138) | I98: measured | J98: [PMID: 15486340] James AL, Palmer LJ, Kicic E, Maxwell PS, Lagan SE, Ryan GF, Musk AW. Decline in lung function in the Busselton Health Study: the effects of asthma and cigarette smoking. Am J Respir Crit Care Med. 2005 Jan 15;171(2):109-14.
A99: CARDIOGENICS | B99: CARDIOGENICS | C99: Case/control study of CAD | D99: European | E99: 806 | F99: 0.98 | G99: 1) Heterozygosity 2) Ethnic outliers 3) Duplicates 4) Missing phenotypes 5) Call rate< 0.95 | H99: 754 (CAD - 379/375) | I99: measured | J99: [PMID: 17634449]
A100: CLHNS | B100: Cebu Longitudinal Health and Nutrition Survey (Offspring) | C100: Population-based | D100: Filipino | E100: 1858 | F100: ≥ 98.6% | G100: 1) Related individuals and duplicates 2) Missing covariates or phenotypes | H100: 1747 | I100: measured | J100: [PMID: 20507864] Adair LS et al. Cohort Profile: The Cebu Longitudinal Health and Nutrition Survey. Int J Epidemiol 2010;32:1–19. [PMID: 22010046] Croteau-Chonka DC et al. Population-specific coding variant underlies genome-wide association with adiponectin level. Hum Mol Genet. 21, 463-71 (2012).
...

Sheet S2-Study QC
A1: Supplementary Table 2. Information on genotyping methods, quality control of SNPs, imputation, and statistical analysis for genome-wide association studies and Metabochip studies
A2: Study | B2: Genotyping | H2: Imputation | K2: Association analyses
B3: Platform | C3: Genotype calling algorithm | D3: Inclusion criteria | G3: SNPs that met QC criteria | H3: Imputation software | I3: Inclusion criteria | K3: SNPs in meta-analysis | L3: Analysis software
D4: MAF | E4: Call rate* | F4: HWE P | I4: MAF | J4: Imputation quality*
A5: Previous genome-wide association studies (Speliotes et al., 2010)
A6: AGES | B6: Illumina Human370CNV | C6: BeadStudio | D6: ≥ 1% | E6: ≥ 95% | F6: > 10-6 | G6: 308340 | H6: MACH | I6: none | J6: r2_hat ≥ 0.30 | K6: 2458927 | L6: ProbABEL
A7: Amish | B7: Affymetrix GeneChip Human Mapping 500K | C7: BRLMM | D7: ≥ 1% | E7: ≥ 95% | F7: > 10-6 | G7: 338598 | H7: MACH | I7: none | J7: r2_hat ≥ 0.30 | K7: 2291092 | L7: MMAP
A8: ARIC | B8: Affymetrix Genome-Wide Human SNP Array 6.0 | C8: Birdseed | D8: ≥ 1% | E8: ≥90% | F8: >10-6 | G8: 685812 | H8: MACH v1.0.16 | I8: none | J8: r2_hat ≥ 0.30 | K8: 2511301 | L8: ProbABEL
A9: B58C (T1DGC) | B9: Illumina HumanHap 550 V.1 | C9: ILLUMINUS | D9: > 0% | E9: none | F9: none | G9: 539458 | H9: MACH | I9: none | J9: r2_hat ≥ 0.30 | K9: 2507904 | L9: ProbABEL
A10: B58C (WTCCC) | B10: Affymetrix GeneChip Human Mapping 500K | C10: CHIAMO | D10: > 0% | E10: none | F10: none | G10: 490032 | H10: IMPUTE | I10: none | J10: proper-info ≥ 0.40 | K10: 2448867 | L10: SNPTEST
A11: BRIGHT | B11: Affymetrix GeneChip Human Mapping 500K | C11: CHIAMO | D11: ≥5% | E11: ≥ 95% | F11: > 10-6 | G11: 387666 | H11: IMPUTE | I11: none | J11: proper-info ≥ 0.40 | K11: 2429493 | L11: SNPTEST
A12: CAD_WTCCC | B12: Affymetrix GeneChip Human Mapping 500K | C12: CHIAMO | D12: >5% | E12: ≥ 95% | F12: > 10-6 | G12: 387667 | H12: IMPUTE | I12: none | J12: proper-info ≥ 0.40 | K12: 2430162 | L12: SNPTEST
A13: CAPS1 cases | B13: Affymetrix GeneChip Human Mapping 500K | C13: BRLMM | D13: ≥ 1% | E13: ≥ 95% | F13: > 10-7 | G13: 330124 | H13: IMPUTE | I13: none | J13: proper-info ≥ 0.40 | K13: 2388288 | L13: SNPTEST
A14: CAPS1 controls | B14: Affymetrix GeneChip Human Mapping 500K | C14: BRLMM | D14: ≥ 1% | E14: ≥ 95% | F14: > 10-7 | G14: 330124 | H14: IMPUTE | I14: none | J14: proper-info ≥ 0.40 | K14: 2391197 | L14: SNPTEST
A15: CAPS2 cases | B15: Affymetrix GeneChip Human Mapping 5.0K | C15: BLRMM-P | D15: ≥ 1% | E15: ≥ 95% | F15: > 10-7 | G15: 348163 | H15: IMPUTE | I15: none | J15: proper-info ≥ 0.40 | K15: 2416628 | L15: SNPTEST
A16: CAPS2 controls | B16: Affymetrix GeneChip Human Mapping 5.0K | C16: BLRMM-P | D16: ≥ 1% | E16: ≥ 95% | F16: > 10-7 | G16: 348163 | H16: IMPUTE | I16: none | J16: proper-info ≥ 0.40 | K16: 2392236 | L16: SNPTEST
A17: CHS | B17: Illumina 370-CNV | C17: BeadStudio | D17: -** | E17: >97% | F17: > 10-5 | G17: 306655 | H17: BimBam | I17: >1% | J17: r2_hat ≥ 0.30 | K17: 2191627 | L17: R
... A53: VIS | B53: ILLUMINA318K | C53: BeadStudio | D53: ≥ 1% | E53: ≥ 98% | F53: > 10-6 | G53: 317465 | H53: MACH 1.0 | I53: none | J53: r2_hat ≥ 0.30 | K53: 2423020 | L53: ProbABEL
A54: New genome-wide association studies
A55: AE | B55: Affymetrix Genome-Wide Human SNP Array 5.0 | C55: BRLMM-P | D55: ≥ 3% | E55: ≥ 97% | F55: > 10-6 | G55: 403789 | H55: BEAGLE v3.3.2 | I55: - | J55: Uploaded without filtering | K55: 2416861 | L55: PLINK v1.07 and GoldenHelix SVS 7.7.3
A56: ASCOT | B56: Illumina HumanCNV 370 | C56: BeadStudio | D56: >0% | E56: ≥ 97% | F56: >10-7 | G56: 283291 | H56: MACH | I56: none | J56: r2 hat ≥0.3 | K56: 2,477, 983 | L56: MACH2QTL
A57: BLSA | B57: Illumina 550K | C57: BeadStudio | D57: ≥ 1% | E57: ≥ 99% | F57: > 10-4 | G57: 514027 | H57: MACH1.0 | I57: ≥1% | J57: Rsq ≥ 0.30 | K57: 2557230 | L57: MERLIN
A58: BNS (BHS) | B58: Illumina Human 610-Quad | C58: BeadStudio | D58: ≥ 1% | E58: ≥ 95% | F58: > 10-6 | G58: 549284 | H58: MACH | I58: ≥1% | J58: proper-info ≥ 0.30 | K58: 1977680 | L58: R
A59: COROGENE | B59: Illumina BeadChip Human 610-Quad | C59: Illuminus | D59: ≥ 1% | E59: ≥ 95% | F59: > 10-6 | G59: 554988 | H59: MACH | I59: ≥1% | J59: none | K59: 2543887 | L59: PLINK
A60: DESIR | B60: Illumina Human CNV370-Duo Array and Illumina HAP300 array | C60: Illumina Beadstation Genotyping Solution GenomeStudio v2010.2 | D60: ≥ 1% | E60: ≥ 95% | F60: > 10-4 | G60: 291609 | H60: IMPUTE | I60: ≥1% | J60: proper-info ≥ 0.40 | K60: 2544187 | L60: SNPTEST
A61: DNBC | B61: ILLUMINA660w-quad | C61: BeadStudio Genotyping Module, version 3.3.7 | D61: ≥ 0.5% | E61: ≥ 98% | F61: > 10-3 | G61: 518097 | H61: MACH | I61: No exclusions made based on MAF or imputation quality | J61: Uploaded without filtering | K61: 2549123 | L61: MACH2QTL
A62: EGCUT-370 | B62: Illumina Human370CNV | C62: GenomeStudio | D62: ≥ 1% | E62: ≥ 97% | F62: > 10-6 | G62: 320955 | H62: IMPUTE | I62: ≥ 1% | J62: proper-info ≥ 0.40 | K62: 2341594 | L62: SNPTEST
A63: EGCUT-OMNI | B63: Illumina OMNI-Express | C63: GenomeStudio | D63: ≥ 1% | E63: ≥ 97% | F63: > 10-6 | G63: 647357 | H63: IMPUTE | I63: ≥ 1% | J63: proper-info ≥ 0.40 | K63: 2375437 | L63: SNPTEST
A64: Erasmus Ruchphen Family Study (ERF) | B64: Illumina 318K, Illumina 370K and Affymetrix 250K | C64: Illumina Bead Studio, BRLMM | D64: ≥ 1% | E64: ≥ 98% | F64: > 10-6 | G64: 450877 | H64: MACH | I64: ≥1% | J64: Uploaded without filtering | K64: Uploaded without filtering | L64: ProbABEL / GenABEL
A65: FamHS | B65: Illumina HumMap 550K, Human 610-Quadv1 Illumina, Human 1M-Duov3 Illumina | C65: BeadStudio GENCALL v3.0 | D65: ≥ 1% | E65: ≥ 98% | F65: > 10-6 | G65: 849551 | H65: MACH 1.0.16 | I65: ≥1% | J65: r2_hat>0.30 | K65: 2543887 | L65: pipeline
A66: FinGesture cases | B66: Affymetrix Genome-Wide Human SNP Array 6.0 | C66: Birdseed | D66: ≥ 5% | E66: ≥ 95% | F66: > 10-6 | G66: 606717 | H66: MACH | I66: 0 | J66: r2-hat ≥ 0.30 | K66: 665 | L66: MACH2QTL
A67: GOOD | B67: Illumina Infinium HumanHap 610K | C67: BeadStudio | D67: ≥ 1% | E67: ≥ 98% | F67: > 10-6 | G67: 521160 | H67: MACH | I67: none | J67: none | K67: 2543887 | L67: MACH2QTL
A68: Health ABC | B68: Illumina 1M-Duo | C68: Beadchip | D68: ≥ 1% | E68: ≥ 97% | F68: > 10-6 | G68: 914263 | H68: MACH | I68: n/a | J68: R-sq>0.3 | K68: 2543887 | L68: R
A69: HBCS | B69: Illumina custom made BeadChip Human 670-Quad | C69: Illuminus | D69: ≥ 1% | E69: ≥ 95% | F69: > 10-6 | G69: 533491 | H69: MACH | I69: ≥1% | J69: none | K69: 2543887 | L69: PLINK
A70: HERITAGE Family Study | B70: Illumina HumanCNV370-Quad v3.0 | C70: Illumina Genome Studio | D70: ≥ 1% | E70: ≥ 99% | F70: > 10-6 | G70: 324607 | H70: MACH | I70: ≥1% | J70: r2 > 0.3 | K70: 2453887 | L70: ProbABEL
A71: InCHIANTI | B71: Illumina 550K | C71: BeadStudio | D71: ≥ 1% | E71: ≥ 99% | F71: > 10-4 | G71: 495343 | H71: MACH | I71: ≥1% | J71: Rsq ≥ 0.30 | K71: 2461088 | L71: MERLIN
A72: IPM (Mount Sinai BioMe) | B72: Affymetrix SNP 6.0 | C72: Birdsuite | D72: ≥ 1% | E72: ≥ 95% | F72: > E-3 | G72: 665889 | H72: MACH | I72: all | J72: Uploaded without filtering | K72: 3021329 | L72: MACH2QTL
A73: LifeLines | B73: Illumina Cyto SNP12 v2 | C73: GenomeStudio | D73: ≥ 1% | E73: ≥ 95% | F73: > 10-4 | G73: 257.581 | H73: BEAGLE v3.1.0 | I73: >0% | J73: Uploaded without filtering | K73: 2472812 | L73: PLINK1.07
A74: LLS | B74: Illumina Infinium HD Human660W-Quad, Illumina Infinium HD Human OmniExpress | C74: BeadStudio | D74: ≥ 1% | E74: ≥ 95% | F74: > 10-4 | G74: 516712 | H74: IMPUTE | I74: ≥1% | J74: R2T QTassoc ≥ 0.40 | K74: 3801289 | L74: QT-assoc
A75: LOLIPOP_EW610 | B75: Illumina Human610 | C75: BeadStudio | D75: ≥ 1% | E75: ≥ 90% | F75: > 10-6 | G75: 544620 | H75: MACH | I75: All | J75: Uploaded without filtering | K75: 2543887 | L75: MACH2QTL
A76: LOLIPOP_EWA | B76: Affymetrix 500K | C76: BRLMN | D76: ≥ 1% | E76: ≥ 90% | F76: > 10-6 | G76: 374773 | H76: MACH | I76: All | J76: Uploaded without filtering | K76: 2557252 | L76: MACH2QTL
A77: LOLIPOP_EWP | B77: Perlegen custom | C77: Perlegen custom | D77: ≥ 1% | E77: ≥ 90% | F77: > 10-6 | G77: 184469 | H77: MACH | I77: All | J77: Uploaded without filtering | K77: 2177742 | L77: MACH2QTL
A78: MGS | B78: Affymetrix Genome-Wide Human SNP Array 6.0 | C78: Birdsuite 2.0 | D78: ≥ 1% | E78: ≥ 95% | F78: > 10-6 | G78: 696492 | H78: MACH 1.0 | I78: ≥1% | J78: r2-hat ≥ 0.30 | K78: 696492 | L78: PLINK and local software
... A80: PLCO2 | B80: Illumina HumanHap 550K; Illumina HumanHap 610K | C80: Bead Studio | D80: monomorphic SNPs | E80: ≥ 90% | F80: - | G80: 525262 | H80: IMPUTE | I80: ≥1% | J80: proper-info ≥ 0.40 | K80: 2564030 | L80: SNPTEST
A81: PROCARDIS | B81: Illumina 1M, Illumina 610K | C81: BeadStudio | D81: ≥ 1% | E81: ≥ 95% | F81: > 10-6 | G81: 460920 | H81: MACH | J81: Uploaded without filtering | K81: 2543887 | L81: STATA
A82: PROSPER/PHASE | B82: Illumina 660K beadchip | C82: BeadStudio | D82: ≥ 1% | E82: ≥ 97,5% | F82: > 10-6 | G82: 557.192 | H82: MACH | I82: - | J82: Uploaded without filtering | K82: 2543887 | L82: ProbABEL
A83: QFS | B83: Illumina 610-Quad chip | C83: BeadStudio | D83: ≥ 1% | E83: ≥ 95% | F83: > 10-4 | G83: 543713 | H83: MACH | I83: ≥1% | J83: R2 ≥ 0.30 | K83: 2562194 | L83: GWAF
A84: QIMR | B84: Illumina HumanHap 370 or 610 | C84: BeadStudio | D84: ≥ 1% | E84: ≥ 95% | F84: > 10-6 | G84: 271069 | H84: MACH | I84: ≥1% | J84: > 0.3 | K84: 2543887 | L84: PLINK
A85: RISC | B85: Affymetrix 6.0 | C85: Birdseed | D85: >1% | E85: ≥98% | F85: > 10-4 | G85: 747423 | H85: MACH | I85: >1% | J85: r2 ≥ 0.3 | K85: 2500497 | L85: MACH2QTL
A86: RSIII | B86: Illumina / HumanHap 610 QUAD | C86: GenomeStudio Genecall | D86: ≥ 1% | E86: ≥ 97.5% | F86: > 10-6 | G86: 514073 | H86: MACH | I86: ≥1% | J86: MACH R2≥0.3 | K86: 2543887 | L86: MACH2QTL
A87: SHIP-TREND | B87: Illumina Human Omni 2.5 | C87: GenCall | D87: > 0% | E87: > 90% | F87: > 10-4 | G87: 1782967 | H87: IMPUTE | I87: NA | J87: Uploaded without filtering | K87: 3437411 | L87: QUICKTEST
A88: Sorbs | B88: 500K Affymetrix GeneChip and Affymetrix Genome-Wide Human SNP Array 6.0 | C88: BRLMM (500K), Birdseed (6.0) | D88: ≥ 1% | E88: ≥ 95% | F88: > 10-4 | G88: 378513 | H88: IMPUTE | I88: >1% | J88: proper-info ≥ 0.40 | K88: 2352557 | L88: SNPTEST
A89: TRAILS | B89: Illumina Cyto SNP12 v2 | C89: GenomeStudio | D89: ≥ 1% | E89: ≥ 95% | F89: > 10-4 | G89: 260077 | H89: IMPUTE2 | I89: all | J89: Uploaded without filtering | K89: 2631501 | L89: SNPTEST v2.2.0
A90: TWINGENE | B90: Illumina HumanOmniExpress | C90: GenomeStudio 2010.3 | D90: ≥ 1% | E90: ≥ 97% | F90: > 10-7 | G90: 644556 | H90: IMPUTE2 | I90: NA | J90: Uploaded without filtering | K90: 2585373 | L90: PLINK
A91: TwinsUK | B91: Illumina HumanHap300 and HumanHap610Q | C91: Illluminus | D91: ≥ 1% | E91: >97% (MAF>5%) and >99% (1% <MAF < 5%) | F91: > 10-6 | G91: 303940 (Hap300) and 553,487 (Hap610Q) | H91: IMPUTE | I91: ≥1% | J91: proper-info ≥ 0.40 | K91: 3044097 | L91: SNPTEST
A92: WGHS | B92: Illumina HumanHap300 Duo "+" | C92: BeadStudio v 3.3 | D92: NA | E92: ≥ 90% | F92: > 10-6 | G92: 339596 | H92: MACH | I92: NA | J92: none | K92: 2608508 | L92: R
A93: YFS | B93: Illumina custom made BeadChip Human 670-Quad | C93: Illuminus | D93: ≥ 1% | E93: ≥ 95% | F93: > 10-6 | G93: 546674 | H93: MACH | I93: ≥1% | J93: none | K93: 2543887 | L93: PLINK
A94: Metabochip studies
A95: ADVANCE-CAD cases (females) | B95: Illumina Metabochip | C95: GenCall | D95: > 0% | E95: NA | F95: > 0.001 | G95: 195827 | H95: NA | I95: NA | J95: NA | K95: 195827 | L95: PLINK
A96: ADVANCE-CAD cases (males) | B96: Illumina Metabochip | C96: GenCall | D96: > 0% | E96: NA | F96: > 0.001 | G96: 195050 | H96: NA | I96: NA | J96: NA | K96: 195050 | L96: PLINK
A97: ADVANCE-CAD controls (females) | B97: Illumina Metabochip | C97: GenCall | D97: > 0% | E97: NA | F97: > 0.001 | G97: 195679 | H97: NA | I97: NA | J97: NA | K97: 195679 | L97: PLINK
A98: ADVANCE-CAD controls (males) | B98: Illumina Metabochip | C98: GenCall | D98: > 0% | E98: NA | F98: > 0.001 | G98: 195405 | H98: NA | I98: NA | J98: NA | K98: 195405 | L98: PLINK
A99: AMC-PAS | B99: Illumina Metabochip | C99: GenoSNP | D99: none | E99: ≥ 98% | F99: > 10-4 | G99: 169807 | H99: NA | I99: NA | J99: NA | K99: 169807 | L99: PLINK
A100: ARIC Metabochip | B100: Illumina Metabochip | C100: Gene Call | D100: >0% | E100: > 95% | F100: > 10-6 | G100: 161098 | H100: NA | I100: NA | J100: NA | K100: 161098 | L100: PLINK
A101: B1958C | B101: Illumina Metabochip | C101: GeneCall | D101: >=1% | E101: >=95% | F101: >10-6 | G101: 180655 | H101: NA | I101: NA | J101: NA | K101: 180655 | L101: SNPTEST
A102: BHS | B102: Illumina Metabochip | C102: Genome Studio | D102: none | E102: none | F102: none | G102: 129565 | H102: NA | I102: NA | J102: NA | K102: 129565 | L102: GenABEL
A103: CARDIOGENICS | B103: Illumina Metabochip | C103: GenoSNP | D103: none | E103: ≥ 98% | F103: > 10-5 | G103: 177614 | H103: NA | I103: NA | J103: NA | K103: 177614 | L103: PLINK
A104: CLHNS | B104: Illumina MetaboChip | C104: GenTrain1 | D104: none | E104: > 97% | F104: none | G104: 186215 | H104: NA | I104: NA | J104: NA | K104: 186215 | L104: PLINK
A105: D2D2007 cases | B105: Illumina Metabochip | C105: BeadStudio version 3.3.7, Gentrain version 1.0 | D105: > 0% | E105: ≥ 98.15% | F105: provided p for all SNPs but did not exclude | G105: 194729 | H105: NA | I105: NA | J105: NA | K105: 138569 | L105: EMMAX
A106: D2D2007 controls | B106: Illumina Metabochip | C106: BeadStudio version 3.3.7, Gentrain version 1.0 | D106: > 0% | E106: ≥ 98.15% | F106: provided p for all SNPs but did not exclude | G106: 194729 | H106: NA | I106: NA | J106: NA | K106: 145465 | L106: EMMAX
... A157: WTCCC-T2D | B157: Illumina Metabochip | C157: GeneCall | D157: >=1% | E157: >=95% | F157: >10-6 | G157: 180655 | H157: NA | I157: NA | J157: NA | K157: 180655 | L157: SNPTEST
A158: Additional Studies
A159: HRS | B159: Illumina Omni2.5 Beadchip | C159: Genome Studio | D159: ≥ 1% | E159: ≥ 98% | F159: > 10-4 | G159: 1681327 | H159: MACH | I159: ≥1% | J159: R2 ≥ 0.40 | K159: N/A | L159: N/A

Sheet S3-Study Descriptives
A1: Supplementary Table 3. Study-specific descriptive statistics genome-wide association studies and Metabochip studies
A2: Study | B2: Available phenotypes | C2: Trait | D2: Men | M2: Women
D3: N | E3: Mean | F3: SD | G3: Median | H3: Min. | I3: Max. | J3: Correlation with BMI | K3: Correlation with height | M3: N | N3: Mean | O3: SD | P3: Median | Q3: Min. | R3: Max. | S3: Correlation with BMI | T3: Correlation with height
A4: Previous genome-wide association studies (Speliotes et al., 2010)
A5: AGES | B5: Height, BMI, Weight | C5: Age (yrs) | D5: 1352 | E5: 49.685651 | F5: 5.8658455 | G5: 50 | H5: 34 | I5: 75 | J5: NA | K5: NA | M5: 1867 | N5: 52 | O5: 6.543121 | P5: 52 | Q5: 34 | R5: 77 | S5: NA | T5: NA
C6: BMI (kg/m²) | D6: 1351 | E6: 25.624599 | F6: 3.0871135 | G6: 25.477925 | H6: 16.940875 | I6: 38.612985 | J6: NA | K6: NA | M6: 1856 | N6: 24.890886 | O6: 3.8120893 | P6: 24.306168 | Q6: 13.652445 | R6: 50.414142 | S6: NA | T6: NA
C7: Weight (kg) | D7: 1351 | E7: 81.3245 | F7: 11.412217 | G7: 80.4 | H7: 51 | I7: 139 | J7: NA | K7: NA | M7: 1856 | N7: 67.13125 | O7: 10.50636 | P7: 66 | Q7: 32.8 | R7: 140.6 | S7: NA | T7: NA
C8: Height (m) | D8: 1352 | E8: 1.7802308 | F8: 0.061304014 | G8: 1.78 | H8: 1.56 | I8: 1.98 | J8: NA | K8: NA | M8: 1867 | N8: 1.642677 | O8: 0.053598475 | P8: 1.64 | Q8: 1.45 | R8: 1.83 | S8: NA | T8: NA
A10: Amish | B10: Height, BMI, Weight | C10: Age (yrs) | D10: 468 | E10: 45.9 | F10: 16.6 | G10: 43 | H10: 20 | I10: 98 | J10: NA | K10: NA | M10: 437 | N10: 47.5 | O10: 15.1 | P10: 48 | Q10: 20 | R10: 95 | S10: NA | T10: NA
C11: BMI (kg/m²) | D11: 468 | E11: 26.3 | F11: 3.5 | G11: 26 | H11: 18.6 | I11: 39 | J11: NA | K11: NA | M11: 437 | N11: 28.5 | O11: 5.7 | P11: 28.3 | Q11: 16.9 | R11: 47.1 | S11: NA | T11: NA
C12: Weight (kg) | D12: 468 | E12: 78.6 | F12: 11.7 | G12: 77 | H12: 49.4 | I12: 112.8 | J12: NA | K12: NA | M12: 437 | N12: 73.5 | O12: 14.4 | P12: 71.9 | Q12: 37.8 | R12: 114.3 | S12: NA | T12: NA
C13: Height (m) | D13: 468 | E13: 1.727 | F13: 0.0655 | G13: 1.73 | H13: 1.48 | I13: 1.93 | J13: NA | K13: NA | M13: 437 | N13: 1.6073 | O13: 0.0605 | P13: 1.61 | Q13: 1.39 | R13: 1.75 | S13: NA | T13: NA
A15: ARIC | B15: Height, BMI, Weight | C15: Age (yrs) | D15: 3822 | E15: 54.68786 | F15: 5.696517 | G15: 55 | H15: 44 | I15: 66 | J15: NA | K15: NA | M15: 4286 | N15: 53.9692 | O15: 5.666004 | P15: 54 | Q15: 44 | R15: 66 | S15: NA | T15: NA
C16: BMI (kg/m²) | D16: 3822 | E16: 27.48043 | F16: 4.008091 | G16: 26.974 | H16: 17.20832 | I16: 56.25701 | J16: NA | K16: NA | M16: 4286 | N16: 26.63439 | O16: 5.522475 | P16: 25.454 | Q16: 14.38378 | R16: 55.19864 | S16: NA | T16: NA
C17: Weight (kg) | D17: 3822 | E17: 85.5391 | F17: 13.76262 | G17: 84.1 | H17: 44.54546 | I17: 182.2727 | J17: NA | K17: NA | M17: 4286 | N17: 69.99788 | O17: 14.98863 | P17: 66.8 | Q17: 36.36364 | R17: 141.8182 | S17: NA | T17: NA
C18: Height (m) | D18: 3822 | E18: 1.76338 | F18: 0.0645629 | G18: 1.76 | H18: 1.49 | I18: 1.99 | J18: NA | K18: NA | M18: 4286 | N18: 1.62109 | O18: 0.058799 | P18: 1.62 | Q18: 1.37 | R18: 1.87 | S18: NA | T18: NA
A20: B58C (T1DGC) | B20: Height, BMI, Weight | C20: Age (yrs) | D20: 1259 | E20: 45.31 | F20: 0.34 | G20: 45.33 | H20: 44.5 | I20: 46 | J20: NA | K20: NA | M20: 1328 | N20: 45.27 | O20: 0.34 | P20: 45.25 | Q20: 44.5 | R20: 46 | S20: NA | T20: NA
C21: BMI (kg/m²) | D21: 1259 | E21: 28.02 | F21: 4.19 | G21: 27.56 | H21: 16.84 | I21: 51.63 | J21: NA | K21: NA | M21: 1328 | N21: 26.97 | O21: 5.58 | P21: 25.73 | Q21: 17.18 | R21: 52.2 | S21: NA | T21: NA
C22: Weight (kg) | D22: 1259 | E22: 87.05 | F22: 14.41 | G22: 86 | H22: 50.8 | I22: 177.1 | J22: NA | K22: NA | M22: 1328 | N22: 71.63 | O22: 15.45 | P22: 68.4 | Q22: 43 | R22: 155.3 | S22: NA | T22: NA
C23: Height (m) | D23: 1261 | E23: 1.762 | F23: 0.066 | G23: 1.759 | H23: 1.55 | I23: 1.988 | J23: NA | K23: NA | M23: 1330 | N23: 1.629 | O23: 0.06 | P23: 1.631 | Q23: 1.4 | R23: 1.845 | S23: NA | T23: NA
A25: B58C (WTCCC) | B25: Height, BMI, Weight | C25: Age (yrs) | D25: 741 | E25: 44.89 | F25: 0.34 | G25: 44.75 | H25: 44.5 | I25: 45.6 | J25: NA | K25: NA | M25: 738 | N25: 44.89 | O25: 0.35 | P25: 44.75 | Q25: 44.5 | R25: 45.6 | S25: NA | T25: NA
C26: BMI (kg/m²) | D26: 741 | E26: 27.84 | F26: 4.29 | G26: 27.23 | H26: 15.93 | I26: 48.41 | J26: NA | K26: NA | M26: 738 | N26: 26.92 | O26: 5.44 | P26: 25.56 | Q26: 17.34 | R26: 56.55 | S26: NA | T26: NA
C27: Weight (kg) | D27: 741 | E27: 86.56 | F27: 14.63 | G27: 85.2 | H27: 51 | I27: 137.5 | J27: NA | K27: NA | M27: 738 | N27: 70.96 | O27: 14.68 | P27: 68.2 | Q27: 41.8 | R27: 139.4 | S27: NA | T27: NA
C28: Height (m) | D28: 741 | E28: 1.762 | F28: 0.069 | G28: 1.761 | H28: 1.52 | I28: 2.024 | J28: NA | K28: NA | M28: 738 | N28: 1.624 | O28: 0.063 | P28: 1.625 | Q28: 1.416 | R28: 1.795 | S28: NA | T28: NA
A30: BRIGHT | B30: Height, BMI, Weight | C30: Age (yrs) | D30: 719 | E30: 56.2879 | F30: 11.148242 | G30: 57 | H30: 21 | I30: 84 | J30: NA | K30: NA | M30: 1087 | N30: 57.425023 | O30: 11.229222 | P30: 58 | Q30: 21 | R30: 85 | S30: NA | T30: NA
C31: BMI (kg/m²) | D31: 719 | E31: 27.74346 | F31: 3.2817372 | G31: 27.678689 | H31: 17.195646 | I31: 38.256082 | J31: NA | K31: NA | M31: 1087 | N31: 27.358121 | O31: 4.0398484 | P31: 27.03373 | Q31: 16.850599 | R31: 41.664976 | S31: NA | T31: NA
C32: Weight (kg) | D32: 719 | E32: 84.223713 | F32: 11.896216 | G32: 83.45 | H32: 51 | I32: 121 | J32: NA | K32: NA | M32: 1087 | N32: 71.188864 | O32: 11.547108 | P32: 69.9 | Q32: 41.7 | R32: 122.8 | S32: NA | T32: NA
C33: Height (m) | D33: 719 | E33: 1.7413373 | F33: 0.073378459 | G33: 1.74 | H33: 1.51 | I33: 1.95 | J33: NA | K33: NA | M33: 1087 | N33: 1.6126035 | O33: 0.064153951 | P33: 1.61 | Q33: 1.39 | R33: 1.81 | S33: NA | T33: NA
A35: CAD_WTCCC | C35: Age (yrs) | D35: 1489 | E35: 59.97112 | F35: 7.980308 | G35: 61 | H35: 35 | I35: 82 | J35: NA | K35: NA | M35: 387 | N35: 60.30233 | O35: 8.470863 | P35: 61 | Q35: 36 | R35: 81 | S35: NA | T35: NA
C36: BMI (kg/m²) | D36: 1489 | E36: 27.55026 | F36: 3.908922 | G36: 27.13141 | H36: 16.53436 | I36: 53.39507 | J36: NA | K36: NA | M36: 387 | N36: 27.84169 | O36: 5.229642 | P36: 27.1809 | Q36: 12.80646 | R36: 51.7301 | S36: NA | T36: NA
C37: Weight (kg) | D37: 1489 | E37: 83.25342 | F37: 13.06662 | G37: 82.49999 | H37: 37.69999 | I37: 173 | J37: NA | K37: NA | M37: 387 | N37: 71.03995 | O37: 14.13149 | P37: 69.20001 | Q37: 29.20001 | R37: 149.5 | S37: NA | T37: NA
C38: Height (m) | D38: 1489 | E38: 1.737709 | F38: 0.06892724 | G38: 1.74 | H38: 1.4 | I38: 1.98 | J38: NA | K38: NA | M38: 387 | N38: 1.597171 | O38: 0.06638475 | P38: 1.58 | Q38: 1.42 | R38: 1.78 | S38: NA | T38: NA
A40: CAPS1 cases | C40: Age (yrs) | D40: 505 | E40: 68.147327 | F40: 7.3830482 | G40: 67.900002 | H40: 49.5 | I40: 81.099998 | J40: NA | K40: NA | M40: NA | N40: NA | O40: NA | P40: NA | Q40: NA | R40: NA | S40: NA | T40: NA
C41: BMI (kg/m²) | D41: 484 | E41: 26.420165 | F41: 3.4808103 | G41: 26.007744 | H41: 18.359375 | I41: 41.765511 | J41: NA | K41: NA | M41: NA | N41: NA | O41: NA | P41: NA | Q41: NA | R41: NA | S41: NA | T41: NA
C42: Weight (kg) | D42: 485 | E42: 82.501031 | F42: 12.264075 | G42: 82 | H42: 47 | I42: 135 | J42: NA | K42: NA | M42: NA | N42: NA | O42: NA | P42: NA | Q42: NA | R42: NA | S42: NA | T42: NA
C43: Height (m) | D43: 489 | E43: 1.7663804 | F43: 0.066497462 | G43: 1.77 | H43: 1.58 | I43: 1.97 | J43: NA | K43: NA | M43: NA | N43: NA | O43: NA | P43: NA | Q43: NA | R43: NA | S43: NA | T43: NA
A45: CAPS1 controls | C45: Age (yrs) | D45: 506 | E45: 66.35751 | F45: 7.5001039 | G45: 65.900002 | H45: 44.900002 | I45: 79.800003 | J45: NA | K45: NA | M45: NA | N45: NA | O45: NA | P45: NA | Q45: NA | R45: NA | S45: NA | T45: NA
C46: BMI (kg/m²) | D46: 483 | E46: 26.492398 | F46: 3.5825886 | G46: 26.250725 | H46: 16.604275 | I46: 58.362724 | J46: NA | K46: NA | M46: NA | N46: NA | O46: NA | P46: NA | Q46: NA | R46: NA | S46: NA | T46: NA
C47: Weight (kg) | D47: 485 | E47: 82.752577 | F47: 13.099611 | G47: 82 | H47: 53 | I47: 187 | J47: NA | K47: NA | M47: NA | N47: NA | O47: NA | P47: NA | Q47: NA | R47: NA | S47: NA | T47: NA
C48: Height (m) | D48: 491 | E48: 1.7664969 | F48: 0.065676616 | G48: 1.76 | H48: 1.58 | I48: 2.01 | J48: NA | K48: NA | M48: NA | N48: NA | O48: NA | P48: NA | Q48: NA | R48: NA | S48: NA | T48: NA
A50: CAPS2 cases | C50: Age (yrs) | D50: 1483 | E50: 66.128119 | F50: 7.0739376 | G50: 65.400002 | H50: 44.900002 | I50: 82.199997 | J50: NA | K50: NA | M50: NA | N50: NA | O50: NA | P50: NA | Q50: NA | R50: NA | S50: NA | T50: NA
C51: BMI (kg/m²) | D51: 1423 | E51: 26.337961 | F51: 3.3683179 | G51: 25.945484 | H51: 15.740741 | I51: 55.24202 | J51: NA | K51: NA | M51: NA | N51: NA | O51: NA | P51: NA | Q51: NA | R51: NA | S51: NA | T51: NA
C52: Weight (kg) | D52: 1424 | E52: 82.532303 | F52: 12.23782 | G52: 82 | H52: 47 | I52: 185 | J52: NA | K52: NA | M52: NA | N52: NA | O52: NA | P52: NA | Q52: NA | R52: NA | S52: NA | T52: NA
C53: Height (m) | D53: 1452 | E53: 1.7689256 | F53: 0.062738581 | G53: 1.77 | H53: 1.54 | I53: 2 | J53: NA | K53: NA | M53: NA | N53: NA | O53: NA | P53: NA | Q53: NA | R53: NA | S53: NA | T53: NA
A55: CAPS2 controls | C55: Age (yrs) | D55: 519 | E55: 67.24316 | F55: 7.3500968 | G55: 66.900002 | H55: 49.099998 | I55: 80.099998 | J55: NA | K55: NA | M55: NA | N55: NA | O55: NA | P55: NA | Q55: NA | R55: NA | S55: NA | T55: NA
C56: BMI (kg/m²) | D56: 500 | E56: 26.025651 | F56: 3.3226931 | G56: 25.750031 | H56: 17.55562 | I56: 45.196281 | J56: NA | K56: NA | M56: NA | N56: NA | O56: NA | P56: NA | Q56: NA | R56: NA | S56: NA | T56: NA
C57: Weight (kg) | D57: 504 | E57: 80.797619 | F57: 11.377785 | G57: 80 | H57: 55 | I57: 140 | J57: NA | K57: NA | M57: NA | N57: NA | O57: NA | P57: NA | Q57: NA | R57: NA | S57: NA | T57: NA
C58: Height (m) | D58: 511 | E58: 1.7613112 | F58: 0.061171913 | G58: 1.76 | H58: 1.59 | I58: 1.98 | J58: NA | K58: NA | M58: NA | N58: NA | O58: NA | P58: NA | Q58: NA | R58: NA | S58: NA | T58: NA
A60: CHS | B60: Height, BMI, Weight | C60: Age (yrs) | D60: 1281 | E60: 73 | F60: 5.66 | G60: 72 | H60: 65 | I60: 95 | J60: NA | K60: NA | M60: 1957 | N60: 71.9 | O60: 5.15 | P60: 71 | Q60: 65 | R60: 98 | S60: NA | T60: NA
C61: BMI (kg/m²) | D61: 1276 | E61: 26.4 | F61: 3.5 | G61: 26.1 | H61: 18.6 | I61: 44.2 | J61: NA | K61: NA | M61: 1952 | N61: 26.4 | O61: 4.78 | P61: 25.8 | Q61: 18.5 | R61: 48.3 | S61: NA | T61: NA
C62: Weight (kg) | D62: 1276 | E62: 79.7 | F62: 11.9 | G62: 79 | H62: 50 | I62: 145 | J62: NA | K62: NA | M62: 1952 | N62: 67.1 | O62: 12.9 | P62: 65.5 | Q62: 37.3 | R62: 133.2 | S62: NA | T62: NA
C63: Height (m) | D63: 1277 | E63: 1.733 | F63: 0.065 | G63: 1.73 | H63: 1.51 | I63: 1.92 | J63: NA | K63: NA | M63: 1955 | N63: 1.59 | O63: 0.061 | P63: 1.59 | Q63: 1.24 | R63: 1.78 | S63: NA | T63: NA
A65: CoLaus | B65: Height, BMI, Weight | C65: Age (yrs) | D65: 2547 | E65: 52.9237 | F65: 10.7684 | G65: 52.2 | H65: 34.9 | I65: 75.1 | J65: NA | K65: NA | M65: 2862 | N65: 53.8833 | O65: 10.7175 | P65: 53.7 | Q65: 35 | R65: 75.4 | S65: NA | T65: NA
C66: BMI (kg/m²) | D66: 2547 | E66: 26.6408 | F66: 4.1866 | G66: 26.2 | H66: 11.7 | I66: 81.1 | J66: NA | K66: NA | M66: 2861 | N66: 25.1532 | O66: 4.9076 | P66: 24.2 | Q66: 8.1 | R66: 59.2 | S66: NA | T66: NA
C67: Weight (kg) | D67: 2547 | E67: 81.544 | F67: 13.4123 | G67: 79.9 | H67: 36.5 | I67: 175.4 | J67: NA | K67: NA | M67: 2861 | N67: 66.4288 | O67: 12.9755 | P67: 64 | Q67: 21.4 | R67: 171 | S67: NA | T67: NA
C68: Height (m) | D68: 2547 | E68: 1.749705 | F68: 0.07373 | G68: 1.75 | H68: 1.33 | I68: 1.98 | J68: NA | K68: NA | M68: 2862 | N68: 1.62 | O68: 0.07 | P68: 1.63 | Q68: 1.31 | R68: 1.85 | S68: NA | T68: NA
A70: deCODE* | B70: Height, BMI, Weight | C70: Age (yrs) | D70: 9213 | E70: 64.7399 | F70: 15.9309 | G70: 78 | H70: 18 | I70: 103 | J70: NA | K70: NA | M70: 17586 | N70: 57.9416 | O70: 18.4641 | P70: 43 | Q70: 11.5 | R70: 108 | S70: NA | T70: NA
C71: BMI (kg/m²) | D71: 9213 | E71: 27.7091 | F71: 4.7047 | G71: 45.99 | H71: 14.52 | I71: 72.14 | J71: NA | K71: NA | M71: 17586 | N71: 26.8323 | O71: 5.4878 | P71: 18.56 | Q71: 13.67 | R71: 73.51 | S71: NA | T71: NA
C72: Weight (kg) | D72: 9213 | E72: 87.8943 | F72: 16.5719 | G72: 149 | H72: 40 | I72: 216 | J72: NA | K72: NA | M72: 17586 | N72: 73.485 | O72: 15.7707 | P72: 53 | Q72: 33 | R72: 220 | S72: NA | T72: NA
C73: Height (m) | D73: 9213 | E73: 1.7795 | F73: 0.068 | G73: 1.8 | H73: 1.3 | I73: 2.07 | J73: NA | K73: NA | M73: 17586 | N73: 1.6544 | O73: 0.0623 | P73: 1.69 | Q73: 1.34 | R73: 1.99 | S73: NA | T73: NA
A75: DGI cases | B75: Height, BMI, Weight | C75: Age (yrs) | D75: 688 | E75: 63.415427 | F75: 9.9116004 | G75: 64.365 | H75: 37.095449 | I75: 84.95975 | J75: NA | K75: NA | M75: 629 | N75: 65.198331 | O75: 10.122593 | P75: 66.313455 | Q75: 36.791523 | R75: 84.973441 | S75: NA | T75: NA
C76: BMI (kg/m²) | D76: 688 | E76: 28.089076 | F76: 3.8275486 | G76: 27.988056 | H76: 18.050298 | I76: 46.711274 | J76: NA | K76: NA | M76: 629 | N76: 28.615244 | O76: 4.7968635 | P76: 28.162494 | Q76: 18.51 | R76: 53.726566 | S76: NA | T76: NA
C77: Weight (kg) | D77: 688 | E77: 85.638953 | F77: 13.258119 | G77: 84.5 | H77: 53.400002 | I77: 148 | J77: NA | K77: NA | M77: 629 | N77: 74.466137 | O77: 13.312963 | P77: 73.300003 | Q77: 43.8 | R77: 141 | S77: NA | T77: NA
C78: Height (m) | D78: 688 | E78: 1.7450363 | F78: 0.064475469 | G78: 1.74 | H78: 1.43 | I78: 1.96 | J78: NA | K78: NA | M78: 629 | N78: 1.6127933 | O78: 0.061803844 | P78: 1.61 | Q78: 1.41 | R78: 1.8 | S78: NA | T78: NA
A80: DGI controls | B80: Height, BMI, Weight | C80: Age (yrs) | D80: 553 | E80: 58.081192 | F80: 9.7387285 | G80: 58.219703 | H80: 35.54296 | I80: 79.713597 | J80: NA | K80: NA | M80: 535 | N80: 58.400399 | O80: 9.3974673 | P80: 58.69589 | Q80: 35.158904 | R80: 80.559663 | S80: NA | T80: NA
C81: BMI (kg/m²) | D81: 553 | E81: 26.762915 | F81: 3.2154452 | G81: 26.52851 | H81: 16.946676 | I81: 43.891621 | J81: NA | K81: NA | M81: 535 | N81: 26.756393 | O81: 4.1128637 | P81: 26.171875 | Q81: 17.96 | R81: 42.77 | S81: NA | T81: NA
C82: Weight (kg) | D82: 553 | E82: 82.924955 | F82: 11.4716 | G82: 82 | H82: 57.400002 | I82: 143 | J82: NA | K82: NA | M82: 535 | N82: 71.022542 | O82: 11.760254 | P82: 70 | Q82: 46.799999 | R82: 124 | S82: NA | T82: NA
C83: Height (m) | D83: 553 | E83: 1.7593201 | F83: 0.060807524 | G83: 1.76 | H83: 1.59 | I83: 2 | J83: NA | K83: NA | M83: 535 | N83: 1.6288486 | O83: 0.058217221 | P83: 1.63 | Q83: 1.42 | R83: 1.87 | S83: NA | T83: NA
A85: EGCUT | B85: Height, BMI, Weight | C85: Age (yrs) | D85: 697 | E85: 40.62 | F85: 16.7751 | G85: 38 | H85: 18 | I85: 90 | J85: NA | K85: NA | M85: 720 | N85: 42.88 | O85: 15.927 | P85: 42 | Q85: 18 | R85: 92 | S85: NA | T85: NA
C86: BMI (kg/m²) | D86: 697 | E86: 26.05 | F86: 4.61 | G86: 25.39 | H86: 15.82 | I86: 54 | J86: NA | K86: NA | M86: 720 | N86: 26.25 | O86: 6.0178 | P86: 25.08 | Q86: 15.9 | R86: 58.4 | S86: NA | T86: NA
C87: Weight (kg) | D87: 697 | E87: 83.32 | F87: 15.266 | G87: 82 | H87: 49 | I87: 191 | J87: NA | K87: NA | M87: 720 | N87: 71.41 | O87: 16.364 | P87: 68 | Q87: 39 | R87: 160 | S87: NA | T87: NA
C88: Height (m) | D88: 697 | E88: 1.79 | F88: 0.07 | G88: 1.79 | H88: 1.58 | I88: 2.03 | J88: NA | K88: NA | M88: 720 | N88: 1.65 | O88: 0.06 | P88: 1.65 | Q88: 1.45 | R88: 1.84 | S88: NA | T88: NA
A90: EPIC-Obesity Study | B90: Height, BMI, Weight | C90: Age (yrs) | D90: 1131 | E90: 59.822281 | F90: 9.0186277 | G90: 60 | H90: 40 | I90: 77 | J90: NA | K90: NA | M90: 1284 | N90: 58.740654 | O90: 9.0017162 | P90: 59 | Q90: 39 | R90: 77 | S90: NA | T90: NA
C91: BMI (kg/m²) | D91: 1131 | E91: 26.620254 | F91: 3.2073669 | G91: 26.221374 | H91: 16.854629 | I91: 42.05603 | J91: NA | K91: NA | M91: 1284 | N91: 26.19499 | O91: 4.3896904 | P91: 25.49617 | Q91: 16.08815 | R91: 47.56839 | S91: NA | T91: NA
C92: Weight (kg) | D92: 1131 | E92: 80.426987 | F92: 11.088705 | G92: 79.399963 | H92: 42.799987 | I92: 134 | J92: NA | K92: NA | M92: 1284 | N92: 67.980121 | O92: 11.615605 | P92: 66.199951 | Q92: 44.599975 | R92: 119 | S92: NA | T92: NA
C93: Height (m) | D93: 1131 | E93: 1.73 | F93: 0.07 | G93: 1.73 | H93: 1.51 | I93: 1.96 | J93: NA | K93: NA | M93: 1284 | N93: 1.61 | O93: 0.06 | P93: 1.6 | Q93: 1.37 | R93: 1.82 | S93: NA | T93: NA
A95: Fenland | B95: Height, BMI, Weight | C95: Age (yrs) | D95: 615 | E95: 44.48455 | F95: 7.316885 | G95: 45 | H95: 30 | I95: 57 | J95: NA | K95: NA | M95: 787 | N95: 45.34053 | O95: 7.181112 | P95: 46 | Q95: 30 | R95: 57 | S95: NA | T95: NA
C96: BMI (kg/m²) | D96: 615 | E96: 27.61994 | F96: 4.073325 | G96: 27.2674 | H96: 18.61593 | I96: 56.65722 | J96: NA | K96: NA | M96: 787 | N96: 26.68168 | O96: 5.463595 | P96: 25.44423 | Q96: 17.27 | R96: 55.38678 | S96: NA | T96: NA
C97: Weight (kg) | D97: 615 | E97: 86.7561 | F97: 13.87495 | G97: 85.5 | H97: 49.4 | I97: 155.7 | J97: NA | K97: NA | M97: 787 | N97: 71.47827 | O97: 15.25012 | P97: 68.3 | Q97: 42.4 | R97: 142.5 | S97: NA | T97: NA
C98: Height (m) | D98: 615 | E98: 1.773015 | F98: 0.0651336 | G98: 1.774 | H98: 1.586 | I98: 2.005 | J98: NA | K98: NA | M98: 787 | N98: 1.636484 | O98: 0.0620958 | P98: 1.638 | Q98: 1.432 | R98: 1.898 | S98: NA | T98: NA
A100: FRAM | B100: Height, BMI, Weight | C100: Age (yrs) | D100: 3706 | E100: 38.72018 | F100: 8.72648 | G100: 38 | H100: 21 | I100: 72 | J100: NA | K100: NA | M100: 4388 | N100: 38.22448 | O100: 8.63509 | P100: 38 | Q100: 21 | R100: 70 | S100: NA | T100: NA
C101: BMI (kg/m²) | D101: 3706 | E101: 27.07772 | F101: 4.18342 | G101: 26.61 | H101: 16.9111 | I101: 56.54 | J101: NA | K101: NA | M101: 4388 | N101: 24.89092 | O101: 5.26042 | P101: 23.57716 | Q101: 14.96043 | R101: 60.58 | S101: NA | T101: NA
C102: Weight (kg) | D102: 3706 | E102: 84.40913 | F102: 14.45449 | G102: 82.5552 | H102: 30.3912 | I102: 177.3576 | J102: NA | K102: NA | M102: 4388 | N102: 65.8517 | O102: 14.64431 | P102: 62.5968 | Q102: 38.1024 | R102: 170.1 | S102: NA | T102: NA
C103: Height (m) | D103: 3706 | E103: 1.76489 | F103: 0.06872 | G103: 1.7653 | H103: 1.2319 | I103: 2.00025 | J103: NA | K103: NA | M103: 4388 | N103: 1.62629 | O103: 0.06301 | P103: 1.6256 | Q103: 1.32715 | R103: 1.8542 | S103: NA | T103: NA
A105: FTC | B105: Height, BMI, Weight | C105: Age (yrs) | D105: NA | E105: NA | F105: NA | G105: NA | H105: NA | I105: NA | J105: NA | K105: NA | M105: 125 | N105: 63.78 | O105: 11.68259 | P105: 66.38 | Q105: 26.52 | R105: 75.94 | S105: NA | T105: NA
C106: BMI (kg/m²) | D106: NA | E106: NA | F106: NA | G106: NA | H106: NA | I106: NA | J106: NA | K106: NA | M106: 125 | N106: 25.07 | O106: 3.405351 | P106: 24.65 | Q106: 18.69 | R106: 35.04 | S106: NA | T106: NA
C107: Weight (kg) | D107: NA | E107: NA | F107: NA | G107: NA | H107: NA | I107: NA | J107: NA | K107: NA | M107: 125 | N107: 65.25 | O107: 9.195809 | P107: 64 | Q107: 46.5 | R107: 93 | S107: NA | T107: NA
C108: Height (m) | D108: NA | E108: NA | F108: NA | G108: NA | H108: NA | I108: NA | J108: NA | K108: NA | M108: 125 | N108: 1.61 | O108: 0.06 | P108: 1.61 | Q108: 1.46 | R108: 1.77 | S108: NA | T108: NA
A110: FUSION cases | B110: Height, BMI, Weight | C110: Age (yrs) | D110: 623 | E110: 62.05836 | F110: 7.33295 | G110: 62.41274 | H110: 40.7726 | I110: 77.80822 | J110: NA | K110: NA | M110: 469 | N110: 63.66448 | O110: 7.74621 | P110: 64.00548 | Q110: 45 | R110: 83.1863 | S110: NA | T110: NA
C111: BMI (kg/m²) | D111: 623 | E111: 29.44023 | F111: 4.02292 | G111: 29.13752 | H111: 18.18553 | I111: 43.14052 | J111: NA | K111: NA | M111: 469 | N111: 31.20164 | O111: 5.25157 | P111: 30.70911 | Q111: 16.00043 | R111: 47.58518 | S111: NA | T111: NA
C112: Weight (kg) | D112: 623 | E112: 88.43162 | F112: 13.57868 | G112: 88 | H112: 50.9 | I112: 144 | J112: NA | K112: NA | M112: 469 | N112: 79.51173 | O112: 14.69673 | P112: 76.9 | Q112: 35 | R112: 125.5 | S112: NA | T112: NA
C113: Height (m) | D113: 617 | E113: 1.73226 | F113: 0.061 | G113: 1.732 | H113: 1.524 | I113: 1.97 | J113: NA | K113: NA | M113: 465 | N113: 1.59541 | O113: 0.05607 | P113: 1.593 | Q113: 1.4 | R113: 1.76 | S113: NA | T113: NA
A115: FUSION controls | B115: Height, BMI, Weight | C115: Age (yrs) | D115: 572 | E115: 63.40773 | F115: 7.61792 | G115: 64 | H115: 46 | I115: 90.91462 | J115: NA | K115: NA | M115: 599 | N115: 63.71075 | O115: 7.27028 | P115: 64.74705 | Q115: 42.60157 | R115: 89.14865 | S115: NA | T115: NA
C116: BMI (kg/m²) | D116: 572 | E116: 27.02476 | F116: 3.53123 | G116: 26.77588 | H116: 19.22 | I116: 51.07491 | J116: NA | K116: NA | M116: 599 | N116: 27.24469 | O116: 4.14733 | P116: 26.8 | Q116: 17.50283 | R116: 45.90277 | S116: NA | T116: NA
C117: Weight (kg) | D117: 572 | E117: 81.4035 | F117: 11.97591 | G117: 80.65 | H117: 52.1 | I117: 151.1 | J117: NA | K117: NA | M117: 599 | N117: 69.99082 | O117: 11.44284 | P117: 68.8 | Q117: 45.7 | R117: 127.1 | S117: NA | T117: NA
C118: Height (m) | D118: 569 | E118: 1.73516 | F118: 0.06388 | G118: 1.74 | H118: 1.56 | I118: 1.906 | J118: NA | K118: NA | M118: 598 | N118: 1.60259 | O118: 0.05871 | P118: 1.6 | Q118: 1.44 | R118: 1.79 | S118: NA | T118: NA
A120: GENMETS cases | B120: Height, BMI, Weight | C120: Age (yrs) | D120: 425 | E120: 49.19 | F120: 10.42497 | G120: 49 | H120: 30 | I120: 75 | J120: NA | K120: NA | M120: 432 | N120: 52.36 | O120: 11.71133 | P120: 51 | Q120: 30 | R120: 75 | S120: NA | T120: NA
C121: BMI (kg/m²) | D121: 425 | E121: 29.45 | F121: 3.606077 | G121: 28.86 | H121: 23.19 | I121: 47.07 | J121: NA | K121: NA | M121: 432 | N121: 29.7 | O121: 4.941353 | P121: 28.76 | Q121: 20.58 | R121: 45.78 | S121: NA | T121: NA
C122: Weight (kg) | D122: 410 | E122: 91.16 | F122: 12.55599 | G122: 89 | H122: 65 | I122: 151 | J122: NA | K122: NA | M122: 414 | N122: 76.6 | O122: 13.39615 | P122: 75 | Q122: 49 | R122: 123 | S122: NA | T122: NA
C123: Height (m) | D123: 410 | E123: 1.76 | F123: 0.07 | G123: 1.75 | H123: 1.57 | I123: 1.97 | J123: NA | K123: NA | M123: 414 | N123: 1.61 | O123: 0.07 | P123: 1.61 | Q123: 1.34 | R123: 1.81 | S123: NA | T123: NA
...

Sheet S4-Euro sex-combined
A1: Supplementary Table 4. Significant loci for BMI at P < 1 × 10-5 for European sex-combined analysis
A2: SNP | B2: Chr. | C2: Position (bp) | D2: Genes | E2: Alleles | G2: β | H2: SE | I2: Effect allele frequency | J2: Variance explained | K2: GWAS I+II | N2: Metabochip | Q2: European sex-combined GWAS I+II + Metabochip | S2: Most significant analysis | T2: P value | U2: Variance explained in European All
D4: Nearest | E4: Effect | F4: Other | K4: N | L4: P value | N4: N | O4: P value | Q4: N | R4: P value
A5: rs1558902 | B5: 16 | C5: 52361075 | D5: FTO | E5: A | F5: T | G5: 0.0818 | H5: 0.0031 | I5: 0.415 | J5: 0.0032489316 | K5: 233662 | L5: 1.25e-104 | N5: 86411 | O5: 3.595e-49 | Q5: 320073 | R5: 7.51e-153 | S5: European sex-combined | T5: 7.51e-153 | U5: 0.0032489316
A6: rs6567160 | B6: 18 | C6: 55980115 | D6: MC4R | E6: C | F6: T | G6: 0.0556 | H6: 0.0036 | I6: 0.2357 | J6: 0.0011137892 | K6: 233839 | L6: 2.436e-41 | N6: 88119 | O6: 2.625e-13 | Q6: 321958 | R6: 3.93e-53 | S6: European sex-combined | T6: 3.93e-53 | U6: 0.0011137892
A7: rs13021737 | B7: 2 | C7: 622348 | D7: TMEM18 | E7: G | F7: A | G7: 0.0601 | H7: 0.004 | I7: 0.828 | J7: 0.001028816 | K7: 230252 | L7: 3.051e-34 | N7: 88035 | O7: 2.335e-17 | Q7: 318287 | R7: 1.113e-50 | S7: European sex-combined | T7: 1.113e-50 | U7: 0.001028816
A8: rs10938397 | B8: 4 | C8: 44877284 | D8: GNPDA2 | E8: G | F8: A | G8: 0.0402 | H8: 0.0031 | I8: 0.4341 | J8: 0.00079398369 | K8: 233014 | L8: 2.244e-26 | N8: 87941 | O8: 3.195e-13 | Q8: 320955 | R8: 3.205e-38 | S8: European sex-combined | T8: 3.205e-38 | U8: 0.00079398369
A9: rs543874 | B9: 1 | C9: 176156103 | D9: SEC16B | E9: G | F9: A | G9: 0.0482 | H9: 0.0039 | I9: 0.1927 | J9: 0.00072283761 | K9: 233888 | L9: 1.389e-26 | N9: 88120 | O9: 2.187e-10 | Q9: 322008 | R9: 2.618e-35 | S9: European sex-combined | T9: 2.618e-35 | U9: 0.00072283761
A10: rs2207139 | B10: 6 | C10: 50953449 | D10: TFAP2B | E10: G | F10: A | G10: 0.0447 | H10: 0.004 | I10: 0.1773 | J10: 0.00058290164 | K10: 233894 | L10: 1.608e-18 | N10: 88125 | O10: 8.026e-12 | Q10: 322019 | R10: 4.126e-29 | S10: European sex-combined | T10: 4.126e-29 | U10: 0.00058290164
A11: rs11030104 | B11: 11 | C11: 27641093 | D11: BDNF | E11: A | F11: G | G11: 0.0414 | H11: 0.0038 | I11: 0.7923 | J11: 0.00056410095 | K11: 233980 | L11: 2.177e-20 | N11: 88123 | O11: 2.122e-09 | Q11: 322103 | R11: 5.557e-28 | S11: European sex-combined | T11: 5.557e-28 | U11: 0.00056410095
A12: rs3101336 | B12: 1 | C12: 72523773 | D12: NEGR1 | E12: C | F12: T | G12: 0.0334 | H12: 0.0031 | I12: 0.6125 | J12: 0.00052954239 | K12: 233947 | L12: 8.67e-19 | N12: 82925 | O12: 8.404e-09 | Q12: 316872 | R12: 2.661e-26 | S12: European sex-combined | T12: 2.661e-26 | U12: 0.00052954239
A13: rs7138803 | B13: 12 | C13: 48533735 | D13: BCDIN3D | E13: A | F13: G | G13: 0.0315 | H13: 0.0031 | I13: 0.3843 | J13: 0.00046955951 | K13: 233977 | L13: 4.2e-17 | N13: 88115 | O13: 4.819e-08 | Q13: 322092 | R13: 8.153e-24 | S13: European sex-combined | T13: 8.153e-24 | U13: 0.00046955951
A14: rs10182181 | B14: 2 | C14: 25003800 | D14: ADCY3 | E14: G | F14: A | G14: 0.0307 | H14: 0.0031 | I14: 0.4617 | J14: 0.00046847994 | K14: 233684 | L14: 3.842e-17 | N14: 88075 | O14: 3.475e-08 | Q14: 321759 | R14: 8.777e-24 | S14: European sex-combined | T14: 8.777e-24 | U14: 0.00046847994
A15: rs3888190 | B15: 16 | C15: 28796987 | D15: ATP2A1 | E15: A | F15: C | G15: 0.0309 | H15: 0.0031 | I15: 0.4025 | J15: 0.00045925167 | K15: 234006 | L15: 5.5e-14 | N15: 87924 | O15: 6.942e-11 | Q15: 321930 | R15: 3.14e-23 | S15: European sex-combined | T15: 3.14e-23 | U15: 0.00045925167
A16: rs1516725 | B16: 3 | C16: 187306698 | D16: ETV5 | E16: C | F16: T | G16: 0.0451 | H16: 0.0046 | I16: 0.8719 | J16: 0.00045435874 | K16: 232625 | L16: 1.521e-17 | N16: 88019 | O16: 8.958e-07 | Q16: 320644 | R16: 1.886e-22 | S16: European sex-combined | T16: 1.886e-22 | U16: 0.00045435874
... A45: rs12885454 | B45: 14 | C45: 28806589 | D45: PRKD1 | E45: C | F45: A | G45: 0.0207 | H45: 0.0033 | I45: 0.6416 | J45: 0.00019706207 | K45: 232840 | L45: 1.196e-06 | N45: 87983 | O45: 2.239e-05 | Q45: 320823 | R45: 1.943e-10 | S45: European sex-combined | T45: 1.943e-10 | U45: 0.00019706207
A46: rs9641123 | B46: 7 | C46: 93035668 | D46: CALCR | E46: C | F46: G | G46: 0.0191 | H46: 0.0038 | I46: 0.4285 | J46: 0.000178675 | K46: 233515 | L46: 6.136e-07 | N46: - | O46: - | Q46: 233515 | R46: 5e-07 | S46: European Population Based | T46: 2.077e-10 | U46: 0.000178675
A47: rs12016871 | B47: 13 | C47: 26915782 | D47: MTIF3 | E47: T | F47: C | G47: 0.0298 | H47: 0.0047 | I47: 0.2029 | J47: 0.00028724824 | K47: 233803 | L47: 2.191e-10 | N47: - | O47: - | Q47: 233803 | R47: 2.291e-10 | S47: European sex-combined | T47: 2.291e-10 | U47: 0.00028724824
A48: rs16851483 | B48: 3 | C48: 142758126 | D48: RASA2 | E48: T | F48: G | G48: 0.0483 | H48: 0.0077 | I48: 0.0655 | J48: 0.00028559123 | K48: 233929 | L48: 2.875e-10 | N48: - | O48: - | Q48: 233929 | R48: 3.548e-10 | S48: European sex-combined | T48: 3.548e-10 | U48: 0.00028559123
A49: rs1167827 | B49: 7 | C49: 75001105 | D49: HIP1 | E49: G | F49: A | G49: 0.0202 | H49: 0.0033 | I49: 0.5526 | J49: 0.0002017621 | K49: 218171 | L49: 1.417e-05 | N49: 88067 | O49: 4.987e-06 | Q49: 306238 | R49: 6.333e-10 | S49: European sex-combined | T49: 6.333e-10 | U49: 0.0002017621
A50: rs758747 | B50: 16 | C50: 3567359 | D50: NLRC3 | E50: T | F50: C | G50: 0.0225 | H50: 0.0037 | I50: 0.2651 | J50: 0.00019725726 | K50: 220606 | L50: 5.696e-05 | N50: 88082 | O50: 1.118e-06 | Q50: 308688 | R50: 7.473e-10 | S50: European sex-combined | T50: 7.473e-10 | U50: 0.00019725726
A51: rs1928295 | B51: 9 | C51: 119418304 | D51: TLR4 | E51: T | F51: C | G51: 0.0188 | H51: 0.0031 | I51: 0.5479 | J51: 0.00017509813 | K51: 233872 | L51: 3.959e-06 | N51: 88107 | O51: 3.247e-05 | Q51: 321979 | R51: 7.91e-10 | S51: European sex-combined | T51: 7.91e-10 | U51: 0.00017509813
A52: rs9925964 | B52: 16 | C52: 31037396 | D52: KAT8 | E52: A | F52: G | G52: 0.0192 | H52: 0.0031 | I52: 0.6198 | J52: 0.00017373853 | K52: 230293 | L52: 1.77e-06 | N52: 88092 | O52: 0.0001174 | Q52: 318385 | R52: 8.108e-10 | S52: European sex-combined | T52: 8.108e-10 | U52: 0.00017373853
A53: rs11126666 | B53: 2 | C53: 26782315 | D53: KCNK3 | E53: A | F53: G | G53: 0.0207 | H53: 0.0034 | I53: 0.2833 | J53: 0.00017400217 | K53: 233902 | L53: 0.0002244 | N53: 88077 | O53: 1.534e-07 | Q53: 321979 | R53: 1.332e-09 | S53: European sex-combined | T53: 1.332e-09 | U53: 0.00017400217
A54: rs2650492 | B54: 16 | C54: 28240912 | D54: SBK1 | E54: A | F54: G | G54: 0.0207 | H54: 0.0035 | I54: 0.3033 | J54: 0.00018108768 | K54: 231376 | L54: 5.216e-07 | N54: 88088 | O54: 0.001083 | Q54: 319464 | R54: 1.915e-09 | S54: European sex-combined | T54: 1.915e-09 | U54: 0.00018108768
A55: rs6804842 | B55: 3 | C55: 25081441 | D55: RARB | E55: G | F55: A | G55: 0.0185 | H55: 0.0031 | I55: 0.5749 | J55: 0.00016728495 | K55: 233354 | L55: 2.015e-06 | N55: 88109 | O55: 0.0003466 | Q55: 321463 | R55: 2.476e-09 | S55: European sex-combined | T55: 2.476e-09 | U55: 0.00016728495
A56: rs12940622 | B56: 17 | C56: 76230166 | D56: RPTOR | E56: G | F56: A | G56: 0.0182 | H56: 0.0031 | I56: 0.5748 | J56: 0.0001619134 | K56: 233983 | L56: 3.412e-07 | N56: 88049 | O56: 0.001859 | Q56: 322032 | R56: 2.494e-09 | S56: European sex-combined | T56: 2.494e-09 | U56: 0.0001619134
A57: rs7164727 | B57: 15 | C57: 70881044 | D57: LOC100287559 | E57: T | F57: C | G57: 0.018 | H57: 0.0033 | I57: 0.6864 | J57: 0.00013948527 | K57: 233198 | L57: 1.196e-06 | N57: 88114 | O57: 0.01155 | Q57: 321312 | R57: 6.829e-08 | S57: All Ancestries | T57: 3.915e-09 | U57: 0.00013948527
A58: rs11847697 | B58: 14 | C58: 29584863 | D58: PRKD1 | E58: T | F58: C | G58: 0.0492 | H58: 0.0084 | I58: 0.042 | J58: 0.00019479374 | K58: 218365 | L58: 2.76e-07 | N58: 87878 | O58: 0.003048 | Q58: 306243 | R58: 3.99e-09 | S58: European sex-combined | T58: 3.99e-09 | U58: 0.00019479374
A59: rs4740619 | B59: 9 | C59: 15624326 | D59: C9orf93 | E59: T | F59: C | G59: 0.0179 | H59: 0.0031 | I59: 0.5416 | J59: 0.00015909602 | K59: 233939 | L59: 1.239e-05 | N59: 87948 | O59: 6.167e-05 | Q59: 321887 | R59: 4.564e-09 | S59: European sex-combined | T59: 4.564e-09 | U59: 0.00015909602
A60: rs492400 | B60: 2 | C60: 219057996 | D60: USP37 | E60: C | F60: T | G60: 0.0158 | H60: 0.0031 | I60: 0.4234 | J60: 0.00012189044 | K60: 233662 | L60: 5.189e-05 | N60: 87428 | O60: 0.002596 | Q60: 321090 | R60: 4.167e-07 | S60: European Men | T60: 6.784e-09 | U60: 0.00012189044
... A62: rs3736485 | B62: 15 | C62: 49535902 | D62: DMXL2 | E62: A | F62: G | G62: 0.0176 | H62: 0.0031 | I62: 0.454 | J62: 0.0001535691 | K62: 233281 | L62: 9.66e-06 | N62: 88117 | O62: 0.0001551 | Q62: 321398 | R62: 7.412e-09 | S62: European sex-combined | T62: 7.412e-09 | U62: 0.0001535691
A63: rs17001654 | B63: 4 | C63: 77348592 | D63: SCARB2 | E63: G | F63: C | G63: 0.0306 | H63: 0.0053 | I63: 0.1532 | J63: 0.00024294752 | K63: 233722 | L63: 8.42e-09 | N63: - | O63: - | Q63: 233722 | R63: 7.76e-09 | S63: European sex-combined | T63: 7.76e-09 | U63: 0.00024294752
A64: rs11191560 | B64: 10 | C64: 104859028 | D64: NT5C2 | E64: C | F64: T | G64: 0.0308 | H64: 0.0053 | I64: 0.0891 | J64: 0.0001539855 | K64: 233821 | L64: 7.129e-06 | N64: 88072 | O64: 0.0003327 | Q64: 321893 | R64: 8.446e-09 | S64: European sex-combined | T64: 8.446e-09 | U64: 0.0001539855
A65: rs2080454 | B65: 16 | C65: 47620091 | D65: CBLN1 | E65: C | F65: A | G65: 0.0168 | H65: 0.0031 | I65: 0.4051 | J65: 0.00013612164 | K65: 233990 | L65: 7.51e-08 | N65: 88109 | O65: 0.08994 | Q65: 322099 | R65: 6.547e-08 | S65: All Ancestries | T65: 8.604e-09 | U65: 0.00013603629
A66: rs7715256 | B66: 5 | C66: 153518086 | D66: GALNT10 | E66: G | F66: T | G66: 0.0163 | H66: 0.0031 | I66: 0.4211 | J66: 0.00012953705 | K66: 234014 | L66: 4.677e-07 | N66: 88070 | O66: 0.05983 | Q66: 322084 | R66: 1.695e-07 | S66: All Ancestries | T66: 8.851e-09 | U66: 0.00012953705
A67: rs2176040 | B67: 2 | C67: 226801046 | D67: LOC646736 | E67: A | F67: G | G67: 0.0141 | H67: 0.0031 | I67: 0.3654 | J67: 9.2201255e-05 | K67: 233848 | L67: 0.001206 | N67: 88124 | O67: 0.001157 | Q67: 321972 | R67: 6.058e-06 | S67: European Men | T67: 9.989e-09 | U67: 9.2201255e-05
A68: rs1528435 | B68: 2 | C68: 181259207 | D68: UBE2E3 | E68: T | F68: C | G68: 0.0178 | H68: 0.0031 | I68: 0.6312 | J68: 0.00014751219 | K68: 233802 | L68: 1.364e-06 | N68: 88122 | O68: 0.002757 | Q68: 321924 | R68: 1.196e-08 | S68: European sex-combined | T68: 1.196e-08 | U68: 0.00014751219
A69: rs2075650 | B69: 19 | C69: 50087459 | D69: TOMM40 | E69: A | F69: G | G69: 0.0258 | H69: 0.0045 | I69: 0.8484 | J69: 0.00017122583 | K69: 220285 | L69: 4.462e-05 | N69: 88123 | O69: 4.943e-05 | Q69: 308408 | R69: 1.247e-08 | S69: European sex-combined | T69: 1.247e-08 | U69: 0.00017122583
A70: rs1000940 | B70: 17 | C70: 5223976 | D70: RABEP1 | E70: G | F70: A | G70: 0.0192 | H70: 0.0034 | I70: 0.3199 | J70: 0.00016040558 | K70: 233748 | L70: 1.06e-06 | N70: 88088 | O70: 0.003038 | Q70: 321836 | R70: 1.284e-08 | S70: European sex-combined | T70: 1.284e-08 | U70: 0.00016040558
A71: rs2033529 | B71: 6 | C71: 40456631 | D71: TDRG1 | E71: G | F71: A | G71: 0.019 | H71: 0.0033 | I71: 0.293 | J71: 0.00014956302 | K71: 233842 | L71: 1.584e-05 | N71: 88075 | O71: 0.000177 | Q71: 321917 | R71: 1.388e-08 | S71: European sex-combined | T71: 1.388e-08 | U71: 0.00014956302
A72: rs11583200 | B72: 1 | C72: 50332407 | D72: ELAVL4 | E72: C | F72: T | G72: 0.0177 | H72: 0.0031 | I72: 0.3958 | J72: 0.00014984182 | K72: 233973 | L72: 1.022e-05 | N72: 88122 | O72: 0.0003983 | Q72: 322095 | R72: 1.479e-08 | S72: European sex-combined | T72: 1.479e-08 | U72: 0.00014984182
A73: rs7239883 | B73: 18 | C73: 38401669 | D73: LOC284260 | E73: G | F73: A | G73: 0.0164 | H73: 0.0031 | I73: 0.3934 | J73: 0.00012836731 | K73: 233824 | L73: 5.189e-05 | N73: 88085 | O73: 0.0008932 | Q73: 321909 | R73: 1.633e-07 | S73: European Women | T73: 1.511e-08 | U73: 0.00012836731
A74: rs2836754 | B74: 21 | C74: 39213610 | D74: ETS2 | E74: C | F74: T | G74: 0.0164 | H74: 0.0032 | I74: 0.6116 | J74: 0.00012778044 | K74: 232197 | L74: 1.524e-05 | N74: 88034 | O74: 0.00618 | Q74: 320231 | R74: 4.161e-07 | S74: All Ancestries | T74: 1.605e-08 | U74: 0.00012778044
A75: rs9400239 | B75: 6 | C75: 109084356 | D75: FOXO3 | E75: C | F75: T | G75: 0.0188 | H75: 0.0033 | I75: 0.6879 | J75: 0.0001517626 | K75: 233894 | L75: 2.458e-05 | N75: 88094 | O75: 0.0001226 | Q75: 321988 | R75: 1.613e-08 | S75: European sex-combined | T75: 1.613e-08 | U75: 0.0001517626
... A109: rs2481665 | B109: 1 | C109: 62367265 | D109: INADL | E109: T | F109: C | G109: 0.0159 | H109: 0.0031 | I109: 0.564 | J109: 0.00012433398 | K109: 233745 | L109: 0.001206 | N109: 88045 | O109: 6.5e-06 | Q109: 321790 | R109: 1.903e-07 | S109: European sex-combined | T109: 1.903e-07 | U109: 0.00012433398
A110: rs10760279 | B110: 9 | C110: 125145112 | D110: CRB2 | E110: T | F110: G | G110: 0.0218 | H110: 0.0042 | I110: 0.4123 | J110: 0.00023030958 | K110: 219421 | L110: 2.107e-07 | N110: - | O110: - | Q110: 219421 | R110: 2.098e-07 | S110: European sex-combined | T110: 2.098e-07 | U110: 0.00023030958
A111: rs11611246 | B111: 12 | C111: 809741 | D111: WNK1 | E111: T | F111: G | G111: 0.0207 | H111: 0.004 | I111: 0.2021 | J111: 0.00013819282 | K111: 228152 | L111: 5.827e-06 | N111: 80231 | O111: 0.01207 | Q111: 308383 | R111: 2.134e-07 | S111: European sex-combined | T111: 2.134e-07 | U111: 0.00013819282
A112: rs1816537 | B112: 11 | C112: 112473861 | D112: NCAM1 | E112: C | F112: A | G112: 0.0197 | H112: 0.0038 | I112: 0.562 | J112: 0.00019106136 | K112: 229900 | L112: 2.696e-07 | N112: - | O112: - | Q112: 229900 | R112: 2.169e-07 | S112: European sex-combined | T112: 2.169e-07 | U112: 0.00019106136
A113: rs972540 | B113: 2 | C113: 206953028 | D113: ADAM23 | E113: G | F113: A | G113: 0.0178 | H113: 0.0034 | I113: 0.2688 | J113: 0.00012454762 | K113: 233975 | L113: 1.322e-05 | N113: 88119 | O113: 0.005391 | Q113: 322094 | R113: 2.277e-07 | S113: European sex-combined | T113: 2.277e-07 | U113: 0.00012454762
A114: rs12150665 | B114: 17 | C114: 31988900 | D114: GGNBP2 | E114: T | F114: C | G114: 0.0161 | H114: 0.0031 | I114: 0.5894 | J114: 0.0001254616 | K114: 233918 | L114: 5.546e-06 | N114: 88087 | O114: 0.01373 | Q114: 322005 | R114: 2.437e-07 | S114: European sex-combined | T114: 2.437e-07 | U114: 0.0001254616
A115: rs9507983 | B115: 13 | C115: 27518036 | D115: FLT3 | E115: C | F115: T | G115: 0.0196 | H115: 0.0038 | I115: 0.3886 | J115: 0.00018254518 | K115: 233980 | L115: 3.097e-07 | N115: - | O115: - | Q115: 233980 | R115: 2.497e-07 | S115: European sex-combined | T115: 2.497e-07 | U115: 0.00018254518
A116: rs2270204 | B116: 9 | C116: 130082555 | D116: SWI5 | E116: G | F116: T | G116: 0.0189 | H116: 0.0037 | I116: 0.2509 | J116: 0.00013427466 | K116: 231298 | L116: 1.35e-07 | N116: 85665 | O116: 0.111 | Q116: 316963 | R116: 2.6e-07 | S116: European sex-combined | T116: 2.6e-07 | U116: 0.00013427466
A117: rs1391576 | B117: 11 | C117: 51251508 | D117: OR4A5 | E117: T | F117: C | G117: 0.0203 | H117: 0.0049 | I117: 0.1151 | J117: 8.3944373e-05 | K117: 233458 | L117: 0.0007989 | N117: 88084 | O117: 0.01367 | Q117: 321542 | R117: 3.517e-05 | S117: European Men | T117: 2.638e-07 | U117: 8.3944373e-05
A118: rs6752828 | B118: 2 | C118: 80041480 | D118: CTNNA2 | E118: C | F118: T | G118: 0.0089 | H118: 0.0031 | I118: 0.4615 | J118: 3.9370182e-05 | K118: 233961 | L118: 0.002298 | N118: 88078 | O118: 0.4674 | Q118: 322039 | R118: 0.003416 | S118: European Men | T118: 2.641e-07 | U118: 3.9370182e-05
A119: rs7143963 | B119: 14 | C119: 102374178 | D119: TRAF3 | E119: T | F119: C | G119: 0.0204 | H119: 0.004 | I119: 0.1795 | J119: 0.00012258388 | K119: 233895 | L119: 0.001388 | N119: 88117 | O119: 1.737e-05 | Q119: 322012 | R119: 2.82e-07 | S119: European sex-combined | T119: 2.82e-07 | U119: 0.00012258388
A120: rs11672550 | B120: 19 | C120: 1888193 | D120: CSNK1G2 | E120: T | F120: C | G120: 0.021 | H120: 0.0041 | I120: 0.5769 | J120: 0.0002152842 | K120: 232267 | L120: 2.596e-07 | N120: - | O120: - | Q120: 232267 | R120: 3.024e-07 | S120: European sex-combined | T120: 3.024e-07 | U120: 0.0002152842
A121: rs6504108 | B121: 17 | C121: 43647922 | D121: SKAP1 | E121: C | F121: T | G121: 0.0174 | H121: 0.0034 | I121: 0.2838 | J121: 0.00012307652 | K121: 234008 | L121: 3.87e-06 | N121: 88100 | O121: 0.02271 | Q121: 322108 | R121: 3.582e-07 | S121: European sex-combined | T121: 3.582e-07 | U121: 0.00012307652
A122: rs9634489 | B122: 13 | C122: 95847005 | D122: HS6ST3 | E122: G | F122: A | G122: 0.0164 | H122: 0.0032 | I122: 0.4971 | J122: 0.00013447548 | K122: 232486 | L122: 1.052e-06 | N122: 88114 | O122: 0.04039 | Q122: 320600 | R122: 3.587e-07 | S122: European sex-combined | T122: 3.587e-07 | U122: 0.00013447548
A123: rs6864049 | B123: 5 | C123: 124358421 | D123: ZNF608 | E123: G | F123: A | G123: 0.0158 | H123: 0.0031 | I123: 0.5333 | J123: 0.00012426635 | K123: 233828 | L123: 4.323e-06 | N123: 88096 | O123: 0.02301 | Q123: 321924 | R123: 3.62e-07 | S123: European sex-combined | T123: 3.62e-07 | U123: 0.00012426635
A124: rs427943 | B124: 21 | C124: 45395324 | D124: ADARB1 | E124: C | F124: A | G124: 0.0181 | H124: 0.0036 | I124: 0.58 | J124: 0.00015961159 | K124: 233711 | L124: 1.153e-05 | N124: 23969 | O124: 0.007505 | Q124: 257680 | R124: 3.939e-07 | S124: European sex-combined | T124: 3.939e-07 | U124: 0.00015961159
A125: rs6870983 | B125: 5 | C125: 87733289 | D125: LOC100505894 | E125: C | F125: T | G125: 0.0184 | H125: 0.0036 | I125: 0.7815 | J125: 0.00011562349 | K125: 234005 | L125: 5.711e-05 | N125: 88100 | O125: 0.002506 | Q125: 322105 | R125: 4.21e-07 | S125: European sex-combined | T125: 4.21e-07 | U125: 0.00011562349
A126: rs8123881 | B126: 20 | C126: 15767495 | D126: MACROD2 | E126: G | F126: A | G126: 0.0228 | H126: 0.0045 | I126: 0.1494 | J126: 0.00013212216 | K126: 233236 | L126: 0.0002894 | N126: 88036 | O126: 0.0003124 | Q126: 321272 | R126: 4.267e-07 | S126: European sex-combined | T126: 4.267e-07 | U126: 0.00013212216
A127: rs1109114 | B127: 5 | C127: 148596139 | D127: ABLIM3 | E127: C | F127: T | G127: 0.0124 | H127: 0.0031 | I127: 0.5765 | J127: 7.5080316e-05 | K127: 233880 | L127: 0.001582 | N127: 88082 | O127: 0.01854 | Q127: 321962 | R127: 7.718e-05 | S127: European Men | T127: 4.396e-07 | U127: 7.5080316e-05
A128: rs2579103 | B128: 12 | C128: 89157638 | D128: LOC338758 | E128: C | F128: A | G128: 0.0212 | H128: 0.0042 | I128: 0.2603 | J128: 0.00017307387 | K128: 234006 | L128: 4.493e-07 | N128: - | O128: - | Q128: 234006 | R128: 4.474e-07 | S128: European sex-combined | T128: 4.474e-07 | U128: 0.00017307387
A129: rs2481044 | B129: 6 | C129: 160627237 | D129: SLC22A2 | E129: T | F129: C | G129: 0.0235 | H129: 0.0047 | I129: 0.2572 | J129: 0.00021101269 | K129: 72856.4 | L129: 0.04588 | N129: 88032 | O129: 1.321e-06 | Q129: 160888 | R129: 4.66e-07 | S129: European sex-combined | T129: 4.66e-07 | U129: 0.00021101269
A130: rs2371767 | B130: 3 | C130: 64693298 | D130: MIR548AN | E130: C | F130: G | G130: 0.0177 | H130: 0.0035 | I130: 0.2752 | J130: 0.00012498075 | K130: 220175 | L130: 0.0001636 | N130: 82553 | O130: 0.0008567 | Q130: 302728 | R130: 4.79e-07 | S130: European sex-combined | T130: 4.79e-07 | U130: 0.00012498075
A131: rs150992 | B131: 5 | C131: 98303097 | D131: LOC100289230 | E131: A | F131: G | G131: 0.0173 | H131: 0.0034 | I131: 0.7234 | J131: 0.00011977133 | K131: 233315 | L131: 8.569e-05 | N131: 88100 | O131: 0.001649 | Q131: 321415 | R131: 4.794e-07 | S131: European sex-combined | T131: 4.794e-07 | U131: 0.00011977133
A132: rs4738873 | B132: 8 | C132: 62248730 | D132: CLVS1 | E132: A | F132: G | G132: 0.0199 | H132: 0.004 | I132: 0.1953 | J132: 0.00012447221 | K132: 233938 | L132: 7.052e-06 | N132: 88094 | O132: 0.02217 | Q132: 322032 | R132: 5.251e-07 | S132: European sex-combined | T132: 5.251e-07 | U132: 0.00012447221
A133: rs889398 | B133: 16 | C133: 68114216 | D133: MIR1538 | E133: C | F133: T | G133: 0.0156 | H133: 0.0031 | I133: 0.5731 | J133: 0.00011907916 | K133: 233860 | L133: 5.189e-05 | N133: 88080 | O133: 0.003439 | Q133: 321940 | R133: 5.472e-07 | S133: European sex-combined | T133: 5.472e-07 | U133: 0.00011907916
A134: rs9880211 | B134: 3 | C134: 137590239 | D134: STAG1 | E134: A | F134: G | G134: 0.0178 | H134: 0.0036 | I134: 0.2456 | J134: 0.00011740864 | K134: 233977 | L134: 4.7e-05 | N134: 88094 | O134: 0.004084 | Q134: 322071 | R134: 5.974e-07 | S134: European sex-combined | T134: 5.974e-07 | U134: 0.00011740864
A135: rs285575 | B135: 12 | C135: 40207932 | D135: PDZRN4 | E135: A | F135: G | G135: 0.0154 | H135: 0.0031 | I135: 0.4814 | J135: 0.0001184159 | K135: 233987 | L135: 5.126e-06 | N135: 80430 | O135: 0.03328 | Q135: 314417 | R135: 6.283e-07 | S135: European sex-combined | T135: 6.283e-07 | U135: 0.0001184159
A136: rs17630235 | B136: 12 | C136: 111076069 | D136: TRAFD1 | E136: G | F136: A | G136: 0.0156 | H136: 0.0031 | I136: 0.5842 | J136: 0.00011822933 | K136: 232700 | L136: 4.898e-06 | N136: 88114 | O136: 0.0358 | Q136: 320814 | R136: 6.443e-07 | S136: European sex-combined | T136: 6.443e-07 | U136: 0.00011822933
A137: rs7713317 | B137: 5 | C137: 95742478 | D137: PCSK1 | E137: G | F137: A | G137: 0.0171 | H137: 0.0034 | I137: 0.2904 | J137: 0.00012051259 | K137: 233597 | L137: 8.522e-06 | N137: 84148 | O137: 0.02132 | Q137: 317745 | R137: 6.489e-07 | S137: European sex-combined | T137: 6.489e-07 | U137: 0.00012051259
A138: rs10518406 | B138: 4 | C138: 123982347 | D138: FGF2 | E138: G | F138: A | G138: 0.0303 | H138: 0.0092 | I138: 0.0372 | J138: 6.5764917e-05 | K138: 218581 | L138: 0.02473 | N138: 87984 | O138: 0.01629 | Q138: 306565 | R138: 0.001021 | S138: European Men | T138: 6.502e-07 | U138: 6.5764917e-05
A139: rs751008 | B139: 10 | C139: 129032407 | D139: DOCK1 | E139: A | F139: G | G139: 0.0201 | H139: 0.0041 | I139: 0.4564 | J139: 0.00020046899 | K139: 206792 | L139: 0.001294 | N139: 50549 | O139: 4.225e-05 | Q139: 257341 | R139: 6.621e-07 | S139: European sex-combined | T139: 6.621e-07 | U139: 0.00020046899
A140: rs1884897 | B140: 20 | C140: 6560832 | D140: BMP2 | E140: G | F140: A | G140: 0.0156 | H140: 0.0031 | I140: 0.6389 | J140: 0.00011228961 | K140: 233916 | L140: 6.477e-05 | N140: 88115 | O140: 0.003547 | Q140: 322031 | R140: 6.833e-07 | S140: European sex-combined | T140: 6.833e-07 | U140: 0.00011228961
A141: rs9659323 | B141: 1 | C141: 119305884 | D141: TBX15 | E141: A | F141: G | G141: 0.0124 | H141: 0.0031 | I141: 0.5537 | J141: 7.5993208e-05 | K141: 234007 | L141: 0.003892 | N141: 82934 | O141: 0.003294 | Q141: 316941 | R141: 5.498e-05 | S141: European Men | T141: 7.228e-07 | U141: 7.5993208e-05
A142: rs7551318 | B142: 1 | C142: 69142425 | D142: DEPDC1 | E142: T | F142: G | G142: 0.0272 | H142: 0.0094 | I142: 0.9323 | J142: 9.3392533e-05 | K142: 207839 | L142: 0.00377 | N142: - | O142: - | Q142: 207839 | R142: 0.003808 | S142: European Men | T142: 7.331e-07 | U142: 9.3392533e-05
A143: rs7613875 | B143: 3 | C143: 49946518 | D143: MON1A | E143: A | F143: C | G143: 0.0158 | H143: 0.0032 | I143: 0.5302 | J143: 0.00012436464 | K143: 233290 | L143: 0.0001532 | N143: 72540 | O143: 0.001344 | Q143: 305830 | R143: 7.356e-07 | S143: European sex-combined | T143: 7.356e-07 | U143: 0.00012436464
A144: rs1979755 | B144: 2 | C144: 42561909 | D144: KCNG3 | E144: C | F144: G | G144: 0.0188 | H144: 0.0038 | I144: 0.547 | J144: 0.0001751585 | K144: 232923 | L144: 9.175e-07 | N144: - | O144: - | Q144: 232923 | R144: 7.522e-07 | S144: European sex-combined | T144: 7.522e-07 | U144: 0.0001751585
A145: rs2246012 | B145: 6 | C145: 131939901 | D145: ARG1 | E145: C | F145: T | G145: 0.018 | H145: 0.0041 | I145: 0.1773 | J145: 9.4520332e-05 | K145: 233980 | L145: 5.645e-05 | N145: 88126 | O145: 0.05147 | Q145: 322106 | R145: 1.189e-05 | S145: European Population Based | T145: 7.526e-07 | U145: 9.4520332e-05
A146: rs3783890 | B146: 14 | C146: 92860029 | D146: BTBD7 | E146: T | F146: C | G146: 0.0194 | H146: 0.0039 | I146: 0.8142 | J146: 0.00011387025 | K146: 233874 | L146: 0.0004892 | N146: 88122 | O146: 0.0003097 | Q146: 321996 | R146: 7.59e-07 | S146: European sex-combined | T146: 7.59e-07 | U146: 0.00011387025
A147: rs11607976 | B147: 11 | C147: 68988292 | D147: MYEOV | E147: C | F147: T | G147: 0.0168 | H147: 0.0034 | I147: 0.6936 | J147: 0.00011996275 | K147: 232635 | L147: 9.457e-05 | N147: 88105 | O147: 0.002467 | Q147: 320740 | R147: 7.717e-07 | S147: European sex-combined | T147: 7.717e-07 | U147: 0.00011996275
A148: rs9660180 | B148: 1 | C148: 1712891 | D148: GNB1 | E148: A | F148: G | G148: 0.0171 | H148: 0.0035 | I148: 0.499 | J148: 0.00014620442 | K148: 179287 | L148: 4.713e-05 | N148: 80539 | O148: 0.005872 | Q148: 259826 | R148: 8.071e-07 | S148: European sex-combined | T148: 8.071e-07 | U148: 0.00014620442
A149: rs6990042 | B149: 8 | C149: 14218345 | D149: SGCZ | E149: G | F149: T | G149: 0.0158 | H149: 0.0032 | I149: 0.461 | J149: 0.0001240606 | K149: 228384 | L149: 6.433e-05 | N149: 88063 | O149: 0.003048 | Q149: 316447 | R149: 8.364e-07 | S149: European sex-combined | T149: 8.364e-07 | U149: 0.0001240606
A150: rs10975870 | B150: 9 | C150: 6870263 | D150: KDM4C | E150: G | F150: A | G150: 0.0236 | H150: 0.0048 | I150: 0.2391 | J150: 0.00020265679 | K150: 209489 | L150: 0.0007394 | N150: 88113 | O150: 0.0003253 | Q150: 297602 | R150: 8.4e-07 | S150: European sex-combined | T150: 8.4e-07 | U150: 0.00020265679
A151: rs12741940 | B151: 1 | C151: 174174823 | D151: RFWD2 | E151: A | F151: C | G151: 0.0157 | H151: 0.0037 | I151: 0.34 | J151: 0.00011062471 | K151: 218858 | L151: 8.569e-05 | N151: 49340 | O151: 0.07804 | Q151: 268198 | R151: 1.806e-05 | S151: European Population Based | T151: 8.682e-07 | U151: 0.00011062471
A152: rs4372836 | B152: 2 | C152: 28827387 | D152: PPP1CB | E152: T | F152: C | G152: 0.0145 | H152: 0.0033 | I152: 0.3066 | J152: 8.9396803e-05 | K152: 233905 | L152: 0.0003424 | N152: 88096 | O152: 0.01325 | Q152: 322001 | R152: 1.419e-05 | S152: All Ancestries | T152: 8.791e-07 | U152: 8.9396803e-05
A153: rs4327120 | B153: 18 | C153: 34786974 | D153: LOC647946 | E153: T | F153: C | G153: 0.025 | H153: 0.0061 | I153: 0.8937 | J153: 0.00011875039 | K153: 233967 | L153: 3.635e-05 | N153: - | O153: - | Q153: 233967 | R153: 4.161e-05 | S153: European Men | T153: 8.943e-07 | U153: 0.00011875039
A154: rs998584 | B154: 6 | C154: 43865874 | D154: VEGFA | E154: C | F154: A | G154: 0.017 | H154: 0.0035 | I154: 0.5123 | J154: 0.00014441255 | K154: 212608 | L154: 0.002589 | N154: 79462 | O154: 4.531e-05 | Q154: 292070 | R154: 9.102e-07 | S154: European sex-combined | T154: 9.102e-07 | U154: 0.00014441255
A155: rs33439 | B155: 19 | C155: 35637011 | D155: ZNF536 | E155: T | F155: C | G155: 0.0186 | H155: 0.0038 | I155: 0.6061 | J155: 0.00016519091 | K155: 233770 | L155: 1.196e-06 | N155: - | O155: - | Q155: 233770 | R155: 9.844e-07 | S155: European sex-combined | T155: 9.844e-07 | U155: 0.00016519091
A156: rs2307022 | B156: 16 | C156: 66939479 | D156: PRMT7 | E156: A | F156: G | G156: 0.016 | H156: 0.0033 | I156: 0.3375 | J156: 0.00011448 | K156: 233964 | L156: 2.879e-06 | N156: 88014 | O156: 0.05371 | Q156: 321978 | R156: 9.862e-07 | S156: European sex-combined | T156: 9.862e-07 | U156: 0.00011448
A157: rs7611238 | B157: 3 | C157: 196554207 | D157: ACAP2 | E157: A | F157: G | G157: 0.0181 | H157: 0.0037 | I157: 0.5701 | J157: 0.00016058524 | K157: 232481 | L157: 1.043e-06 | N157: - | O157: - | Q157: 232481 | R157: 9.987e-07 | S157: European sex-combined | T157: 9.987e-07 | U157: 0.00016058524
A158: rs2228213 | B158: 6 | C158: 12232841 | D158: HIVEP1 | E158: G | F158: A | G158: 0.0159 | H158: 0.0033 | I158: 0.6473 | J158: 0.00011543442 | K158: 233999 | L158: 5.189e-05 | N158: 88103 | O158: 0.004977 | Q158: 322102 | R158: 1.037e-06 | S158: European sex-combined | T158: 1.037e-06 | U158: 0.00011543442
A159: rs7223966 | B159: 17 | C159: 59247130 | D159: DDX42 | E159: G | F159: A | G159: 0.0168 | H159: 0.0034 | I159: 0.725 | J159: 0.0001125432 | K159: 234015 | L159: 1.322e-05 | N159: 88107 | O159: 0.02326 | Q159: 322122 | R159: 1.067e-06 | S159: European sex-combined | T159: 1.067e-06 | U159: 0.0001125432
A160: rs2391518 | B160: 4 | C160: 131036510 | D160: C4orf33 | E160: T | F160: C | G160: 0.0161 | H160: 0.0033 | I160: 0.3068 | J160: 0.00011025433 | K160: 233967 | L160: 0.0001815 | N160: 88112 | O160: 0.001298 | Q160: 322079 | R160: 1.081e-06 | S160: European sex-combined | T160: 1.081e-06 | U160: 0.00011025433
A161: rs10499694 | B161: 7 | C161: 50581667 | D161: DDC | E161: A | F161: G | G161: 0.0149 | H161: 0.0031 | I161: 0.4969 | J161: 0.00011100073 | K161: 233909 | L161: 4.116e-05 | N161: 88107 | O161: 0.008144 | Q161: 322016 | R161: 1.087e-06 | S161: European sex-combined | T161: 1.087e-06 | U161: 0.00011100073
A162: rs555267 | B162: 18 | C162: 39246696 | D162: SYT4 | E162: T | F162: G | G162: 0.0161 | H162: 0.0033 | I162: 0.3166 | J162: 0.00011216765 | K162: 233968 | L162: 2.685e-05 | N162: 86663 | O162: 0.01038 | Q162: 320631 | R162: 1.089e-06 | S162: European sex-combined | T162: 1.089e-06 | U162: 0.00011216765
A163: rs9867325 | B163: 3 | C163: 138101599 | D163: NCK1 | E163: C | F163: G | G163: 0.0174 | H163: 0.0036 | I163: 0.2415 | J163: 0.00011091779 | K163: 233981 | L163: 0.0001023 | N163: 88083 | O163: 0.003515 | Q163: 322064 | R163: 1.152e-06 | S163: European sex-combined | T163: 1.152e-06 | U163: 0.00011091779
...

Sheet S5-Euro men only
A1: Supplementary Table 5. Significant loci for BMI at P < 1 × 10-5 for European Men only
A2: SNP | B2: Chr. | C2: Position (bp) | D2: Genes | E2: Alleles | G2: β | H2: SE | I2: Effect allele frequency | J2: Variance explained | K2: GWAS I+II | N2: Metabochip | Q2: European Men only GWAS I+II + Metabochip | S2: Most significant analysis | T2: P value | U2: Variance explained in European All
D4: Nearest | E4: Effect | F4: Other | K4: N | L4: P value | N4: N | O4: P value | Q4: N | R4: P value
A5: rs1558902 | B5: 16 | C5: 52361075 | D5: FTO | E5: A | F5: T | G5: 0.0842 | H5: 0.0041 | I5: 0.4175 | J5: 0.0034483123 | K5: 104455 | L5: 1.799e-63 | N5: 47282 | O5: 1.716e-32 | Q5: 151737 | R5: 1.04e-93 | S5: European sex-combined | T5: 7.51e-153 | U5: 0.0032489316
A6: rs6567160 | B6: 18 | C6: 55980115 | D6: MC4R | E6: C | F6: T | G6: 0.0546 | H6: 0.0048 | I6: 0.2343 | J6: 0.0010696611 | K6: 104528 | L6: 7.852e-24 | N6: 48265 | O6: 2.243e-08 | Q6: 152793 | R6: 4.553e-30 | S6: European sex-combined | T6: 3.93e-53 | U6: 0.0011137892
A7: rs13021737 | B7: 2 | C7: 622348 | D7: TMEM18 | E7: G | F7: A | G7: 0.052 | H7: 0.0054 | I7: 0.828 | J7: 0.00077018573 | K7: 104117 | L7: 9.583e-16 | N7: 48207 | O7: 4.907e-08 | Q7: 152324 | R7: 3.858e-22 | S7: European sex-combined | T7: 1.113e-50 | U7: 0.001028816
A8: rs10938397 | B8: 4 | C8: 44877284 | D8: GNPDA2 | E8: G | F8: A | G8: 0.0402 | H8: 0.0041 | I8: 0.4358 | J8: 0.00079469853 | K8: 104119 | L8: 8.906e-12 | N8: 48160 | O8: 1.03e-12 | Q8: 152279 | R8: 2.082e-22 | S8: European sex-combined | T8: 3.205e-38 | U8: 0.00079398369
A9: rs543874 | B9: 1 | C9: 176156103 | D9: SEC16B | E9: G | F9: A | G9: 0.0341 | H9: 0.0051 | I9: 0.1916 | J9: 0.00036021398 | K9: 104553 | L9: 3.28e-08 | N9: 48265 | O9: 0.0002277 | Q9: 152818 | R9: 2.729e-11 | S9: European sex-combined | T9: 2.618e-35 | U9: 0.00072283761
A10: rs2207139 | B10: 6 | C10: 50953449 | D10: TFAP2B | E10: G | F10: A | G10: 0.044 | H10: 0.0053 | I10: 0.1778 | J10: 0.00056603668 | K10: 104561 | L10: 2.094e-12 | N10: 48265 | O10: 9.616e-06 | Q10: 152826 | R10: 1.621e-16 | S10: European sex-combined | T10: 4.126e-29 | U10: 0.00058290164
A11: rs11030104 | B11: 11 | C11: 27641093 | D11: BDNF | E11: A | F11: G | G11: 0.0445 | H11: 0.005 | I11: 0.7924 | J11: 0.00065151112 | K11: 104600 | L11: 1.172e-11 | N11: 48264 | O11: 5.846e-09 | Q11: 152864 | R11: 4.696e-19 | S11: European sex-combined | T11: 5.557e-28 | U11: 0.00056410095
A12: rs3101336 | B12: 1 | C12: 72523773 | D12: NEGR1 | E12: C | F12: T | G12: 0.0346 | H12: 0.0042 | I12: 0.6137 | J12: 0.00056762697 | K12: 104587 | L12: 1.516e-12 | N12: 46070 | O12: 1.831e-05 | Q12: 150657 | R12: 1.732e-16 | S12: European sex-combined | T12: 2.661e-26 | U12: 0.00052954239
A13: rs7138803 | B13: 12 | C13: 48533735 | D13: BCDIN3D | E13: A | F13: G | G13: 0.0273 | H13: 0.0042 | I13: 0.3847 | J13: 0.0003528291 | K13: 104593 | L13: 1.11e-09 | N13: 48262 | O13: 0.00551 | Q13: 152855 | R13: 5.897e-11 | S13: European sex-combined | T13: 8.153e-24 | U13: 0.00046955951
A14: rs10182181 | B14: 2 | C14: 25003800 | D14: ADCY3 | E14: G | F14: A | G14: 0.0234 | H14: 0.004 | I14: 0.4629 | J14: 0.00027227267 | K14: 104465 | L14: 1.158e-06 | N14: 48236 | O14: 0.00117 | Q14: 152701 | R14: 6.031e-09 | S14: European sex-combined | T14: 8.777e-24 | U14: 0.00046847994
A15: rs3888190 | B15: 16 | C15: 28796987 | D15: ATP2A1 | E15: A | F15: C | G15: 0.035 | H15: 0.0041 | I15: 0.4024 | J15: 0.00058916189 | K15: 104614 | L15: 1.322e-10 | N15: 48170 | O15: 1.134e-08 | Q15: 152784 | R15: 1.323e-17 | S15: European sex-combined | T15: 3.14e-23 | U15: 0.00045925167
A16: rs1516725 | B16: 3 | C16: 187306698 | D16: ETV5 | E16: C | F16: T | G16: 0.0439 | H16: 0.0062 | I16: 0.8731 | J16: 0.00042705582 | K16: 104081 | L16: 3.978e-10 | N16: 48225 | O16: 0.0004021 | Q16: 152306 | R16: 1.048e-12 | S16: European sex-combined | T16: 1.886e-22 | U16: 0.00045435874
... A45: rs12885454 | B45: 14 | C45: 28806589 | D45: PRKD1 | E45: C | F45: A | G45: 0.0188 | H45: 0.0042 | I45: 0.6441 | J45: 0.00016204177 | K45: 104042 | L45: 0.003143 | N45: 48182 | O45: 0.0006153 | Q45: 152224 | R45: 9.818e-06 | S45: European sex-combined | T45: 1.943e-10 | U45: 0.00019706207
A46: rs9641123 | B46: 7 | C46: 93035668 | D46: CALCR | E46: C | F46: G | G46: 0.0114 | H46: 0.0052 | I46: 0.4285 | J46: 6.3651224e-05 | K46: 104401 | L46: 0.02844 | N46: - | O46: - | Q46: 104401 | R46: 0.02836 | S46: European Population Based | T46: 2.077e-10 | U46: 0.000178675
A47: rs12016871 | B47: 13 | C47: 26915782 | D47: MTIF3 | E47: T | F47: C | G47: 0.0273 | H47: 0.0062 | I47: 0.2043 | J47: 0.00024231094 | K47: 104506 | L47: 1.141e-05 | N47: - | O47: - | Q47: 104506 | R47: 1.067e-05 | S47: European sex-combined | T47: 2.291e-10 | U47: 0.00028724824
A48: rs16851483 | B48: 3 | C48: 142758126 | D48: RASA2 | E48: T | F48: G | G48: 0.0433 | H48: 0.0103 | I48: 0.0657 | J48: 0.00023017466 | K48: 104613 | L48: 2.589e-05 | N48: - | O48: - | Q48: 104613 | R48: 2.624e-05 | S48: European sex-combined | T48: 3.548e-10 | U48: 0.00028559123
A49: rs1167827 | B49: 7 | C49: 75001105 | D49: HIP1 | E49: G | F49: A | G49: 0.0234 | H49: 0.0044 | I49: 0.5484 | J49: 0.00027121462 | K49: 94278.7 | L49: 0.0001907 | N49: 48227 | O49: 8.684e-05 | Q49: 142506 | R49: 8.804e-08 | S49: European sex-combined | T49: 6.333e-10 | U49: 0.0002017621
A50: rs758747 | B50: 16 | C50: 3567359 | D50: NLRC3 | E50: T | F50: C | G50: 0.0259 | H50: 0.0048 | I50: 0.2643 | J50: 0.00026087199 | K50: 98367.7 | L50: 0.0001919 | N50: 48239 | O50: 9.878e-05 | Q50: 146607 | R50: 8.042e-08 | S50: European sex-combined | T50: 7.473e-10 | U50: 0.00019725726
A51: rs1928295 | B51: 9 | C51: 119418304 | D51: TLR4 | E51: T | F51: C | G51: 0.0119 | H51: 0.004 | I51: 0.5472 | J51: 7.0174031e-05 | K51: 104553 | L51: 0.01201 | N51: 48255 | O51: 0.1078 | Q51: 152808 | R51: 0.00304 | S51: European sex-combined | T51: 7.91e-10 | U51: 0.00017509813
A52: rs9925964 | B52: 16 | C52: 31037396 | D52: KAT8 | E52: A | F52: G | G52: 0.0184 | H52: 0.0042 | I52: 0.6187 | J52: 0.00015973959 | K52: 104137 | L52: 0.002243 | N52: 48247 | O52: 0.001106 | Q52: 152384 | R52: 1.098e-05 | S52: European sex-combined | T52: 8.108e-10 | U52: 0.00017373853
A53: rs11126666 | B53: 2 | C53: 26782315 | D53: KCNK3 | E53: A | F53: G | G53: 0.0258 | H53: 0.0045 | I53: 0.2847 | J53: 0.00027110973 | K53: 104561 | L53: 0.000289 | N53: 48238 | O53: 3.241e-06 | Q53: 152799 | R53: 1.292e-08 | S53: European sex-combined | T53: 1.332e-09 | U53: 0.00017400217
A54: rs2650492 | B54: 16 | C54: 28240912 | D54: SBK1 | E54: A | F54: G | G54: 0.0213 | H54: 0.0047 | I54: 0.3033 | J54: 0.00019173766 | K54: 102516 | L54: 0.002984 | N54: 48243 | O54: 0.0003161 | Q54: 150759 | R54: 4.722e-06 | S54: European sex-combined | T54: 1.915e-09 | U54: 0.00018108768
A55: rs6804842 | B55: 3 | C55: 25081441 | D55: RARB | E55: G | F55: A | G55: 0.0202 | H55: 0.0041 | I55: 0.572 | J55: 0.00019978944 | K55: 104282 | L55: 1.988e-06 | N55: 48264 | O55: 0.0551 | Q55: 152546 | R55: 7.688e-07 | S55: European sex-combined | T55: 2.476e-09 | U55: 0.00016728495
A56: rs12940622 | B56: 17 | C56: 76230166 | D56: RPTOR | E56: G | F56: A | G56: 0.0206 | H56: 0.0041 | I56: 0.5767 | J56: 0.00020718707 | K56: 104600 | L56: 0.0001086 | N56: 48223 | O56: 0.001197 | Q56: 152823 | R56: 4.974e-07 | S56: European sex-combined | T56: 2.494e-09 | U56: 0.0001619134
A57: rs7164727 | B57: 15 | C57: 70881044 | D57: LOC100287559 | E57: T | F57: C | G57: 0.0171 | H57: 0.0043 | I57: 0.6872 | J57: 0.00012571066 | K57: 104279 | L57: 0.0002469 | N57: 48261 | O57: 0.1034 | Q57: 152540 | R57: 8.419e-05 | S57: All Ancestries | T57: 3.915e-09 | U57: 0.00013948527
A58: rs11847697 | B58: 14 | C58: 29584863 | D58: PRKD1 | E58: T | F58: C | G58: 0.0452 | H58: 0.011 | I58: 0.0416 | J58: 0.00016290972 | K58: 97878 | L58: 0.003991 | N58: 48172 | O58: 0.002559 | Q58: 146050 | R58: 3.967e-05 | S58: European sex-combined | T58: 3.99e-09 | U58: 0.00019479374
A59: rs4740619 | B59: 9 | C59: 15624326 | D59: C9orf93 | E59: T | F59: C | G59: 0.0198 | H59: 0.004 | I59: 0.5395 | J59: 0.00019479664 | K59: 104575 | L59: 0.0005903 | N59: 48167 | O59: 0.0002531 | Q59: 152742 | R59: 8.842e-07 | S59: European sex-combined | T59: 4.564e-09 | U59: 0.00015909602
A60: rs492400 | B60: 2 | C60: 219057996 | D60: USP37 | E60: C | F60: T | G60: 0.0238 | H60: 0.0041 | I60: 0.424 | J60: 0.00027667649 | K60: 104435 | L60: 9.841e-06 | N60: 47718 | O60: 0.0001496 | Q60: 152153 | R60: 6.784e-09 | S60: European Men | T60: 6.784e-09 | U60: 0.00012189044
... A62: rs3736485 | B62: 15 | C62: 49535902 | D62: DMXL2 | E62: A | F62: G | G62: 0.0167 | H62: 0.0041 | I62: 0.4532 | J62: 0.00013822333 | K62: 104250 | L62: 0.001669 | N62: 48259 | O62: 0.007912 | Q62: 152509 | R62: 4.167e-05 | S62: European sex-combined | T62: 7.412e-09 | U62: 0.0001535691
A63: rs17001654 | B63: 4 | C63: 77348592 | D63: SCARB2 | E63: G | F63: C | G63: 0.0278 | H63: 0.0072 | I63: 0.1539 | J63: 0.0002012704 | K63: 104471 | L63: 0.0001228 | N63: - | O63: - | Q63: 104471 | R63: 0.0001129 | S63: European sex-combined | T63: 7.76e-09 | U63: 0.00024294752
A64: rs11191560 | B64: 10 | C64: 104859028 | D64: NT5C2 | E64: C | F64: T | G64: 0.0313 | H64: 0.0071 | I64: 0.089 | J64: 0.00015886457 | K64: 104550 | L64: 0.0002865 | N64: 48256 | O64: 0.01189 | Q64: 152806 | R64: 1.007e-05 | S64: European sex-combined | T64: 8.446e-09 | U64: 0.0001539855
A65: rs2080454 | B65: 16 | C65: 47620091 | D65: CBLN1 | E65: C | F65: A | G65: 0.0167 | H65: 0.0042 | I65: 0.4077 | J65: 0.00013469311 | K65: 104602 | L65: 5.004e-05 | N65: 48258 | O65: 0.1911 | Q65: 152860 | R65: 5.685e-05 | S65: All Ancestries | T65: 8.604e-09 | U65: 0.00013603629
A66: rs7715256 | B66: 5 | C66: 153518086 | D66: GALNT10 | E66: G | F66: T | G66: 0.0151 | H66: 0.0041 | I66: 0.4221 | J66: 0.00011123768 | K66: 104615 | L66: 0.0002387 | N66: 48237 | O66: 0.2223 | Q66: 152852 | R66: 0.0002404 | S66: All Ancestries | T66: 8.851e-09 | U66: 0.00012953705
A67: rs2176040 | B67: 2 | C67: 226801046 | D67: LOC646736 | E67: A | F67: G | G67: 0.0239 | H67: 0.0042 | I67: 0.3654 | J67: 0.00026490759 | K67: 104550 | L67: 1.528e-05 | N67: 48268 | O67: 0.0001498 | Q67: 152818 | R67: 9.989e-09 | S67: European Men | T67: 9.989e-09 | U67: 9.2201255e-05
A68: rs1528435 | B68: 2 | C68: 181259207 | D68: UBE2E3 | E68: T | F68: C | G68: 0.0229 | H68: 0.0042 | I68: 0.6322 | J68: 0.00024387494 | K68: 104511 | L68: 5.263e-07 | N68: 48264 | O68: 0.01501 | Q68: 152775 | R68: 4.317e-08 | S68: European sex-combined | T68: 1.196e-08 | U68: 0.00014751219
A69: rs2075650 | B69: 19 | C69: 50087459 | D69: TOMM40 | E69: A | F69: G | G69: 0.0206 | H69: 0.006 | I69: 0.8475 | J69: 0.00010969176 | K69: 96917.6 | L69: 0.06872 | N69: 48263 | O69: 0.001325 | Q69: 145181 | R69: 0.0005803 | S69: European sex-combined | T69: 1.247e-08 | U69: 0.00017122583
A70: rs1000940 | B70: 17 | C70: 5223976 | D70: RABEP1 | E70: G | F70: A | G70: 0.0184 | H70: 0.0045 | I70: 0.3203 | J70: 0.00014741438 | K70: 104527 | L70: 1.599e-05 | N70: 48241 | O70: 0.227 | Q70: 152768 | R70: 4.021e-05 | S70: European sex-combined | T70: 1.284e-08 | U70: 0.00016040558
A71: rs2033529 | B71: 6 | C71: 40456631 | D71: TDRG1 | E71: G | F71: A | G71: 0.018 | H71: 0.0044 | I71: 0.2948 | J71: 0.00013471464 | K71: 104558 | L71: 0.01096 | N71: 48242 | O71: 0.000745 | Q71: 152800 | R71: 4.644e-05 | S71: European sex-combined | T71: 1.388e-08 | U71: 0.00014956302
A72: rs11583200 | B72: 1 | C72: 50332407 | D72: ELAVL4 | E72: C | F72: T | G72: 0.0174 | H72: 0.0042 | I72: 0.3967 | J72: 0.00014491856 | K72: 104599 | L72: 0.001972 | N72: 48266 | O72: 0.004408 | Q72: 152865 | R72: 2.887e-05 | S72: European sex-combined | T72: 1.479e-08 | U72: 0.00014984182
A73: rs7239883 | B73: 18 | C73: 38401669 | D73: LOC284260 | E73: G | F73: A | G73: 0.0107 | H73: 0.0042 | I73: 0.3955 | J73: 5.4744481e-05 | K73: 104536 | L73: 0.04358 | N73: 48245 | O73: 0.1068 | Q73: 152781 | R73: 0.009858 | S73: European Women | T73: 1.511e-08 | U73: 0.00012836731
A74: rs2836754 | B74: 21 | C74: 39213610 | D74: ETS2 | E74: C | F74: T | G74: 0.0143 | H74: 0.0042 | I74: 0.6102 | J74: 9.7278331e-05 | K74: 103695 | L74: 0.001085 | N74: 48219 | O74: 0.1741 | Q74: 151914 | R74: 0.0005955 | S74: All Ancestries | T74: 1.605e-08 | U74: 0.00012778044
A75: rs9400239 | B75: 6 | C75: 109084356 | D75: FOXO3 | E75: C | F75: T | G75: 0.015 | H75: 0.0043 | I75: 0.6856 | J75: 9.6998688e-05 | K75: 104555 | L75: 0.01429 | N75: 48243 | O75: 0.01293 | Q75: 152798 | R75: 0.0005361 | S75: European sex-combined | T75: 1.613e-08 | U75: 0.0001517626
... A109: rs2481665 | B109: 1 | C109: 62367265 | D109: INADL | E109: T | F109: C | G109: 0.0185 | H109: 0.0041 | I109: 0.5661 | J109: 0.00016813428 | K109: 104486 | L109: 0.01653 | N109: 48226 | O109: 1.401e-05 | Q109: 152712 | R109: 6.814e-06 | S109: European sex-combined | T109: 1.903e-07 | U109: 0.00012433398
A110: rs10760279 | B110: 9 | C110: 125145112 | D110: CRB2 | E110: T | F110: G | G110: 0.0244 | H110: 0.0057 | I110: 0.4114 | J110: 0.0002883329 | K110: 97884.2 | L110: 1.599e-05 | N110: - | O110: - | Q110: 97884.2 | R110: 1.863e-05 | S110: European sex-combined | T110: 2.098e-07 | U110: 0.00023030958
A111: rs11611246 | B111: 12 | C111: 809741 | D111: WNK1 | E111: T | F111: G | G111: 0.0241 | H111: 0.0054 | I111: 0.2033 | J111: 0.00018814656 | K111: 102196 | L111: 2.227e-05 | N111: 42887 | O111: 0.05895 | Q111: 145083 | R111: 6.488e-06 | S111: European sex-combined | T111: 2.134e-07 | U111: 0.00013819282
A112: rs1816537 | B112: 11 | C112: 112473861 | D112: NCAM1 | E112: C | F112: A | G112: 0.022 | H112: 0.0051 | I112: 0.56 | J112: 0.0002385152 | K112: 103936 | L112: 1.543e-05 | N112: - | O112: - | Q112: 103936 | R112: 1.605e-05 | S112: European sex-combined | T112: 2.169e-07 | U112: 0.00019106136
A113: rs972540 | B113: 2 | C113: 206953028 | D113: ADAM23 | E113: G | F113: A | G113: 0.0203 | H113: 0.0046 | I113: 0.2676 | J113: 0.00016153124 | K113: 104595 | L113: 0.00228 | N113: 48268 | O113: 0.001167 | Q113: 152863 | R113: 1.16e-05 | S113: European sex-combined | T113: 2.277e-07 | U113: 0.00012454762
A114: rs12150665 | B114: 17 | C114: 31988900 | D114: GGNBP2 | E114: T | F114: C | G114: 0.0174 | H114: 0.0041 | I114: 0.5895 | J114: 0.00014652963 | K114: 104568 | L114: 0.0002045 | N114: 48247 | O114: 0.03392 | Q114: 152815 | R114: 2.256e-05 | S114: European sex-combined | T114: 2.437e-07 | U114: 0.0001254616
A115: rs9507983 | B115: 13 | C115: 27518036 | D115: FLT3 | E115: C | F115: T | G115: 0.0198 | H115: 0.0051 | I115: 0.3885 | J115: 0.00018627212 | K115: 104602 | L115: 0.0001002 | N115: - | O115: - | Q115: 104602 | R115: 0.0001035 | S115: European sex-combined | T115: 2.497e-07 | U115: 0.00018254518
A116: rs2270204 | B116: 9 | C116: 130082555 | D116: SWI5 | E116: G | F116: T | G116: 0.022 | H116: 0.0049 | I116: 0.251 | J116: 0.00018198303 | K116: 103215 | L116: 7.671e-05 | N116: 46896 | O116: 0.02236 | Q116: 150111 | R116: 5.787e-06 | S116: European sex-combined | T116: 2.6e-07 | U116: 0.00013427466
A117: rs1391576 | B117: 11 | C117: 51251508 | D117: OR4A5 | E117: T | F117: C | G117: 0.033 | H117: 0.0064 | I117: 0.1146 | J117: 0.00022099478 | K117: 104316 | L117: 1.166e-05 | N117: 48242 | O117: 0.00656 | Q117: 152558 | R117: 2.638e-07 | S117: European Men | T117: 2.638e-07 | U117: 8.3944373e-05
A118: rs6752828 | B118: 2 | C118: 80041480 | D118: CTNNA2 | E118: C | F118: T | G118: 0.0207 | H118: 0.004 | I118: 0.4608 | J118: 0.00021292813 | K118: 104587 | L118: 3.191e-05 | N118: 48238 | O118: 0.002148 | Q118: 152825 | R118: 2.641e-07 | S118: European Men | T118: 2.641e-07 | U118: 3.9370182e-05
A119: rs7143963 | B119: 14 | C119: 102374178 | D119: TRAF3 | E119: T | F119: C | G119: 0.0262 | H119: 0.0053 | I119: 0.1811 | J119: 0.00020360193 | K119: 104559 | L119: 0.0003827 | N119: 48262 | O119: 0.000327 | Q119: 152821 | R119: 6.358e-07 | S119: European sex-combined | T119: 2.82e-07 | U119: 0.00012258388
A120: rs11672550 | B120: 19 | C120: 1888193 | D120: CSNK1G2 | E120: T | F120: C | G120: 0.0173 | H120: 0.0055 | I120: 0.5773 | J120: 0.00014606831 | K120: 103418 | L120: 0.001799 | N120: - | O120: - | Q120: 103418 | R120: 0.001658 | S120: European sex-combined | T120: 3.024e-07 | U120: 0.0002152842
A121: rs6504108 | B121: 17 | C121: 43647922 | D121: SKAP1 | E121: C | F121: T | G121: 0.0153 | H121: 0.0044 | I121: 0.2835 | J121: 9.510035e-05 | K121: 104612 | L121: 0.0006934 | N121: 48257 | O121: 0.2365 | Q121: 152869 | R121: 0.0005438 | S121: European sex-combined | T121: 3.582e-07 | U121: 0.00012307652
A122: rs9634489 | B122: 13 | C122: 95847005 | D122: HS6ST3 | E122: G | F122: A | G122: 0.0197 | H122: 0.0041 | I122: 0.4988 | J122: 0.00019404388 | K122: 103880 | L122: 8.231e-06 | N122: 48264 | O122: 0.04324 | Q122: 152144 | R122: 1.862e-06 | S122: European sex-combined | T122: 3.587e-07 | U122: 0.00013447548
A123: rs6864049 | B123: 5 | C123: 124358421 | D123: ZNF608 | E123: G | F123: A | G123: 0.0159 | H123: 0.0041 | I123: 0.5331 | J123: 0.00012585104 | K123: 104515 | L123: 0.0002045 | N123: 48253 | O123: 0.1144 | Q123: 152768 | R123: 9.275e-05 | S123: European sex-combined | T123: 3.62e-07 | U123: 0.00012426635
A124: rs427943 | B124: 21 | C124: 45395324 | D124: ADARB1 | E124: C | F124: A | G124: 0.0251 | H124: 0.0048 | I124: 0.5797 | J124: 0.00030700124 | K124: 104467 | L124: 4.356e-06 | N124: 13349 | O124: 0.0118 | Q124: 117816 | R124: 1.946e-07 | S124: European sex-combined | T124: 3.939e-07 | U124: 0.00015961159
A125: rs6870983 | B125: 5 | C125: 87733289 | D125: LOC100505894 | E125: C | F125: T | G125: 0.0172 | H125: 0.0049 | I125: 0.7822 | J125: 0.00010080047 | K125: 104614 | L125: 0.001058 | N125: 48247 | O125: 0.143 | Q125: 152861 | R125: 0.0004562 | S125: European sex-combined | T125: 4.21e-07 | U125: 0.00011562349
A126: rs8123881 | B126: 20 | C126: 15767495 | D126: MACROD2 | E126: G | F126: A | G126: 0.021 | H126: 0.0059 | I126: 0.1519 | J126: 0.00011362488 | K126: 104231 | L126: 0.04253 | N126: 48254 | O126: 0.001928 | Q126: 152485 | R126: 0.0003967 | S126: European sex-combined | T126: 4.267e-07 | U126: 0.00013212216
A127: rs1109114 | B127: 5 | C127: 148596139 | D127: ABLIM3 | E127: C | F127: T | G127: 0.0207 | H127: 0.0041 | I127: 0.5783 | J127: 0.00020899095 | K127: 104553 | L127: 7.479e-06 | N127: 48249 | O127: 0.01408 | Q127: 152802 | R127: 4.396e-07 | S127: European Men | T127: 4.396e-07 | U127: 7.5080316e-05
A128: rs2579103 | B128: 12 | C128: 89157638 | D128: LOC338758 | E128: C | F128: A | G128: 0.0174 | H128: 0.0058 | I128: 0.2609 | J128: 0.00011676314 | K128: 104613 | L128: 0.002558 | N128: - | O128: - | Q128: 104613 | R128: 0.0027 | S128: European sex-combined | T128: 4.474e-07 | U128: 0.00017307387
A129: rs2481044 | B129: 6 | C129: 160627237 | D129: SLC22A2 | E129: T | F129: C | G129: 0.0239 | H129: 0.006 | I129: 0.2571 | J129: 0.00021820175 | K129: 37871.7 | L129: 0.1474 | N129: 48195 | O129: 6.773e-05 | Q129: 86066.7 | R129: 6.041e-05 | S129: European sex-combined | T129: 4.66e-07 | U129: 0.00021101269
A130: rs2371767 | B130: 3 | C130: 64693298 | D130: MIR548AN | E130: C | F130: G | G130: 0.0173 | H130: 0.0047 | I130: 0.2754 | J130: 0.00011944954 | K130: 98728.3 | L130: 0.005542 | N130: 44332 | O130: 0.0136 | Q130: 143060 | R130: 0.0002225 | S130: European sex-combined | T130: 4.79e-07 | U130: 0.00012498075
A131: rs150992 | B131: 5 | C131: 98303097 | D131: LOC100289230 | E131: A | F131: G | G131: 0.0183 | H131: 0.0046 | I131: 0.7254 | J131: 0.00013341672 | K131: 104243 | L131: 0.0003095 | N131: 48252 | O131: 0.06071 | Q131: 152495 | R131: 6.416e-05 | S131: European sex-combined | T131: 4.794e-07 | U131: 0.00011977133
A132: rs4738873 | B132: 8 | C132: 62248730 | D132: CLVS1 | E132: A | F132: G | G132: 0.0166 | H132: 0.0053 | I132: 0.1987 | J132: 8.7748395e-05 | K132: 104583 | L132: 0.002863 | N132: 48247 | O132: 0.1917 | Q132: 152830 | R132: 0.00167 | S132: European sex-combined | T132: 5.251e-07 | U132: 0.00012447221
A133: rs889398 | B133: 16 | C133: 68114216 | D133: MIR1538 | E133: C | F133: T | G133: 0.0146 | H133: 0.0041 | I133: 0.5736 | J133: 0.00010427064 | K133: 104539 | L133: 0.00301 | N133: 48243 | O133: 0.04656 | Q133: 152782 | R133: 0.0003692 | S133: European sex-combined | T133: 5.472e-07 | U133: 0.00011907916
A134: rs9880211 | B134: 3 | C134: 137590239 | D134: STAG1 | E134: A | F134: G | G134: 0.0122 | H134: 0.0047 | I134: 0.2461 | J134: 5.5229996e-05 | K134: 104597 | L134: 0.09265 | N134: 48249 | O134: 0.03362 | Q134: 152846 | R134: 0.00909 | S134: European sex-combined | T134: 5.974e-07 | U134: 0.00011740864
A135: rs285575 | B135: 12 | C135: 40207932 | D135: PDZRN4 | E135: A | F135: G | G135: 0.0185 | H135: 0.0041 | I135: 0.4812 | J135: 0.00017088307 | K135: 104594 | L135: 9.841e-06 | N135: 42432 | O135: 0.1232 | Q135: 147026 | R135: 7.01e-06 | S135: European sex-combined | T135: 6.283e-07 | U135: 0.0001184159
A136: rs17630235 | B136: 12 | C136: 111076069 | D136: TRAFD1 | E136: G | F136: A | G136: 0.0145 | H136: 0.0042 | I136: 0.5825 | J136: 0.00010226297 | K136: 103974 | L136: 0.007128 | N136: 48256 | O136: 0.02434 | Q136: 152230 | R136: 0.0004616 | S136: European sex-combined | T136: 6.443e-07 | U136: 0.00011822933
A137: rs7713317 | B137: 5 | C137: 95742478 | D137: PCSK1 | E137: G | F137: A | G137: 0.0191 | H137: 0.0045 | I137: 0.2907 | J137: 0.00015044291 | K137: 104409 | L137: 7.201e-05 | N137: 45707 | O137: 0.08303 | Q137: 150116 | R137: 1.986e-05 | S137: European sex-combined | T137: 6.489e-07 | U137: 0.00012051259
A138: rs10518406 | B138: 4 | C138: 123982347 | D138: FGF2 | E138: G | F138: A | G138: 0.0609 | H138: 0.0122 | I138: 0.0378 | J138: 0.00026978744 | K138: 93389.6 | L138: 0.0002385 | N138: 48270 | O138: 0.0007541 | Q138: 141660 | R138: 6.502e-07 | S138: European Men | T138: 6.502e-07 | U138: 6.5764917e-05
A139: rs751008 | B139: 10 | C139: 129032407 | D139: DOCK1 | E139: A | F139: G | G139: 0.0197 | H139: 0.0052 | I139: 0.4601 | J139: 0.00019280931 | K139: 91331.1 | L139: 0.1101 | N139: 29041 | O139: 2.091e-05 | Q139: 120372 | R139: 0.0001439 | S139: European sex-combined | T139: 6.621e-07 | U139: 0.00020046899
A140: rs1884897 | B140: 20 | C140: 6560832 | D140: BMP2 | E140: G | F140: A | G140: 0.0166 | H140: 0.0042 | I140: 0.6394 | J140: 0.00012707044 | K140: 104574 | L140: 0.001848 | N140: 48263 | O140: 0.01476 | Q140: 152837 | R140: 7.714e-05 | S140: European sex-combined | T140: 6.833e-07 | U140: 0.00011228961
A141: rs9659323 | B141: 1 | C141: 119305884 | D141: TBX15 | E141: A | F141: G | G141: 0.0202 | H141: 0.0041 | I141: 0.5531 | J141: 0.00020171897 | K141: 104611 | L141: 3.483e-05 | N141: 46083 | O141: 0.005757 | Q141: 150694 | R141: 7.228e-07 | S141: European Men | T141: 7.228e-07 | U141: 7.5993208e-05
A142: rs7551318 | B142: 1 | C142: 69142425 | D142: DEPDC1 | E142: T | F142: G | G142: 0.0624 | H142: 0.0126 | I142: 0.9331 | J142: 0.00048613119 | K142: 93704.8 | L142: 6.687e-07 | N142: - | O142: - | Q142: 93704.8 | R142: 7.331e-07 | S142: European Men | T142: 7.331e-07 | U142: 9.3392533e-05
A143: rs7613875 | B143: 3 | C143: 49946518 | D143: MON1A | E143: A | F143: C | G143: 0.0208 | H143: 0.0043 | I143: 0.5296 | J143: 0.00021556188 | K143: 104268 | L143: 0.0001309 | N143: 39055 | O143: 0.003037 | Q143: 143323 | R143: 1.314e-06 | S143: European sex-combined | T143: 7.356e-07 | U143: 0.00012436464
A144: rs1979755 | B144: 2 | C144: 42561909 | D144: KCNG3 | E144: C | F144: G | G144: 0.0159 | H144: 0.0052 | I144: 0.5481 | J144: 0.00012523519 | K144: 104077 | L144: 0.002243 | N144: - | O144: - | Q144: 104077 | R144: 0.00223 | S144: European sex-combined | T144: 7.522e-07 | U144: 0.0001751585
A145: rs2246012 | B145: 6 | C145: 131939901 | D145: ARG1 | E145: C | F145: T | G145: 0.0133 | H145: 0.0054 | I145: 0.1788 | J145: 5.1945716e-05 | K145: 104601 | L145: 0.07222 | N145: 48268 | O145: 0.08581 | Q145: 152869 | R145: 0.01355 | S145: European Population Based | T145: 7.526e-07 | U145: 9.4520332e-05
A146: rs3783890 | B146: 14 | C146: 92860029 | D146: BTBD7 | E146: T | F146: C | G146: 0.0231 | H146: 0.0052 | I146: 0.814 | J146: 0.00016158138 | K146: 104544 | L146: 0.004758 | N146: 48266 | O146: 0.0002089 | Q146: 152810 | R146: 7.33e-06 | S146: European sex-combined | T146: 7.59e-07 | U146: 0.00011387025
A147: rs11607976 | B147: 11 | C147: 68988292 | D147: MYEOV | E147: C | F147: T | G147: 0.0219 | H147: 0.0045 | I147: 0.6953 | J147: 0.00020321834 | K147: 103869 | L147: 8.654e-05 | N147: 48259 | O147: 0.003728 | Q147: 152128 | R147: 1.183e-06 | S147: European sex-combined | T147: 7.717e-07 | U147: 0.00011996275
A148: rs9660180 | B148: 1 | C148: 1712891 | D148: GNB1 | E148: A | F148: G | G148: 0.0187 | H148: 0.0046 | I148: 0.4991 | J148: 0.00017484443 | K148: 75841.6 | L148: 4.37e-05 | N148: 44449 | O148: 0.1223 | Q148: 120291 | R148: 4.054e-05 | S148: European sex-combined | T148: 8.071e-07 | U148: 0.00014620442
A149: rs6990042 | B149: 8 | C149: 14218345 | D149: SGCZ | E149: G | F149: T | G149: 0.0193 | H149: 0.0042 | I149: 0.4608 | J149: 0.00018510023 | K149: 102141 | L149: 0.003208 | N149: 48222 | O149: 0.0003005 | Q149: 150363 | R149: 5.093e-06 | S149: European sex-combined | T149: 8.364e-07 | U149: 0.0001240606
A150: rs10975870 | B150: 9 | C150: 6870263 | D150: KDM4C | E150: G | F150: A | G150: 0.0227 | H150: 0.0063 | I150: 0.2409 | J150: 0.00018845927 | K150: 91363.7 | L150: 0.1577 | N150: 48256 | O150: 0.0006193 | Q150: 139620 | R150: 0.0002874 | S150: European sex-combined | T150: 8.4e-07 | U150: 0.00020265679
A151: rs12741940 | B151: 1 | C151: 174174823 | D151: RFWD2 | E151: A | F151: C | G151: 0.0109 | H151: 0.0049 | I151: 0.3411 | J151: 5.3405283e-05 | K151: 98458.7 | L151: 0.1155 | N151: 28453 | O151: 0.08215 | Q151: 126912 | R151: 0.02499 | S151: European Population Based | T151: 8.682e-07 | U151: 0.00011062471
A152: rs4372836 | B152: 2 | C152: 28827387 | D152: PPP1CB | E152: T | F152: C | G152: 0.0118 | H152: 0.0044 | I152: 0.3065 | J152: 5.9193082e-05 | K152: 104559 | L152: 0.07106 | N152: 48256 | O152: 0.03534 | Q152: 152815 | R152: 0.006756 | S152: All Ancestries | T152: 8.791e-07 | U152: 8.9396803e-05
A153: rs4327120 | B153: 18 | C153: 34786974 | D153: LOC647946 | E153: T | F153: C | G153: 0.0398 | H153: 0.0081 | I153: 0.895 | J153: 0.00029772032 | K153: 104589 | L153: 1.022e-06 | N153: - | O153: - | Q153: 104589 | R153: 8.943e-07 | S153: European Men | T153: 8.943e-07 | U153: 0.00011875039
A154: rs998584 | B154: 6 | C154: 43865874 | D154: VEGFA | E154: C | F154: A | G154: 0.0176 | H154: 0.0046 | I154: 0.5111 | J154: 0.00015480367 | K154: 94818.7 | L154: 0.01435 | N154: 41918 | O154: 0.001957 | Q154: 136737 | R154: 0.0001177 | S154: European sex-combined | T154: 9.102e-07 | U154: 0.00014441255
A155: rs33439 | B155: 19 | C155: 35637011 | D155: ZNF536 | E155: T | F155: C | G155: 0.0126 | H155: 0.0052 | I155: 0.6042 | J155: 7.5932482e-05 | K155: 104503 | L155: 0.01545 | N155: - | O155: - | Q155: 104503 | R155: 0.01539 | S155: European sex-combined | T155: 9.844e-07 | U155: 0.00016519091
A156: rs2307022 | B156: 16 | C156: 66939479 | D156: PRMT7 | E156: A | F156: G | G156: 0.0153 | H156: 0.0043 | I156: 0.3381 | J156: 0.00010477325 | K156: 104588 | L156: 0.001681 | N156: 48198 | O156: 0.07549 | Q156: 152786 | R156: 0.0003288 | S156: European sex-combined | T156: 9.862e-07 | U156: 0.00011448
A157: rs7611238 | B157: 3 | C157: 196554207 | D157: ACAP2 | E157: A | F157: G | G157: 0.0185 | H157: 0.0051 | I157: 0.57 | J157: 0.00016777095 | K157: 104045 | L157: 0.0002783 | N157: - | O157: - | Q157: 104045 | R157: 0.0002862 | S157: European sex-combined | T157: 9.987e-07 | U157: 0.00016058524
A158: rs2228213 | B158: 6 | C158: 12232841 | D158: HIVEP1 | E158: G | F158: A | G158: 0.0137 | H158: 0.0042 | I158: 0.6466 | J158: 8.5777498e-05 | K158: 104612 | L158: 0.01118 | N158: 48256 | O158: 0.03545 | Q158: 152868 | R158: 0.001002 | S158: European sex-combined | T158: 1.037e-06 | U158: 0.00011543442
A159: rs7223966 | B159: 17 | C159: 59247130 | D159: DDX42 | E159: G | F159: A | G159: 0.0168 | H159: 0.0045 | I159: 0.7263 | J159: 0.00011221203 | K159: 104618 | L159: 0.0001512 | N159: 48255 | O159: 0.2715 | Q159: 152873 | R159: 0.0001778 | S159: European sex-combined | T159: 1.067e-06 | U159: 0.0001125432
A160: rs2391518 | B160: 4 | C160: 131036510 | D160: C4orf33 | E160: T | F160: C | G160: 0.0224 | H160: 0.0043 | I160: 0.3061 | J160: 0.00021315045 | K160: 104595 | L160: 0.0001847 | N160: 48256 | O160: 0.0003545 | Q160: 152851 | R160: 2.626e-07 | S160: European sex-combined | T160: 1.081e-06 | U160: 0.00011025433
A161: rs10499694 | B161: 7 | C161: 50581667 | D161: DDC | E161: A | F161: G | G161: 0.0168 | H161: 0.004 | I161: 0.4985 | J161: 0.00014111873 | K161: 104567 | L161: 0.000348 | N161: 48256 | O161: 0.02792 | Q161: 152823 | R161: 3.098e-05 | S161: European sex-combined | T161: 1.087e-06 | U161: 0.00011100073
A162: rs555267 | B162: 18 | C162: 39246696 | D162: SYT4 | E162: T | F162: G | G162: 0.0158 | H162: 0.0043 | I162: 0.316 | J162: 0.00010791638 | K162: 104589 | L162: 0.006409 | N162: 47396 | O162: 0.01542 | Q162: 151985 | R162: 0.000267 | S162: European sex-combined | T162: 1.089e-06 | U162: 0.00011216765
A163: rs9867325 | B163: 3 | C163: 138101599 | D163: NCK1 | E163: C | F163: G | G163: 0.0124 | H163: 0.0047 | I163: 0.2421 | J163: 5.6426104e-05 | K163: 104600 | L163: 0.1138 | N163: 48242 | O163: 0.02374 | Q163: 152842 | R163: 0.008821 | S163: European sex-combined | T163: 1.152e-06 | U163: 0.00011091779
...

Sheet S6-Euro women only
A1: Supplementary Table 6. Significant loci for BMI at P < 1 × 10-5 for European Women only
A2: SNP | B2: Chr. | C2: Position (bp) | D2: Genes | E2: Alleles | G2: β | H2: SE | I2: Effect allele frequency | J2: Variance explained | K2: GWAS I+II | N2: Metabochip | Q2: European Women only GWAS I+II + Metabochip | S2: Most significant analysis | T2: P value | U2: Variance explained in European All
D4: Nearest | E4: Effect | F4: Other | K4: N | L4: P value | N4: N | O4: P value | Q4: N | R4: P value
A5: rs1558902 | B5: 16 | C5: 52361075 | D5: FTO | E5: A | F5: T | G5: 0.0791 | H5: 0.0041 | I5: 0.4127 | J5: 0.0030330351 | K5: 131918 | L5: 6.058e-63 | N5: 39129 | O5: 3.472e-24 | Q5: 171047 | R5: 4.032e-84 | S5: European sex-combined | T5: 7.51e-153 | U5: 0.0032489316
A6: rs6567160 | B6: 18 | C6: 55980115 | D6: MC4R | E6: C | F6: T | G6: 0.0563 | H6: 0.0046 | I6: 0.2372 | J6: 0.0011470231 | K6: 132021 | L6: 2.96e-27 | N6: 39854 | O6: 3.858e-08 | Q6: 171875 | R6: 5.083e-34 | S6: European sex-combined | T6: 3.93e-53 | U6: 0.0011137892
A7: rs13021737 | B7: 2 | C7: 622348 | D7: TMEM18 | E7: G | F7: A | G7: 0.0686 | H7: 0.0052 | I7: 0.828 | J7: 0.001340408 | K7: 128846 | L7: 3.525e-27 | N7: 39828 | O7: 6.464e-14 | Q7: 168674 | R7: 6.987e-40 | S7: European sex-combined | T7: 1.113e-50 | U7: 0.001028816
A8: rs10938397 | B8: 4 | C8: 44877284 | D8: GNPDA2 | E8: G | F8: A | G8: 0.0404 | H8: 0.0041 | I8: 0.4321 | J8: 0.00080103015 | K8: 131605 | L8: 5.855e-21 | N8: 39781 | O8: 7.594e-05 | Q8: 171386 | R8: 2.984e-23 | S8: European sex-combined | T8: 3.205e-38 | U8: 0.00079398369
A9: rs543874 | B9: 1 | C9: 176156103 | D9: SEC16B | E9: G | F9: A | G9: 0.0603 | H9: 0.005 | I9: 0.1939 | J9: 0.001136662 | K9: 132046 | L9: 6.026e-26 | N9: 39855 | O9: 2.101e-09 | Q9: 171901 | R9: 9.613e-34 | S9: European sex-combined | T9: 2.618e-35 | U9: 0.00072283761
A10: rs2207139 | B10: 6 | C10: 50953449 | D10: TFAP2B | E10: G | F10: A | G10: 0.0465 | H10: 0.0052 | I10: 0.1769 | J10: 0.00062967483 | K10: 132044 | L10: 3.679e-11 | N10: 39860 | O10: 5.246e-10 | Q10: 171904 | R10: 2.404e-19 | S10: European sex-combined | T10: 4.126e-29 | U10: 0.00058290164
A11: rs11030104 | B11: 11 | C11: 27641093 | D11: BDNF | E11: A | F11: G | G11: 0.0384 | H11: 0.0048 | I11: 0.792 | J11: 0.00048582623 | K11: 132090 | L11: 1.49e-13 | N11: 39859 | O11: 0.001291 | Q11: 171949 | R11: 2.318e-15 | S11: European sex-combined | T11: 5.557e-28 | U11: 0.00056410095
A12: rs3101336 | B12: 1 | C12: 72523773 | D12: NEGR1 | E12: C | F12: T | G12: 0.0334 | H12: 0.004 | I12: 0.6108 | J12: 0.00053038934 | K12: 132065 | L12: 2.866e-12 | N12: 36855 | O12: 9.73e-06 | Q12: 168920 | R12: 8.908e-17 | S12: European sex-combined | T12: 2.661e-26 | U12: 0.00052954239
A13: rs7138803 | B13: 12 | C13: 48533735 | D13: BCDIN3D | E13: A | F13: G | G13: 0.0348 | H13: 0.0041 | I13: 0.3838 | J13: 0.00057281601 | K13: 132092 | L13: 1.418e-11 | N13: 39853 | O13: 1.2e-07 | Q13: 171945 | R13: 1.803e-17 | S13: European sex-combined | T13: 8.153e-24 | U13: 0.00046955951
A14: rs10182181 | B14: 2 | C14: 25003800 | D14: ADCY3 | E14: G | F14: A | G14: 0.0366 | H14: 0.0039 | I14: 0.4604 | J14: 0.00066557871 | K14: 131924 | L14: 3.477e-15 | N14: 39839 | O14: 2.788e-07 | Q14: 171763 | R14: 3.909e-21 | S14: European sex-combined | T14: 8.777e-24 | U14: 0.00046847994
A15: rs3888190 | B15: 16 | C15: 28796987 | D15: ATP2A1 | E15: A | F15: C | G15: 0.0275 | H15: 0.004 | I15: 0.4029 | J15: 0.00036386453 | K15: 132103 | L15: 5.869e-08 | N15: 39754 | O15: 1.337e-05 | Q15: 171857 | R15: 3.507e-12 | S15: European sex-combined | T15: 3.14e-23 | U15: 0.00045925167
A16: rs1516725 | B16: 3 | C16: 187306698 | D16: ETV5 | E16: C | F16: T | G16: 0.0466 | H16: 0.0059 | I16: 0.8703 | J16: 0.00049024231 | K16: 131255 | L16: 6.735e-12 | N16: 39794 | O16: 7.178e-05 | Q16: 171049 | R16: 1.914e-15 | S16: European sex-combined | T16: 1.886e-22 | U16: 0.00045435874
... A45: rs12885454 | B45: 14 | C45: 28806589 | D45: PRKD1 | E45: C | F45: A | G45: 0.0228 | H45: 0.0041 | I45: 0.6391 | J45: 0.00023980343 | K45: 131508 | L45: 5.311e-06 | N45: 39801 | O45: 0.001207 | Q45: 171309 | R45: 2.891e-08 | S45: European sex-combined | T45: 1.943e-10 | U45: 0.00019706207
A46: rs9641123 | B46: 7 | C46: 93035668 | D46: CALCR | E46: C | F46: G | G46: 0.0253 | H46: 0.0049 | I46: 0.4287 | J46: 0.00031353696 | K46: 131826 | L46: 1.876e-07 | N46: - | O46: - | Q46: 131826 | R46: 2.427e-07 | S46: European Population Based | T46: 2.077e-10 | U46: 0.000178675
A47: rs12016871 | B47: 13 | C47: 26915782 | D47: MTIF3 | E47: T | F47: C | G47: 0.0309 | H47: 0.0059 | I47: 0.2018 | J47: 0.0003075954 | K47: 132007 | L47: 1.593e-07 | N47: - | O47: - | Q47: 132007 | R47: 1.63e-07 | S47: European sex-combined | T47: 2.291e-10 | U47: 0.00028724824
A48: rs16851483 | B48: 3 | C48: 142758126 | D48: RASA2 | E48: T | F48: G | G48: 0.0524 | H48: 0.0096 | I48: 0.0654 | J48: 0.0003356573 | K48: 132027 | L48: 4.718e-08 | N48: - | O48: - | Q48: 132027 | R48: 4.806e-08 | S48: European sex-combined | T48: 3.548e-10 | U48: 0.00028559123
A49: rs1167827 | B49: 7 | C49: 75001105 | D49: HIP1 | E49: G | F49: A | G49: 0.0172 | H49: 0.0042 | I49: 0.5572 | J49: 0.00014598412 | K49: 126601 | L49: 0.003394 | N49: 39840 | O49: 0.002588 | Q49: 166441 | R49: 3.689e-05 | S49: European sex-combined | T49: 6.333e-10 | U49: 0.0002017621
A50: rs758747 | B50: 16 | C50: 3567359 | D50: NLRC3 | E50: T | F50: C | G50: 0.0193 | H50: 0.0047 | I50: 0.2658 | J50: 0.00014538312 | K50: 124902 | L50: 0.01158 | N50: 39843 | O50: 0.0003056 | Q50: 164745 | R50: 3.574e-05 | S50: European sex-combined | T50: 7.473e-10 | U50: 0.00019725726
A51: rs1928295 | B51: 9 | C51: 119418304 | D51: TLR4 | E51: T | F51: C | G51: 0.0258 | H51: 0.0039 | I51: 0.5488 | J51: 0.00032964964 | K51: 132025 | L51: 3.32e-06 | N51: 39852 | O51: 5.412e-07 | Q51: 171877 | R51: 3.421e-11 | S51: European sex-combined | T51: 7.91e-10 | U51: 0.00017509813
A52: rs9925964 | B52: 16 | C52: 31037396 | D52: KAT8 | E52: A | F52: G | G52: 0.0196 | H52: 0.0041 | I52: 0.6203 | J52: 0.0001809608 | K52: 128867 | L52: 4.15e-05 | N52: 39845 | O52: 0.01226 | Q52: 168712 | R52: 1.834e-06 | S52: European sex-combined | T52: 8.108e-10 | U52: 0.00017373853
A53: rs11126666 | B53: 2 | C53: 26782315 | D53: KCNK3 | E53: A | F53: G | G53: 0.016 | H53: 0.0044 | I53: 0.2817 | J53: 0.0001036007 | K53: 132051 | L53: 0.03684 | N53: 39839 | O53: 0.0006885 | Q53: 171890 | R53: 0.0002904 | S53: European sex-combined | T53: 1.332e-09 | U53: 0.00017400217
A54: rs2650492 | B54: 16 | C54: 28240912 | D54: SBK1 | E54: A | F54: G | G54: 0.02 | H54: 0.0044 | I54: 0.3027 | J54: 0.00016885817 | K54: 131560 | L54: 8.305e-06 | N54: 39845 | O54: 0.1245 | Q54: 171405 | R54: 5.036e-06 | S54: European sex-combined | T54: 1.915e-09 | U54: 0.00018108768
A55: rs6804842 | B55: 3 | C55: 25081441 | D55: RARB | E55: G | F55: A | G55: 0.017 | H55: 0.004 | I55: 0.578 | J55: 0.00014098345 | K55: 131783 | L55: 0.004692 | N55: 39845 | O55: 0.0004118 | Q55: 171628 | R55: 1.629e-05 | S55: European sex-combined | T55: 2.476e-09 | U55: 0.00016728495
A56: rs12940622 | B56: 17 | C56: 76230166 | D56: RPTOR | E56: G | F56: A | G56: 0.0161 | H56: 0.004 | I56: 0.5728 | J56: 0.00012685746 | K56: 132094 | L56: 0.0001128 | N56: 39826 | O56: 0.1429 | Q56: 171920 | R56: 4.757e-05 | S56: European sex-combined | T56: 2.494e-09 | U56: 0.0001619134
A57: rs7164727 | B57: 15 | C57: 70881044 | D57: LOC100287559 | E57: T | F57: C | G57: 0.0189 | H57: 0.0043 | I57: 0.6863 | J57: 0.00015380913 | K57: 131630 | L57: 0.0001261 | N57: 39853 | O57: 0.02401 | Q57: 171483 | R57: 9.184e-06 | S57: All Ancestries | T57: 3.915e-09 | U57: 0.00013948527
A58: rs11847697 | B58: 14 | C58: 29584863 | D58: PRKD1 | E58: T | F58: C | G58: 0.0532 | H58: 0.0106 | I58: 0.0426 | J58: 0.00023086404 | K58: 123198 | L58: 8.079e-07 | N58: 39706 | O58: 0.1074 | Q58: 162904 | R58: 5.647e-07 | S58: European sex-combined | T58: 3.99e-09 | U58: 0.00019479374
A59: rs4740619 | B59: 9 | C59: 15624326 | D59: C9orf93 | E59: T | F59: C | G59: 0.0157 | H59: 0.0039 | I59: 0.543 | J59: 0.00012233348 | K59: 132076 | L59: 0.001271 | N59: 39781 | O59: 0.01454 | Q59: 171857 | R59: 5.217e-05 | S59: European sex-combined | T59: 4.564e-09 | U59: 0.00015909602
A60: rs492400 | B60: 2 | C60: 219057996 | D60: USP37 | E60: C | F60: T | G60: 0.0082 | H60: 0.004 | I60: 0.4229 | J60: 3.2820596e-05 | K60: 131938 | L60: 0.0428 | N60: 39710 | O60: 0.5111 | Q60: 171648 | R60: 0.03814 | S60: European Men | T60: 6.784e-09 | U60: 0.00012189044
... A62: rs3736485 | B62: 15 | C62: 49535902 | D62: DMXL2 | E62: A | F62: G | G62: 0.0185 | H62: 0.0039 | I62: 0.4542 | J62: 0.00016968917 | K62: 131742 | L62: 0.0003929 | N62: 39858 | O62: 0.00187 | Q62: 171600 | R62: 2.682e-06 | S62: European sex-combined | T62: 7.412e-09 | U62: 0.0001535691
A63: rs17001654 | B63: 4 | C63: 77348592 | D63: SCARB2 | E63: G | F63: C | G63: 0.0322 | H63: 0.0067 | I63: 0.1531 | J63: 0.00026887416 | K63: 131962 | L63: 1.564e-06 | N63: - | O63: - | Q63: 131962 | R63: 1.54e-06 | S63: European sex-combined | T63: 7.76e-09 | U63: 0.00024294752
A64: rs11191560 | B64: 10 | C64: 104859028 | D64: NT5C2 | E64: C | F64: T | G64: 0.0307 | H64: 0.0069 | I64: 0.0893 | J64: 0.00015329696 | K64: 131982 | L64: 0.001082 | N64: 39816 | O64: 0.0021 | Q64: 171798 | R64: 9.725e-06 | S64: European sex-combined | T64: 8.446e-09 | U64: 0.0001539855
A65: rs2080454 | B65: 16 | C65: 47620091 | D65: CBLN1 | E65: C | F65: A | G65: 0.0165 | H65: 0.0041 | I65: 0.4044 | J65: 0.00013114862 | K65: 132099 | L65: 5.905e-05 | N65: 39851 | O65: 0.1842 | Q65: 171950 | R65: 5.237e-05 | S65: All Ancestries | T65: 8.604e-09 | U65: 0.00013603629
A66: rs7715256 | B66: 5 | C66: 153518086 | D66: GALNT10 | E66: G | F66: T | G66: 0.0179 | H66: 0.004 | I66: 0.4196 | J66: 0.00015606264 | K66: 132110 | L66: 3.228e-05 | N66: 39833 | O66: 0.0626 | Q66: 171943 | R66: 5.822e-06 | S66: All Ancestries | T66: 8.851e-09 | U66: 0.00012953705
A67: rs2176040 | B67: 2 | C67: 226801046 | D67: LOC646736 | E67: A | F67: G | G67: 0.0064 | H67: 0.0041 | I67: 0.3662 | J67: 1.9013432e-05 | K67: 132009 | L67: 0.275 | N67: 39856 | O67: 0.2347 | Q67: 171865 | R67: 0.1191 | S67: European Men | T67: 9.989e-09 | U67: 9.2201255e-05
A68: rs1528435 | B68: 2 | C68: 181259207 | D68: UBE2E3 | E68: T | F68: C | G68: 0.0137 | H68: 0.0041 | I68: 0.6305 | J68: 8.7452185e-05 | K68: 132002 | L68: 0.006969 | N68: 39858 | O68: 0.04427 | Q68: 171860 | R68: 0.0008398 | S68: European sex-combined | T68: 1.196e-08 | U68: 0.00014751219
A69: rs2075650 | B69: 19 | C69: 50087459 | D69: TOMM40 | E69: A | F69: G | G69: 0.031 | H69: 0.0058 | I69: 0.8488 | J69: 0.00024666671 | K69: 126078 | L69: 6.934e-06 | N69: 39860 | O69: 0.003986 | Q69: 165938 | R69: 1.057e-07 | S69: European sex-combined | T69: 1.247e-08 | U69: 0.00017122583
A70: rs1000940 | B70: 17 | C70: 5223976 | D70: RABEP1 | E70: G | F70: A | G70: 0.0203 | H70: 0.0043 | I70: 0.3207 | J70: 0.00017954886 | K70: 131929 | L70: 0.001082 | N70: 39847 | O70: 0.0003165 | Q70: 171776 | R70: 2.202e-06 | S70: European sex-combined | T70: 1.284e-08 | U70: 0.00016040558
A71: rs2033529 | B71: 6 | C71: 40456631 | D71: TDRG1 | E71: G | F71: A | G71: 0.0203 | H71: 0.0043 | I71: 0.2908 | J71: 0.00016997506 | K71: 131983 | L71: 7.487e-05 | N71: 39833 | O71: 0.01254 | Q71: 171816 | R71: 2.828e-06 | S71: European sex-combined | T71: 1.388e-08 | U71: 0.00014956302
A72: rs11583200 | B72: 1 | C72: 50332407 | D72: ELAVL4 | E72: C | F72: T | G72: 0.0175 | H72: 0.0041 | I72: 0.3953 | J72: 0.00014641072 | K72: 132082 | L72: 0.000628 | N72: 39856 | O72: 0.007588 | Q72: 171938 | R72: 1.696e-05 | S72: European sex-combined | T72: 1.479e-08 | U72: 0.00014984182
A73: rs7239883 | B73: 18 | C73: 38401669 | D73: LOC284260 | E73: G | F73: A | G73: 0.0231 | H73: 0.0041 | I73: 0.3911 | J73: 0.00025414861 | K73: 131997 | L73: 1.67e-05 | N73: 39840 | O73: 0.00014 | Q73: 171837 | R73: 1.511e-08 | S73: European Women | T73: 1.511e-08 | U73: 0.00012836731
A74: rs2836754 | B74: 21 | C74: 39213610 | D74: ETS2 | E74: C | F74: T | G74: 0.0185 | H74: 0.0041 | I74: 0.6137 | J74: 0.000162276 | K74: 131213 | L74: 0.000628 | N74: 39815 | O74: 0.002387 | Q74: 171028 | R74: 6.833e-06 | S74: All Ancestries | T74: 1.605e-08 | U74: 0.00012778044
A75: rs9400239 | B75: 6 | C75: 109084356 | D75: FOXO3 | E75: C | F75: T | G75: 0.0225 | H75: 0.0043 | I75: 0.6904 | J75: 0.00021641969 | K75: 132049 | L75: 5.563e-05 | N75: 39851 | O75: 0.0004845 | Q75: 171900 | R75: 1.29e-07 | S75: European sex-combined | T75: 1.613e-08 | U75: 0.0001517626
... A109: rs2481665 | B109: 1 | C109: 62367265 | D109: INADL | E109: T | F109: C | G109: 0.0129 | H109: 0.004 | I109: 0.5621 | J109: 8.192151e-05 | K109: 131970 | L109: 0.01917 | N109: 39819 | O109: 0.0172 | Q109: 171789 | R109: 0.001053 | S109: European sex-combined | T109: 1.903e-07 | U109: 0.00012433398
A110: rs10760279 | B110: 9 | C110: 125145112 | D110: CRB2 | E110: T | F110: G | G110: 0.0197 | H110: 0.0053 | I110: 0.4132 | J110: 0.00018819707 | K110: 124248 | L110: 0.0002115 | N110: - | O110: - | Q110: 124248 | R110: 0.0002016 | S110: European sex-combined | T110: 2.098e-07 | U110: 0.00023030958
A111: rs11611246 | B111: 12 | C111: 809741 | D111: WNK1 | E111: T | F111: G | G111: 0.0182 | H111: 0.0053 | I111: 0.2007 | J111: 0.00010627472 | K111: 128667 | L111: 0.0042 | N111: 37344 | O111: 0.05245 | Q111: 166011 | R111: 0.000569 | S111: European sex-combined | T111: 2.134e-07 | U111: 0.00013819282
A112: rs1816537 | B112: 11 | C112: 112473861 | D112: NCAM1 | E112: C | F112: A | G112: 0.0178 | H112: 0.0049 | I112: 0.5648 | J112: 0.00015575915 | K112: 128674 | L112: 0.000246 | N112: - | O112: - | Q112: 128674 | R112: 0.0002805 | S112: European sex-combined | T112: 2.169e-07 | U112: 0.00019106136
A113: rs972540 | B113: 2 | C113: 206953028 | D113: ADAM23 | E113: G | F113: A | G113: 0.0152 | H113: 0.0045 | I113: 0.2707 | J113: 9.1224531e-05 | K113: 132091 | L113: 0.0003788 | N113: 39851 | O113: 0.4289 | Q113: 171942 | R113: 0.0006143 | S113: European sex-combined | T113: 2.277e-07 | U113: 0.00012454762
A114: rs12150665 | B114: 17 | C114: 31988900 | D114: GGNBP2 | E114: T | F114: C | G114: 0.0152 | H114: 0.004 | I114: 0.5885 | J114: 0.00011190087 | K114: 132060 | L114: 0.0004986 | N114: 39840 | O114: 0.1033 | Q114: 171900 | R114: 0.000126 | S114: European sex-combined | T114: 2.437e-07 | U114: 0.0001254616
A115: rs9507983 | B115: 13 | C115: 27518036 | D115: FLT3 | E115: C | F115: T | G115: 0.0196 | H115: 0.0047 | I115: 0.3877 | J115: 0.00018239049 | K115: 132089 | L115: 3.54e-05 | N115: - | O115: - | Q115: 132089 | R115: 3.043e-05 | S115: European sex-combined | T115: 2.497e-07 | U115: 0.00018254518
A116: rs2270204 | B116: 9 | C116: 130082555 | D116: SWI5 | E116: G | F116: T | G116: 0.016 | H116: 0.0048 | I116: 0.2506 | J116: 9.6153416e-05 | K116: 130794 | L116: 3.546e-05 | N116: 38769 | O116: 0.9337 | Q116: 169563 | R116: 0.0008271 | S116: European sex-combined | T116: 2.6e-07 | U116: 0.00013427466
A117: rs1391576 | B117: 11 | C117: 51251508 | D117: OR4A5 | E117: T | F117: C | G117: 0.0094 | H117: 0.0063 | I117: 0.1154 | J117: 1.8040079e-05 | K117: 131853 | L117: 0.2179 | N117: 39842 | O117: 0.3946 | Q117: 171695 | R117: 0.1337 | S117: European Men | T117: 2.638e-07 | U117: 8.3944373e-05
A118: rs6752828 | B118: 2 | C118: 80041480 | D118: CTNNA2 | E118: T | F118: C | G118: 0.0016 | H118: 0.0039 | I118: 0.5375 | J118: 1.2728e-06 | K118: 132083 | L118: 0.387 | N118: 39840 | O118: 0.03364 | Q118: 171923 | R118: 0.6809 | S118: European Men | T118: 2.641e-07 | U118: 3.9370182e-05
A119: rs7143963 | B119: 14 | C119: 102374178 | D119: TRAF3 | E119: T | F119: C | G119: 0.0153 | H119: 0.0051 | I119: 0.1776 | J119: 6.8381547e-05 | K119: 132034 | L119: 0.08359 | N119: 39855 | O119: 0.004854 | Q119: 171889 | R119: 0.002613 | S119: European sex-combined | T119: 2.82e-07 | U119: 0.00012258388
A120: rs11672550 | B120: 19 | C120: 1888193 | D120: CSNK1G2 | E120: T | F120: C | G120: 0.0241 | H120: 0.0051 | I120: 0.5753 | J120: 0.00028381851 | K120: 131560 | L120: 2.154e-06 | N120: - | O120: - | Q120: 131560 | R120: 2.296e-06 | S120: European sex-combined | T120: 3.024e-07 | U120: 0.0002152842
A121: rs6504108 | B121: 17 | C121: 43647922 | D121: SKAP1 | E121: C | F121: T | G121: 0.0193 | H121: 0.0044 | I121: 0.2845 | J121: 0.00015164794 | K121: 132107 | L121: 0.000141 | N121: 39843 | O121: 0.02314 | Q121: 171950 | R121: 9.32e-06 | S121: European sex-combined | T121: 3.582e-07 | U121: 0.00012307652
A122: rs9634489 | B122: 13 | C122: 95847005 | D122: HS6ST3 | E122: G | F122: A | G122: 0.0137 | H122: 0.0041 | I122: 0.4943 | J122: 9.3832804e-05 | K122: 131317 | L122: 0.00104 | N122: 39850 | O122: 0.2435 | Q122: 171167 | R122: 0.0008284 | S122: European sex-combined | T122: 3.587e-07 | U122: 0.00013447548
A123: rs6864049 | B123: 5 | C123: 124358421 | D123: ZNF608 | E123: G | F123: A | G123: 0.0159 | H123: 0.0039 | I123: 0.5342 | J123: 0.00012581361 | K123: 132023 | L123: 0.0004607 | N123: 39843 | O123: 0.04866 | Q123: 171866 | R123: 5.446e-05 | S123: European sex-combined | T123: 3.62e-07 | U123: 0.00012426635
A124: rs427943 | B124: 21 | C124: 45395324 | D124: ADARB1 | E124: C | F124: A | G124: 0.0117 | H124: 0.0046 | I124: 0.5797 | J124: 6.6705925e-05 | K124: 131955 | L124: 0.02753 | N124: 10620 | O124: 0.1489 | Q124: 142575 | R124: 0.01124 | S124: European sex-combined | T124: 3.939e-07 | U124: 0.00015961159
A125: rs6870983 | B125: 5 | C125: 87733289 | D125: LOC100505894 | E125: C | F125: T | G125: 0.0202 | H125: 0.0048 | I125: 0.7805 | J125: 0.00013981062 | K125: 132102 | L125: 0.003016 | N125: 39853 | O125: 0.001277 | Q125: 171955 | R125: 2.281e-05 | S125: European sex-combined | T125: 4.21e-07 | U125: 0.00011562349
A126: rs8123881 | B126: 20 | C126: 15767495 | D126: MACROD2 | E126: G | F126: A | G126: 0.0235 | H126: 0.0058 | I126: 0.1471 | J126: 0.00013857233 | K126: 131716 | L126: 0.001331 | N126: 39782 | O126: 0.01411 | Q126: 171498 | R126: 5.505e-05 | S126: European sex-combined | T126: 4.267e-07 | U126: 0.00013212216
A127: rs1109114 | B127: 5 | C127: 148596139 | D127: ABLIM3 | E127: C | F127: T | G127: 0.0059 | H127: 0.004 | I127: 0.5744 | J127: 1.7019628e-05 | K127: 132037 | L127: 0.3755 | N127: 39833 | O127: 0.1753 | Q127: 171870 | R127: 0.1374 | S127: European Men | T127: 4.396e-07 | U127: 7.5080316e-05
A128: rs2579103 | B128: 12 | C128: 89157638 | D128: LOC338758 | E128: C | F128: A | G128: 0.0243 | H128: 0.0053 | I128: 0.2594 | J128: 0.00022688 | K128: 132103 | L128: 4.877e-06 | N128: - | O128: - | Q128: 132103 | R128: 4.542e-06 | S128: European sex-combined | T128: 4.474e-07 | U128: 0.00017307387
A129: rs2481044 | B129: 6 | C129: 160627237 | D129: SLC22A2 | E129: T | F129: C | G129: 0.0227 | H129: 0.0064 | I129: 0.2572 | J129: 0.00019689041 | K129: 34984.7 | L129: 0.1094 | N129: 39837 | O129: 0.001016 | Q129: 74821.7 | R129: 0.0003694 | S129: European sex-combined | T129: 4.66e-07 | U129: 0.00021101269
A130: rs2371767 | B130: 3 | C130: 64693298 | D130: MIR548AN | E130: C | F130: G | G130: 0.0179 | H130: 0.0045 | I130: 0.275 | J130: 0.00012776349 | K130: 124157 | L130: 0.003229 | N130: 38221 | O130: 0.006832 | Q130: 162378 | R130: 7.435e-05 | S130: European sex-combined | T130: 4.79e-07 | U130: 0.00012498075
A131: rs150992 | B131: 5 | C131: 98303097 | D131: LOC100289230 | E131: A | F131: G | G131: 0.017 | H131: 0.0044 | I131: 0.722 | J131: 0.00011601385 | K131: 131783 | L131: 0.01056 | N131: 39848 | O131: 0.001371 | Q131: 171631 | R131: 0.0001055 | S131: European sex-combined | T131: 4.794e-07 | U131: 0.00011977133
A132: rs4738873 | B132: 8 | C132: 62248730 | D132: CLVS1 | E132: A | F132: G | G132: 0.0218 | H132: 0.0051 | I132: 0.1919 | J132: 0.00014739511 | K132: 132060 | L132: 0.0002112 | N132: 39847 | O132: 0.03284 | Q132: 171907 | R132: 1.829e-05 | S132: European sex-combined | T132: 5.251e-07 | U132: 0.00012447221
A133: rs889398 | B133: 16 | C133: 68114216 | D133: MIR1538 | E133: C | F133: T | G133: 0.0166 | H133: 0.0039 | I133: 0.5725 | J133: 0.00013488318 | K133: 132031 | L133: 0.0007354 | N133: 39837 | O133: 0.01245 | Q133: 171868 | R133: 2.473e-05 | S133: European sex-combined | T133: 5.472e-07 | U133: 0.00011907916
A134: rs9880211 | B134: 3 | C134: 137590239 | D134: STAG1 | E134: A | F134: G | G134: 0.0229 | H134: 0.0046 | I134: 0.2454 | J134: 0.00019421927 | K134: 132090 | L134: 5.457e-06 | N134: 39845 | O134: 0.03191 | Q134: 171935 | R134: 5.231e-07 | S134: European sex-combined | T134: 5.974e-07 | U134: 0.00011740864
A135: rs285575 | B135: 12 | C135: 40207932 | D135: PDZRN4 | E135: A | F135: G | G135: 0.0132 | H135: 0.0039 | I135: 0.4817 | J135: 8.7003298e-05 | K135: 132103 | L135: 0.004608 | N135: 37998 | O135: 0.0683 | Q135: 170101 | R135: 0.0007203 | S135: European sex-combined | T135: 6.283e-07 | U135: 0.0001184159
A136: rs17630235 | B136: 12 | C136: 111076069 | D136: TRAFD1 | E136: G | F136: A | G136: 0.016 | H136: 0.0041 | I136: 0.5864 | J136: 0.00012417794 | K136: 131437 | L136: 4.15e-05 | N136: 39858 | O136: 0.3309 | Q136: 171295 | R136: 8.733e-05 | S136: European sex-combined | T136: 6.443e-07 | U136: 0.00011822933
A137: rs7713317 | B137: 5 | C137: 95742478 | D137: PCSK1 | E137: G | F137: A | G137: 0.0155 | H137: 0.0044 | I137: 0.2906 | J137: 9.9055863e-05 | K137: 131899 | L137: 0.002884 | N137: 38441 | O137: 0.05614 | Q137: 170340 | R137: 0.0003969 | S137: European sex-combined | T137: 6.489e-07 | U137: 0.00012051259
A138: rs10518406 | B138: 4 | C138: 123982347 | D138: FGF2 | E138: A | F138: G | G138: 0 | H138: 0.0119 | I138: 0.9634 | J138: 0 | K138: 123492 | L138: 0.9189 | N138: 39714 | O138: 0.9046 | Q138: 163206 | R138: 0.9999 | S138: European Men | T138: 6.502e-07 | U138: 6.5764917e-05
A139: rs751008 | B139: 10 | C139: 129032407 | D139: DOCK1 | E139: A | F139: G | G139: 0.0201 | H139: 0.0054 | I139: 0.4523 | J139: 0.00020016652 | K139: 118172 | L139: 0.001805 | N139: 21508 | O139: 0.04643 | Q139: 139680 | R139: 0.0002194 | S139: European sex-combined | T139: 6.621e-07 | U139: 0.00020046899
A140: rs1884897 | B140: 20 | C140: 6560832 | D140: BMP2 | E140: G | F140: A | G140: 0.0141 | H140: 0.0041 | I140: 0.6387 | J140: 9.175571e-05 | K140: 132051 | L140: 0.004774 | N140: 39852 | O140: 0.04288 | Q140: 171903 | R140: 0.0005624 | S140: European sex-combined | T140: 6.833e-07 | U140: 0.00011228961
A141: rs9659323 | B141: 1 | C141: 119305884 | D141: TBX15 | E141: A | F141: G | G141: 0.0061 | H141: 0.0039 | I141: 0.5542 | J141: 1.8386381e-05 | K141: 132107 | L141: 0.4889 | N141: 36851 | O141: 0.0683 | Q141: 168958 | R141: 0.1202 | S141: European Men | T141: 7.228e-07 | U141: 7.5993208e-05
A142: rs7551318 | B142: 1 | C142: 69142425 | D142: DEPDC1 | E142: G | F142: T | G142: 0.0022 | H142: 0.0117 | I142: 0.0682 | J142: 6.15152e-07 | K142: 116845 | L142: 0.8505 | N142: - | O142: - | Q142: 116845 | R142: 0.8508 | S142: European Men | T142: 7.331e-07 | U142: 9.3392533e-05
A143: rs7613875 | B143: 3 | C143: 49946518 | D143: MON1A | E143: A | F143: C | G143: 0.0124 | H143: 0.0042 | I143: 0.5307 | J143: 7.6590165e-05 | K143: 131733 | L143: 0.02476 | N143: 33485 | O143: 0.0395 | Q143: 165218 | R143: 0.002937 | S143: European sex-combined | T143: 7.356e-07 | U143: 0.00012436464
A144: rs1979755 | B144: 2 | C144: 42561909 | D144: KCNG3 | E144: C | F144: G | G144: 0.0215 | H144: 0.0049 | I144: 0.5458 | J144: 0.00022918573 | K144: 131557 | L144: 9.488e-06 | N144: - | O144: - | Q144: 131557 | R144: 1.145e-05 | S144: European sex-combined | T144: 7.522e-07 | U144: 0.0001751585
A145: rs2246012 | B145: 6 | C145: 131939901 | D145: ARG1 | E145: C | F145: T | G145: 0.0222 | H145: 0.0053 | I145: 0.1759 | J145: 0.00014288337 | K145: 132087 | L145: 9.18e-06 | N145: 39858 | O145: 0.3347 | Q145: 171945 | R145: 2.826e-05 | S145: European Population Based | T145: 7.526e-07 | U145: 9.4520332e-05
A146: rs3783890 | B146: 14 | C146: 92860029 | D146: BTBD7 | E146: T | F146: C | G146: 0.0161 | H146: 0.005 | I146: 0.8146 | J146: 7.8295334e-05 | K146: 132026 | L146: 0.007036 | N146: 39856 | O146: 0.08697 | Q146: 171882 | R146: 0.001376 | S146: European sex-combined | T146: 7.59e-07 | U146: 0.00011387025
A147: rs11607976 | B147: 11 | C147: 68988292 | D147: MYEOV | E147: C | F147: T | G147: 0.0112 | H147: 0.0043 | I147: 0.6921 | J147: 5.3461923e-05 | K147: 131477 | L147: 0.03446 | N147: 39846 | O147: 0.1461 | Q147: 171323 | R147: 0.01025 | S147: European sex-combined | T147: 7.717e-07 | U147: 0.00011996275
A148: rs9660180 | B148: 1 | C148: 1712891 | D148: GNB1 | E148: A | F148: G | G148: 0.0161 | H148: 0.0044 | I148: 0.4986 | J148: 0.00012960398 | K148: 106156 | L148: 0.01436 | N148: 36090 | O148: 0.004182 | Q148: 142246 | R148: 0.000239 | S148: European sex-combined | T148: 8.071e-07 | U148: 0.00014620442
A149: rs6990042 | B149: 8 | C149: 14218345 | D149: SGCZ | E149: G | F149: T | G149: 0.0129 | H149: 0.0041 | I149: 0.4603 | J149: 8.2680446e-05 | K149: 128954 | L149: 0.001286 | N149: 39841 | O149: 0.3884 | Q149: 168795 | R149: 0.001761 | S149: European sex-combined | T149: 8.364e-07 | U149: 0.0001240606
A150: rs10975870 | B150: 9 | C150: 6870263 | D150: KDM4C | E150: G | F150: A | G150: 0.0238 | H150: 0.0063 | I150: 0.2372 | J150: 0.00020497896 | K150: 120837 | L150: 0.0004641 | N150: 39857 | O150: 0.04203 | Q150: 160694 | R150: 0.0001432 | S150: European sex-combined | T150: 8.4e-07 | U150: 0.00020265679
A151: rs12741940 | B151: 1 | C151: 174174823 | D151: RFWD2 | E151: A | F151: C | G151: 0.0202 | H151: 0.0047 | I151: 0.3383 | J151: 0.00018268205 | K151: 123110 | L151: 1.657e-05 | N151: 20887 | O151: 0.3582 | Q151: 143997 | R151: 1.965e-05 | S151: European Population Based | T151: 8.682e-07 | U151: 0.00011062471
A152: rs4372836 | B152: 2 | C152: 28827387 | D152: PPP1CB | E152: T | F152: C | G152: 0.0172 | H152: 0.0043 | I152: 0.3066 | J152: 0.00012578906 | K152: 132057 | L152: 0.0002024 | N152: 39840 | O152: 0.1004 | Q152: 171897 | R152: 6.176e-05 | S152: All Ancestries | T152: 8.791e-07 | U152: 8.9396803e-05
A153: rs4327120 | B153: 18 | C153: 34786974 | D153: LOC647946 | E153: T | F153: C | G153: 0.0133 | H153: 0.0075 | I153: 0.8923 | J153: 3.3998509e-05 | K153: 132086 | L153: 0.0767 | N153: - | O153: - | Q153: 132086 | R153: 0.07617 | S153: European Men | T153: 8.943e-07 | U153: 0.00011875039
A154: rs998584 | B154: 6 | C154: 43865874 | D154: VEGFA | E154: C | F154: A | G154: 0.0162 | H154: 0.0045 | I154: 0.5133 | J154: 0.00013112715 | K154: 120500 | L154: 0.03125 | N154: 37544 | O154: 0.001985 | Q154: 158044 | R154: 0.0003383 | S154: European sex-combined | T154: 9.102e-07 | U154: 0.00014441255
A155: rs33439 | B155: 19 | C155: 35637011 | D155: ZNF536 | E155: T | F155: C | G155: 0.0234 | H155: 0.0049 | I155: 0.6077 | J155: 0.00026107739 | K155: 131978 | L155: 1.436e-06 | N155: - | O155: - | Q155: 131978 | R155: 1.793e-06 | S155: European sex-combined | T155: 9.844e-07 | U155: 0.00016519091
A156: rs2307022 | B156: 16 | C156: 66939479 | D156: PRMT7 | E156: A | F156: G | G156: 0.0159 | H156: 0.0042 | I156: 0.3372 | J156: 0.00011300413 | K156: 132087 | L156: 0.0001032 | N156: 39816 | O156: 0.287 | Q156: 171903 | R156: 0.0001387 | S156: European sex-combined | T156: 9.862e-07 | U156: 0.00011448
A157: rs7611238 | B157: 3 | C157: 196554207 | D157: ACAP2 | E157: A | F157: G | G157: 0.0175 | H157: 0.0047 | I157: 0.5695 | J157: 0.00015016647 | K157: 131147 | L157: 0.000222 | N157: - | O157: - | Q157: 131147 | R157: 0.0001966 | S157: European sex-combined | T157: 9.987e-07 | U157: 0.00016058524
A158: rs2228213 | B158: 6 | C158: 12232841 | D158: HIVEP1 | E158: G | F158: A | G158: 0.0189 | H158: 0.0041 | I158: 0.6485 | J158: 0.00016285043 | K158: 132097 | L158: 5.905e-05 | N158: 39847 | O158: 0.01905 | Q158: 171944 | R158: 3.929e-06 | S158: European sex-combined | T158: 1.037e-06 | U158: 0.00011543442
A159: rs7223966 | B159: 17 | C159: 59247130 | D159: DDX42 | E159: G | F159: A | G159: 0.0176 | H159: 0.0044 | I159: 0.7236 | J159: 0.00012390588 | K159: 132108 | L159: 0.001239 | N159: 39852 | O159: 0.01706 | Q159: 171960 | R159: 6.111e-05 | S159: European sex-combined | T159: 1.067e-06 | U159: 0.0001125432
A160: rs2391518 | B160: 4 | C160: 131036510 | D160: C4orf33 | E160: T | F160: C | G160: 0.0105 | H160: 0.0042 | I160: 0.3073 | J160: 4.693711e-05 | K160: 132078 | L160: 0.04215 | N160: 39856 | O160: 0.1444 | Q160: 171934 | R160: 0.0128 | S160: European sex-combined | T160: 1.081e-06 | U160: 0.00011025433
A161: rs10499694 | B161: 7 | C161: 50581667 | D161: DDC | E161: A | F161: G | G161: 0.0135 | H161: 0.0039 | I161: 0.4952 | J161: 9.1116602e-05 | K161: 132053 | L161: 0.003754 | N161: 39851 | O161: 0.05536 | Q161: 171904 | R161: 0.000489 | S161: European sex-combined | T161: 1.087e-06 | U161: 0.00011100073
A162: rs555267 | B162: 18 | C162: 39246696 | D162: SYT4 | E162: T | F162: G | G162: 0.0165 | H162: 0.0042 | I162: 0.3173 | J162: 0.00011794998 | K162: 132087 | L162: 0.000214 | N162: 39267 | O162: 0.1326 | Q162: 171354 | R162: 9.036e-05 | S162: European sex-combined | T162: 1.089e-06 | U162: 0.00011216765
A163: rs9867325 | B163: 3 | C163: 138101599 | D163: NCK1 | E163: C | F163: G | G163: 0.0224 | H163: 0.0046 | I163: 0.2415 | J163: 0.00018382254 | K163: 132092 | L163: 9.982e-06 | N163: 39841 | O163: 0.03801 | Q163: 171933 | R163: 1.097e-06 | S163: European sex-combined | T163: 1.152e-06 | U163: 0.00011091779
...

Sheet S7-Euro Population based
A1: Supplementary Table 7. Significant loci for BMI at P < 1 × 10-5 for European population-based analysis
A2: SNP | B2: Chr. | C2: Position (bp) | D2: Genes | E2: Alleles | G2: β | H2: SE | I2: Effect allele frequency | J2: Variance explained | K2: GWAS I+II | N2: Metabochip | Q2: European Population GWAS I+II + Metabochip | S2: Most significant analysis | T2: P value | U2: Variance explained in European All
D4: Nearest | E4: Effect | F4: Other | K4: N | L4: P value | N4: N | O4: P value | Q4: N | R4: P value
A5: rs1558902 | B5: 16 | C5: 52361075 | D5: FTO | E5: A | F5: T | G5: 0.0858 | H5: 0.0038 | I5: 0.4127 | J5: 0.0035686096 | K5: 161900 | L5: 6.299e-88 | N5: 47118 | O5: 5.939e-31 | Q5: 209018 | R5: 9.25e-116 | S5: European sex-combined | T5: 7.51e-153 | U5: 0.0032489316
A6: rs6567160 | B6: 18 | C6: 55980115 | D6: MC4R | E6: C | F6: T | G6: 0.0599 | H6: 0.0043 | I6: 0.2384 | J6: 0.0013029172 | K6: 162076 | L6: 2.327e-35 | N6: 47249 | O6: 4.894e-11 | Q6: 209325 | R6: 4.097e-44 | S6: European sex-combined | T6: 3.93e-53 | U6: 0.0011137892
A7: rs13021737 | B7: 2 | C7: 622348 | D7: TMEM18 | E7: G | F7: A | G7: 0.0648 | H7: 0.0048 | I7: 0.8273 | J7: 0.0011998732 | K7: 159194 | L7: 4.852e-29 | N7: 47198 | O7: 1.307e-13 | Q7: 206392 | R7: 7.768e-41 | S7: European sex-combined | T7: 1.113e-50 | U7: 0.001028816
A8: rs10938397 | B8: 4 | C8: 44877284 | D8: GNPDA2 | E8: G | F8: A | G8: 0.0434 | H8: 0.0038 | I8: 0.429 | J8: 0.00092278995 | K8: 161258 | L8: 2.892e-22 | N8: 47175 | O8: 1.871e-10 | Q8: 208433 | R8: 6.198e-31 | S8: European sex-combined | T8: 3.205e-38 | U8: 0.00079398369
A9: rs543874 | B9: 1 | C9: 176156103 | D9: SEC16B | E9: G | F9: A | G9: 0.0536 | H9: 0.0046 | I9: 0.1939 | J9: 0.00089810333 | K9: 162126 | L9: 4.974e-23 | N9: 47245 | O9: 7.055e-10 | Q9: 209371 | R9: 1.522e-31 | S9: European sex-combined | T9: 2.618e-35 | U9: 0.00072283761
A10: rs2207139 | B10: 6 | C10: 50953449 | D10: TFAP2B | E10: G | F10: A | G10: 0.0463 | H10: 0.0049 | I10: 0.1737 | J10: 0.00061536041 | K10: 162132 | L10: 7.426e-16 | N10: 47253 | O10: 3.253e-07 | Q10: 209385 | R10: 1.726e-21 | S10: European sex-combined | T10: 4.126e-29 | U10: 0.00058290164
A11: rs11030104 | B11: 11 | C11: 27641093 | D11: BDNF | E11: A | F11: G | G11: 0.039 | H11: 0.0045 | I11: 0.7893 | J11: 0.00050590136 | K11: 162224 | L11: 8.779e-13 | N11: 47249 | O11: 1.122e-06 | Q11: 209473 | R11: 4.139e-18 | S11: European sex-combined | T11: 5.557e-28 | U11: 0.00056410095
A12: rs3101336 | B12: 1 | C12: 72523773 | D12: NEGR1 | E12: C | F12: T | G12: 0.0346 | H12: 0.0038 | I12: 0.6086 | J12: 0.00057034149 | K12: 162199 | L12: 9.167e-16 | N12: 42053 | O12: 3.03e-06 | Q12: 204252 | R12: 2.754e-20 | S12: European sex-combined | T12: 2.661e-26 | U12: 0.00052954239
A13: rs7138803 | B13: 12 | C13: 48533735 | D13: BCDIN3D | E13: A | F13: G | G13: 0.036 | H13: 0.0038 | I13: 0.3843 | J13: 0.00061330222 | K13: 162228 | L13: 6.917e-16 | N13: 47244 | O13: 2.236e-07 | Q13: 209472 | R13: 1.251e-21 | S13: European sex-combined | T13: 8.153e-24 | U13: 0.00046955951
A14: rs10182181 | B14: 2 | C14: 25003800 | D14: ADCY3 | E14: G | F14: A | G14: 0.0302 | H14: 0.0037 | I14: 0.46 | J14: 0.00045310147 | K14: 161950 | L14: 1.097e-10 | N14: 47214 | O14: 1.554e-07 | Q14: 209164 | R14: 2e-16 | S14: European sex-combined | T14: 8.777e-24 | U14: 0.00046847994
A15: rs3888190 | B15: 16 | C15: 28796987 | D15: ATP2A1 | E15: A | F15: C | G15: 0.0319 | H15: 0.0037 | I15: 0.4024 | J15: 0.00048941798 | K15: 162245 | L15: 7.734e-12 | N15: 47169 | O15: 6.567e-08 | Q15: 209414 | R15: 6.346e-18 | S15: European sex-combined | T15: 3.14e-23 | U15: 0.00045925167
A16: rs1516725 | B16: 3 | C16: 187306698 | D16: ETV5 | E16: C | F16: T | G16: 0.0424 | H16: 0.0055 | I16: 0.8709 | J16: 0.00040425578 | K16: 160862 | L16: 1.489e-12 | N16: 47199 | O16: 0.001155 | Q16: 208061 | R16: 1.443e-14 | S16: European sex-combined | T16: 1.886e-22 | U16: 0.00045435874
... A45: rs12885454 | B45: 14 | C45: 28806589 | D45: PRKD1 | E45: C | F45: A | G45: 0.0178 | H45: 0.0038 | I45: 0.6394 | J45: 0.0001461061 | K45: 161077 | L45: 0.002127 | N45: 47217 | O45: 0.0001676 | Q45: 208294 | R45: 3.607e-06 | S45: European sex-combined | T45: 1.943e-10 | U45: 0.00019706207
A46: rs9641123 | B46: 7 | C46: 93035668 | D46: CALCR | E46: C | F46: G | G46: 0.0286 | H46: 0.0045 | I46: 0.4301 | J46: 0.00040098688 | K46: 161756 | L46: 1.606e-10 | N46: - | O46: - | Q46: 161756 | R46: 2.077e-10 | S46: European Population Based | T46: 2.077e-10 | U46: 0.000178675
A47: rs12016871 | B47: 13 | C47: 26915782 | D47: MTIF3 | E47: T | F47: C | G47: 0.0302 | H47: 0.0054 | I47: 0.203 | J47: 0.00029511973 | K47: 162041 | L47: 2.428e-08 | N47: - | O47: - | Q47: 162041 | R47: 2.237e-08 | S47: European sex-combined | T47: 2.291e-10 | U47: 0.00028724824
A48: rs16851483 | B48: 3 | C48: 142758126 | D48: RASA2 | E48: T | F48: G | G48: 0.0557 | H48: 0.0088 | I48: 0.0657 | J48: 0.00038088345 | K48: 162245 | L48: 2.785e-10 | N48: - | O48: - | Q48: 162245 | R48: 2.459e-10 | S48: European sex-combined | T48: 3.548e-10 | U48: 0.00028559123
A49: rs1167827 | B49: 7 | C49: 75001105 | D49: HIP1 | E49: G | F49: A | G49: 0.0233 | H49: 0.0038 | I49: 0.5591 | J49: 0.00026765258 | K49: 154553 | L49: 3.773e-05 | N49: 47200 | O49: 3.321e-06 | Q49: 201753 | R49: 1.418e-09 | S49: European sex-combined | T49: 6.333e-10 | U49: 0.0002017621
A50: rs758747 | B50: 16 | C50: 3567359 | D50: NLRC3 | E50: T | F50: C | G50: 0.0225 | H50: 0.0043 | I50: 0.2664 | J50: 0.00019787393 | K50: 153789 | L50: 0.001722 | N50: 47226 | O50: 4.818e-06 | Q50: 201015 | R50: 1.941e-07 | S50: European sex-combined | T50: 7.473e-10 | U50: 0.00019725726
A51: rs1928295 | B51: 9 | C51: 119418304 | D51: TLR4 | E51: T | F51: C | G51: 0.0206 | H51: 0.0037 | I51: 0.5494 | J51: 0.00021010882 | K51: 162122 | L51: 6.763e-06 | N51: 47236 | O51: 0.0006956 | Q51: 209358 | R51: 2.332e-08 | S51: European sex-combined | T51: 7.91e-10 | U51: 0.00017509813
A52: rs9925964 | B52: 16 | C52: 31037396 | D52: KAT8 | E52: A | F52: G | G52: 0.0182 | H52: 0.0038 | I52: 0.6199 | J52: 0.00015609618 | K52: 159236 | L52: 4.711e-05 | N52: 47227 | O52: 0.008472 | Q52: 206463 | R52: 1.375e-06 | S52: European sex-combined | T52: 8.108e-10 | U52: 0.00017373853
A53: rs11126666 | B53: 2 | C53: 26782315 | D53: KCNK3 | E53: A | F53: G | G53: 0.015 | H53: 0.0041 | I53: 0.2777 | J53: 9.0262219e-05 | K53: 162152 | L53: 0.007131 | N53: 47217 | O53: 0.012 | Q53: 209369 | R53: 0.0002616 | S53: European sex-combined | T53: 1.332e-09 | U53: 0.00017400217
A54: rs2650492 | B54: 16 | C54: 28240912 | D54: SBK1 | E54: A | F54: G | G54: 0.0205 | H54: 0.0041 | I54: 0.304 | J54: 0.00017783635 | K54: 162050 | L54: 2.356e-05 | N54: 47237 | O54: 0.007414 | Q54: 209287 | R54: 4.708e-07 | S54: European sex-combined | T54: 1.915e-09 | U54: 0.00018108768
A55: rs6804842 | B55: 3 | C55: 25081441 | D55: RARB | E55: G | F55: A | G55: 0.02 | H55: 0.0038 | I55: 0.579 | J55: 0.0001950072 | K55: 161599 | L55: 0.0004863 | N55: 47246 | O55: 9.916e-06 | Q55: 208845 | R55: 9.619e-08 | S55: European sex-combined | T55: 2.476e-09 | U55: 0.00016728495
A56: rs12940622 | B56: 17 | C56: 76230166 | D56: RPTOR | E56: G | F56: A | G56: 0.0154 | H56: 0.0037 | I56: 0.5695 | J56: 0.00011628892 | K56: 162234 | L56: 5.306e-05 | N56: 47225 | O56: 0.1421 | Q56: 209459 | R56: 3.222e-05 | S56: European sex-combined | T56: 2.494e-09 | U56: 0.0001619134
A57: rs7164727 | B57: 15 | C57: 70881044 | D57: LOC100287559 | E57: T | F57: C | G57: 0.0154 | H57: 0.0039 | I57: 0.6882 | J57: 0.00010177995 | K57: 161441 | L57: 0.0003308 | N57: 47244 | O57: 0.09642 | Q57: 208685 | R57: 8.78e-05 | S57: All Ancestries | T57: 3.915e-09 | U57: 0.00013948527
A58: rs11847697 | B58: 14 | C58: 29584863 | D58: PRKD1 | E58: T | F58: C | G58: 0.051 | H58: 0.0098 | I58: 0.0425 | J58: 0.00021168889 | K58: 150893 | L58: 5.048e-06 | N58: 47236 | O58: 0.01007 | Q58: 198129 | R58: 1.88e-07 | S58: European sex-combined | T58: 3.99e-09 | U58: 0.00019479374
A59: rs4740619 | B59: 9 | C59: 15624326 | D59: C9orf93 | E59: T | F59: C | G59: 0.0165 | H59: 0.0037 | I59: 0.5442 | J59: 0.00013506124 | K59: 162190 | L59: 0.000869 | N59: 47171 | O59: 0.001679 | Q59: 209361 | R59: 7.591e-06 | S59: European sex-combined | T59: 4.564e-09 | U59: 0.00015909602
A60: rs492400 | B60: 2 | C60: 219057996 | D60: USP37 | E60: C | F60: T | G60: 0.0155 | H60: 0.0037 | I60: 0.425 | J60: 0.00011742219 | K60: 161925 | L60: 0.0007361 | N60: 47027 | O60: 0.01109 | Q60: 208952 | R60: 2.826e-05 | S60: European Men | T60: 6.784e-09 | U60: 0.00012189044
... A62: rs3736485 | B62: 15 | C62: 49535902 | D62: DMXL2 | E62: A | F62: G | G62: 0.0159 | H62: 0.0037 | I62: 0.4552 | J62: 0.0001253902 | K62: 161521 | L62: 0.0005718 | N62: 47247 | O62: 0.007305 | Q62: 208768 | R62: 1.53e-05 | S62: European sex-combined | T62: 7.412e-09 | U62: 0.0001535691
A63: rs17001654 | B63: 4 | C63: 77348592 | D63: SCARB2 | E63: G | F63: C | G63: 0.0288 | H63: 0.0062 | I63: 0.1538 | J63: 0.00021589587 | K63: 161966 | L63: 3.891e-06 | N63: - | O63: - | Q63: 161966 | R63: 3.398e-06 | S63: European sex-combined | T63: 7.76e-09 | U63: 0.00024294752
A64: rs11191560 | B64: 10 | C64: 104859028 | D64: NT5C2 | E64: C | F64: T | G64: 0.0267 | H64: 0.0064 | I64: 0.0902 | J64: 0.00011700515 | K64: 162101 | L64: 0.001559 | N64: 47242 | O64: 0.005044 | Q64: 209343 | R64: 2.682e-05 | S64: European sex-combined | T64: 8.446e-09 | U64: 0.0001539855
A65: rs2080454 | B65: 16 | C65: 47620091 | D65: CBLN1 | E65: C | F65: A | G65: 0.0171 | H65: 0.0038 | I65: 0.4004 | J65: 0.00014040349 | K65: 162230 | L65: 5.65e-06 | N65: 47241 | O65: 0.1544 | Q65: 209471 | R65: 5.385e-06 | S65: All Ancestries | T65: 8.604e-09 | U65: 0.00013603629
A66: rs7715256 | B66: 5 | C66: 153518086 | D66: GALNT10 | E66: G | F66: T | G66: 0.0173 | H66: 0.0037 | I66: 0.4202 | J66: 0.00014583322 | K66: 162254 | L66: 1.154e-05 | N66: 47211 | O66: 0.05824 | Q66: 209465 | R66: 2.938e-06 | S66: All Ancestries | T66: 8.851e-09 | U66: 0.00012953705
A67: rs2176040 | B67: 2 | C67: 226801046 | D67: LOC646736 | E67: A | F67: G | G67: 0.0122 | H67: 0.0038 | I67: 0.37 | J67: 6.9389208e-05 | K67: 162087 | L67: 0.02256 | N67: 47250 | O67: 0.01509 | Q67: 209337 | R67: 0.001244 | S67: European Men | T67: 9.989e-09 | U67: 9.2201255e-05
A68: rs1528435 | B68: 2 | C68: 181259207 | D68: UBE2E3 | E68: T | F68: C | G68: 0.0198 | H68: 0.0038 | I68: 0.6316 | J68: 0.00018244086 | K68: 162043 | L68: 9.998e-05 | N68: 47248 | O68: 0.0002778 | Q68: 209291 | R68: 1.766e-07 | S68: European sex-combined | T68: 1.196e-08 | U68: 0.00014751219
A69: rs2075650 | B69: 19 | C69: 50087459 | D69: TOMM40 | E69: A | F69: G | G69: 0.0215 | H69: 0.0055 | I69: 0.85 | J69: 0.00011787375 | K69: 151856 | L69: 0.0008437 | N69: 47248 | O69: 0.0366 | Q69: 199104 | R69: 8.58e-05 | S69: European sex-combined | T69: 1.247e-08 | U69: 0.00017122583
A70: rs1000940 | B70: 17 | C70: 5223976 | D70: RABEP1 | E70: G | F70: A | G70: 0.0209 | H70: 0.004 | I70: 0.316 | J70: 0.00018882772 | K70: 161999 | L70: 1.628e-05 | N70: 47225 | O70: 0.003622 | Q70: 209224 | R70: 1.756e-07 | S70: European sex-combined | T70: 1.284e-08 | U70: 0.00016040558
A71: rs2033529 | B71: 6 | C71: 40456631 | D71: TDRG1 | E71: G | F71: A | G71: 0.0184 | H71: 0.004 | I71: 0.2881 | J71: 0.00013887622 | K71: 162104 | L71: 0.0002649 | N71: 47236 | O71: 0.006033 | Q71: 209340 | R71: 4.729e-06 | S71: European sex-combined | T71: 1.388e-08 | U71: 0.00014956302
A72: rs11583200 | B72: 1 | C72: 50332407 | D72: ELAVL4 | E72: C | F72: T | G72: 0.0199 | H72: 0.0038 | I72: 0.3924 | J72: 0.00018883518 | K72: 162217 | L72: 5.184e-05 | N72: 47250 | O72: 0.0004901 | Q72: 209467 | R72: 1.313e-07 | S72: European sex-combined | T72: 1.479e-08 | U72: 0.00014984182
A73: rs7239883 | B73: 18 | C73: 38401669 | D73: LOC284260 | E73: G | F73: A | G73: 0.0208 | H73: 0.0038 | I73: 0.3883 | J73: 0.000205524 | K73: 162081 | L73: 1.439e-05 | N73: 47224 | O73: 0.0004643 | Q73: 209305 | R73: 3.259e-08 | S73: European Women | T73: 1.511e-08 | U73: 0.00012836731
A74: rs2836754 | B74: 21 | C74: 39213610 | D74: ETS2 | E74: C | F74: T | G74: 0.0134 | H74: 0.0038 | I74: 0.6199 | J74: 8.4617287e-05 | K74: 160446 | L74: 0.001003 | N74: 47199 | O74: 0.1756 | Q74: 207645 | R74: 0.0004855 | S74: All Ancestries | T74: 1.605e-08 | U74: 0.00012778044
A75: rs9400239 | B75: 6 | C75: 109084356 | D75: FOXO3 | E75: C | F75: T | G75: 0.0195 | H75: 0.0039 | I75: 0.6925 | J75: 0.00016194372 | K75: 162132 | L75: 0.0005353 | N75: 47226 | O75: 0.0001737 | Q75: 209358 | R75: 6.994e-07 | S75: European sex-combined | T75: 1.613e-08 | U75: 0.0001517626
... A109: rs2481665 | B109: 1 | C109: 62367265 | D109: INADL | E109: T | F109: C | G109: 0.0146 | H109: 0.0037 | I109: 0.5577 | J109: 0.00010516066 | K109: 161995 | L109: 0.01492 | N109: 47189 | O109: 0.000403 | Q109: 209184 | R109: 7.882e-05 | S109: European sex-combined | T109: 1.903e-07 | U109: 0.00012433398
A110: rs10760279 | B110: 9 | C110: 125145112 | D110: CRB2 | E110: T | F110: G | G110: 0.0229 | H110: 0.0049 | I110: 0.4153 | J110: 0.00025468067 | K110: 151284 | L110: 3.608e-06 | N110: - | O110: - | Q110: 151284 | R110: 2.962e-06 | S110: European sex-combined | T110: 2.098e-07 | U110: 0.00023030958
A111: rs11611246 | B111: 12 | C111: 809741 | D111: WNK1 | E111: T | F111: G | G111: 0.0207 | H111: 0.0049 | I111: 0.1977 | J111: 0.00013592963 | K111: 156394 | L111: 0.00763 | N111: 44989 | O111: 0.0002882 | Q111: 201383 | R111: 2.162e-05 | S111: European sex-combined | T111: 2.134e-07 | U111: 0.00013819282
A112: rs1816537 | B112: 11 | C112: 112473861 | D112: NCAM1 | E112: C | F112: A | G112: 0.0205 | H112: 0.0045 | I112: 0.5646 | J112: 0.00020661746 | K112: 158843 | L112: 4.566e-06 | N112: - | O112: - | Q112: 158843 | R112: 5.225e-06 | S112: European sex-combined | T112: 2.169e-07 | U112: 0.00019106136
A113: rs972540 | B113: 2 | C113: 206953028 | D113: ADAM23 | E113: G | F113: A | G113: 0.0177 | H113: 0.0041 | I113: 0.2722 | J113: 0.00012412998 | K113: 162214 | L113: 0.000677 | N113: 47246 | O113: 0.008716 | Q113: 209460 | R113: 1.651e-05 | S113: European sex-combined | T113: 2.277e-07 | U113: 0.00012454762
A114: rs12150665 | B114: 17 | C114: 31988900 | D114: GGNBP2 | E114: T | F114: C | G114: 0.0149 | H114: 0.0037 | I114: 0.5844 | J114: 0.00010784209 | K114: 162157 | L114: 0.001655 | N114: 47231 | O114: 0.00977 | Q114: 209388 | R114: 5.815e-05 | S114: European sex-combined | T114: 2.437e-07 | U114: 0.0001254616
A115: rs9507983 | B115: 13 | C115: 27518036 | D115: FLT3 | E115: C | F115: T | G115: 0.0195 | H115: 0.0044 | I115: 0.3874 | J115: 0.0001804828 | K115: 162223 | L115: 7.533e-06 | N115: - | O115: - | Q115: 162223 | R115: 9.344e-06 | S115: European sex-combined | T115: 2.497e-07 | U115: 0.00018254518
A116: rs2270204 | B116: 9 | C116: 130082555 | D116: SWI5 | E116: G | F116: T | G116: 0.019 | H116: 0.0044 | I116: 0.2496 | J116: 0.00013523048 | K116: 161949 | L116: 5.351e-06 | N116: 47130 | O116: 0.2827 | Q116: 209079 | R116: 1.32e-05 | S116: European sex-combined | T116: 2.6e-07 | U116: 0.00013427466
A117: rs1391576 | B117: 11 | C117: 51251508 | D117: OR4A5 | E117: T | F117: C | G117: 0.0151 | H117: 0.0058 | I117: 0.1153 | J117: 4.6516735e-05 | K117: 161780 | L117: 0.05775 | N117: 47230 | O117: 0.06711 | Q117: 209010 | R117: 0.009603 | S117: European Men | T117: 2.638e-07 | U117: 8.3944373e-05
A118: rs6752828 | B118: 2 | C118: 80041480 | D118: CTNNA2 | E118: C | F118: T | G118: 0.0087 | H118: 0.0037 | I118: 0.4606 | J118: 3.7610004e-05 | K118: 162219 | L118: 0.007725 | N118: 47210 | O118: 0.7656 | Q118: 209429 | R118: 0.01791 | S118: European Men | T118: 2.641e-07 | U118: 3.9370182e-05
A119: rs7143963 | B119: 14 | C119: 102374178 | D119: TRAF3 | E119: T | F119: C | G119: 0.025 | H119: 0.0048 | I119: 0.1754 | J119: 0.00018079355 | K119: 162166 | L119: 0.001258 | N119: 47246 | O119: 6.048e-06 | Q119: 209412 | R119: 1.983e-07 | S119: European sex-combined | T119: 2.82e-07 | U119: 0.00012258388
A120: rs11672550 | B120: 19 | C120: 1888193 | D120: CSNK1G2 | E120: T | F120: C | G120: 0.0204 | H120: 0.0047 | I120: 0.5744 | J120: 0.00020347281 | K120: 160510 | L120: 1.468e-05 | N120: - | O120: - | Q120: 160510 | R120: 1.422e-05 | S120: European sex-combined | T120: 3.024e-07 | U120: 0.0002152842
A121: rs6504108 | B121: 17 | C121: 43647922 | D121: SKAP1 | E121: C | F121: T | G121: 0.0205 | H121: 0.004 | I121: 0.2847 | J121: 0.00017116439 | K121: 162247 | L121: 1.628e-05 | N121: 47241 | O121: 0.007944 | Q121: 209488 | R121: 3.691e-07 | S121: European sex-combined | T121: 3.582e-07 | U121: 0.00012307652
A122: rs9634489 | B122: 13 | C122: 95847005 | D122: HS6ST3 | E122: G | F122: A | G122: 0.0144 | H122: 0.0038 | I122: 0.4931 | J122: 0.00010366026 | K122: 160729 | L122: 0.0001258 | N122: 47242 | O122: 0.2511 | Q122: 207971 | R122: 0.000142 | S122: European sex-combined | T122: 3.587e-07 | U122: 0.00013447548
A123: rs6864049 | B123: 5 | C123: 124358421 | D123: ZNF608 | E123: G | F123: A | G123: 0.0189 | H123: 0.0037 | I123: 0.5322 | J123: 0.00017786426 | K123: 162092 | L123: 8.386e-06 | N123: 47223 | O123: 0.008342 | Q123: 209315 | R123: 2.813e-07 | S123: European sex-combined | T123: 3.62e-07 | U123: 0.00012426635
A124: rs427943 | B124: 21 | C124: 45395324 | D124: ADARB1 | E124: C | F124: A | G124: 0.0169 | H124: 0.0042 | I124: 0.5785 | J124: 0.000139285 | K124: 161955 | L124: 0.0006237 | N124: 16195 | O124: 0.01748 | Q124: 178150 | R124: 5.547e-05 | S124: European sex-combined | T124: 3.939e-07 | U124: 0.00015961159
A125: rs6870983 | B125: 5 | C125: 87733289 | D125: LOC100505894 | E125: C | F125: T | G125: 0.0206 | H125: 0.0044 | I125: 0.7809 | J125: 0.00014521191 | K125: 162243 | L125: 0.0004736 | N125: 47231 | O125: 0.001028 | Q125: 209474 | R125: 2.479e-06 | S125: European sex-combined | T125: 4.21e-07 | U125: 0.00011562349
A126: rs8123881 | B126: 20 | C126: 15767495 | D126: MACROD2 | E126: G | F126: A | G126: 0.0208 | H126: 0.0054 | I126: 0.1426 | J126: 0.00010579367 | K126: 161473 | L126: 0.004338 | N126: 47242 | O126: 0.008013 | Q126: 208715 | R126: 0.0001194 | S126: European sex-combined | T126: 4.267e-07 | U126: 0.00013212216
A127: rs1109114 | B127: 5 | C127: 148596139 | D127: ABLIM3 | E127: C | F127: T | G127: 0.0125 | H127: 0.0037 | I127: 0.5715 | J127: 7.6527422e-05 | K127: 162119 | L127: 0.008846 | N127: 47227 | O127: 0.02565 | Q127: 209346 | R127: 0.0007 | S127: European Men | T127: 4.396e-07 | U127: 7.5080316e-05
A128: rs2579103 | B128: 12 | C128: 89157638 | D128: LOC338758 | E128: C | F128: A | G128: 0.0208 | H128: 0.0049 | I128: 0.2581 | J128: 0.00016568761 | K128: 162250 | L128: 2.577e-05 | N128: - | O128: - | Q128: 162250 | R128: 2.187e-05 | S128: European sex-combined | T128: 4.474e-07 | U128: 0.00017307387
A129: rs2481044 | B129: 6 | C129: 160627237 | D129: SLC22A2 | E129: T | F129: C | G129: 0.016 | H129: 0.006 | I129: 0.2547 | J129: 9.719189e-05 | K129: 40332.7 | L129: 0.622 | N129: 47232 | O129: 0.002457 | Q129: 87564.7 | R129: 0.007532 | S129: European sex-combined | T129: 4.66e-07 | U129: 0.00021101269
A130: rs2371767 | B130: 3 | C130: 64693298 | D130: MIR548AN | E130: C | F130: G | G130: 0.0129 | H130: 0.0043 | I130: 0.2785 | J130: 6.6876102e-05 | K130: 150987 | L130: 0.01143 | N130: 44767 | O130: 0.08756 | Q130: 195754 | R130: 0.002373 | S130: European sex-combined | T130: 4.79e-07 | U130: 0.00012498075
A131: rs150992 | B131: 5 | C131: 98303097 | D131: LOC100289230 | E131: A | F131: G | G131: 0.0173 | H131: 0.004 | I131: 0.7201 | J131: 0.00012064738 | K131: 161653 | L131: 3.401e-05 | N131: 47234 | O131: 0.1588 | Q131: 208887 | R131: 1.943e-05 | S131: European sex-combined | T131: 4.794e-07 | U131: 0.00011977133
A132: rs4738873 | B132: 8 | C132: 62248730 | D132: CLVS1 | E132: A | F132: G | G132: 0.0203 | H132: 0.0048 | I132: 0.1846 | J132: 0.00012405791 | K132: 162196 | L132: 0.0003541 | N132: 47224 | O132: 0.02669 | Q132: 209420 | R132: 2.774e-05 | S132: European sex-combined | T132: 5.251e-07 | U132: 0.00012447221
A133: rs889398 | B133: 16 | C133: 68114216 | D133: MIR1538 | E133: C | F133: T | G133: 0.0151 | H133: 0.0037 | I133: 0.5719 | J133: 0.00011164755 | K133: 162118 | L133: 0.0001658 | N133: 47211 | O133: 0.07134 | Q133: 209329 | R133: 4.011e-05 | S133: European sex-combined | T133: 5.472e-07 | U133: 0.00011907916
A134: rs9880211 | B134: 3 | C134: 137590239 | D134: STAG1 | E134: A | F134: G | G134: 0.0204 | H134: 0.0042 | I134: 0.2454 | J134: 0.00015412805 | K134: 162238 | L134: 8.683e-05 | N134: 47243 | O134: 0.004172 | Q134: 209481 | R134: 1.08e-06 | S134: European sex-combined | T134: 5.974e-07 | U134: 0.00011740864
A135: rs285575 | B135: 12 | C135: 40207932 | D135: PDZRN4 | E135: A | F135: G | G135: 0.018 | H135: 0.0036 | I135: 0.4802 | J135: 0.00016174596 | K135: 162225 | L135: 0.0001315 | N135: 44392 | O135: 0.0009736 | Q135: 206617 | R135: 5.363e-07 | S135: European sex-combined | T135: 6.283e-07 | U135: 0.0001184159
A136: rs17630235 | B136: 12 | C136: 111076069 | D136: TRAFD1 | E136: G | F136: A | G136: 0.0138 | H136: 0.0038 | I136: 0.5864 | J136: 9.2376746e-05 | K136: 160942 | L136: 0.000144 | N136: 47244 | O136: 0.3326 | Q136: 208186 | R136: 0.0002278 | S136: European sex-combined | T136: 6.443e-07 | U136: 0.00011822933
A137: rs7713317 | B137: 5 | C137: 95742478 | D137: PCSK1 | E137: G | F137: A | G137: 0.0149 | H137: 0.004 | I137: 0.2902 | J137: 9.1460998e-05 | K137: 161851 | L137: 0.000677 | N137: 46665 | O137: 0.1401 | Q137: 208516 | R137: 0.0002373 | S137: European sex-combined | T137: 6.489e-07 | U137: 0.00012051259
A138: rs10518406 | B138: 4 | C138: 123982347 | D138: FGF2 | E138: G | F138: A | G138: 0.0218 | H138: 0.0109 | I138: 0.0372 | J138: 3.4042544e-05 | K138: 151927 | L138: 0.07932 | N138: 47254 | O138: 0.2991 | Q138: 199181 | R138: 0.04551 | S138: European Men | T138: 6.502e-07 | U138: 6.5764917e-05
A139: rs751008 | B139: 10 | C139: 129032407 | D139: DOCK1 | E139: A | F139: G | G139: 0.0189 | H139: 0.0049 | I139: 0.4579 | J139: 0.00017733875 | K139: 138652 | L139: 0.009293 | N139: 26649 | O139: 0.001684 | Q139: 165301 | R139: 0.0001 | S139: European sex-combined | T139: 6.621e-07 | U139: 0.00020046899
